Workbook

Sheet Debts
A1: Debt tracker: avalanche vs snowball
A2: Cents to Shares – free template. Yellow cells are yours to change; everything else is calculated.
A4: Monthly budget for debts (minimums + extra) | B4: =SUMIF(B7:B14,">0",D7:D14)+E4 | D4: Extra per month | E4: 150
A6: Debt | B6: Balance | C6: Interest % a year | D6: Minimum a month | E6: Avalanche: paid off in month | F6: Snowball: paid off in month
A7: Credit card | B7: 3000 | C7: 22 | D7: 90 | E7: =IF(N(B7)<=0,"",IF(COUNTIF('Avalanche'!AB4:AB183,">0.005")>=180,"over 15 years",COUNTIF('Avalanche'!AB4:AB183,">0.005")+1)) | F7: =IF(N(B7)<=0,"",IF(COUNTIF('Snowball'!AB4:AB183,">0.005")>=180,"over 15 years",COUNTIF('Snowball'!AB4:AB183,">0.005")+1))
A8: Car loan | B8: 8000 | C8: 7 | D8: 200 | E8: =IF(N(B8)<=0,"",IF(COUNTIF('Avalanche'!AC4:AC183,">0.005")>=180,"over 15 years",COUNTIF('Avalanche'!AC4:AC183,">0.005")+1)) | F8: =IF(N(B8)<=0,"",IF(COUNTIF('Snowball'!AC4:AC183,">0.005")>=180,"over 15 years",COUNTIF('Snowball'!AC4:AC183,">0.005")+1))
A9: Store card | B9: 600 | C9: 15 | D9: 30 | E9: =IF(N(B9)<=0,"",IF(COUNTIF('Avalanche'!AD4:AD183,">0.005")>=180,"over 15 years",COUNTIF('Avalanche'!AD4:AD183,">0.005")+1)) | F9: =IF(N(B9)<=0,"",IF(COUNTIF('Snowball'!AD4:AD183,">0.005")>=180,"over 15 years",COUNTIF('Snowball'!AD4:AD183,">0.005")+1))
E10: =IF(N(B10)<=0,"",IF(COUNTIF('Avalanche'!AE4:AE183,">0.005")>=180,"over 15 years",COUNTIF('Avalanche'!AE4:AE183,">0.005")+1)) | F10: =IF(N(B10)<=0,"",IF(COUNTIF('Snowball'!AE4:AE183,">0.005")>=180,"over 15 years",COUNTIF('Snowball'!AE4:AE183,">0.005")+1))
E11: =IF(N(B11)<=0,"",IF(COUNTIF('Avalanche'!AF4:AF183,">0.005")>=180,"over 15 years",COUNTIF('Avalanche'!AF4:AF183,">0.005")+1)) | F11: =IF(N(B11)<=0,"",IF(COUNTIF('Snowball'!AF4:AF183,">0.005")>=180,"over 15 years",COUNTIF('Snowball'!AF4:AF183,">0.005")+1))
E12: =IF(N(B12)<=0,"",IF(COUNTIF('Avalanche'!AG4:AG183,">0.005")>=180,"over 15 years",COUNTIF('Avalanche'!AG4:AG183,">0.005")+1)) | F12: =IF(N(B12)<=0,"",IF(COUNTIF('Snowball'!AG4:AG183,">0.005")>=180,"over 15 years",COUNTIF('Snowball'!AG4:AG183,">0.005")+1))
E13: =IF(N(B13)<=0,"",IF(COUNTIF('Avalanche'!AH4:AH183,">0.005")>=180,"over 15 years",COUNTIF('Avalanche'!AH4:AH183,">0.005")+1)) | F13: =IF(N(B13)<=0,"",IF(COUNTIF('Snowball'!AH4:AH183,">0.005")>=180,"over 15 years",COUNTIF('Snowball'!AH4:AH183,">0.005")+1))
E14: =IF(N(B14)<=0,"",IF(COUNTIF('Avalanche'!AI4:AI183,">0.005")>=180,"over 15 years",COUNTIF('Avalanche'!AI4:AI183,">0.005")+1)) | F14: =IF(N(B14)<=0,"",IF(COUNTIF('Snowball'!AI4:AI183,">0.005")>=180,"over 15 years",COUNTIF('Snowball'!AI4:AI183,">0.005")+1))
A17: Result | B17: Avalanche | C17: Snowball
A18: Debt-free after (months) | B18: =IF(COUNTIF('Avalanche'!C4:C183,">0.005")>=180,"over 15 years",COUNTIF('Avalanche'!C4:C183,">0.005")+1) | C18: =IF(COUNTIF('Snowball'!C4:C183,">0.005")>=180,"over 15 years",COUNTIF('Snowball'!C4:C183,">0.005")+1)
A19: Total interest paid | B19: =ROUND((SUM('Avalanche'!D4:D183)+SUM('Avalanche'!E4:E183)+SUM('Avalanche'!F4:F183)+SUM('Avalanche'!G4:G183)+SUM('Avalanche'!H4:H183)+SUM('Avalanche'!I4:I183)+SUM('Avalanche'!J4:J183)+SUM('Avalanche'!K4:K183))-SUM(B7:B14)-(SUM('Avalanche'!AB4:AB182)+SUM('Avalanche'!AC4:AC182)+SUM('Avalanche'!AD4:AD182)+SUM('Avalanche'!AE4:AE182)+SUM('Avalanche'!AF4:AF182)+SUM('Avalanche'!AG4:AG182)+SUM('Avalanche'!AH4:AH182)+SUM('Avalanche'!AI4:AI182)),2) | C19: =ROUND((SUM('Snowball'!D4:D183)+SUM('Snowball'!E4:E183)+SUM('Snowball'!F4:F183)+SUM('Snowball'!G4:G183)+SUM('Snowball'!H4:H183)+SUM('Snowball'!I4:I183)+SUM('Snowball'!J4:J183)+SUM('Snowball'!K4:K183))-SUM(B7:B14)-(SUM('Snowball'!AB4:AB182)+SUM('Snowball'!AC4:AC182)+SUM('Snowball'!AD4:AD182)+SUM('Snowball'!AE4:AE182)+SUM('Snowball'!AF4:AF182)+SUM('Snowball'!AG4:AG182)+SUM('Snowball'!AH4:AH182)+SUM('Snowball'!AI4:AI182)),2)
A21: Avalanche pays the highest interest rate first (cheapest overall). Snowball pays the smallest balance first (quick wins). Freed-up minimums roll over to the next debt.
A22: Matching calculator: centstoshares.com/debt-payoff-calculator

Sheet Avalanche
A1: Avalanche: month-by-month (calculated, don't edit) | L1: 1 | M1: 2 | N1: 3 | O1: 4 | P1: 5 | Q1: 6 | R1: 7 | S1: 8
L2: =N(Debts!$C$7) | M2: =N(Debts!$C$8) | N2: =N(Debts!$C$9) | O2: =N(Debts!$C$10) | P2: =N(Debts!$C$11) | Q2: =N(Debts!$C$12) | R2: =N(Debts!$C$13) | S2: =N(Debts!$C$14)
A3: Month | B3: Money this month | C3: Total left | D3: D1 after interest | E3: D2 after interest | F3: D3 after interest | G3: D4 after interest | H3: D5 after interest | I3: D6 after interest | J3: D7 after interest | K3: D8 after interest | L3: D1 after minimum | M3: D2 after minimum | N3: D3 after minimum | O3: D4 after minimum | P3: D5 after minimum | Q3: D6 after minimum | R3: D7 after minimum | S3: D8 after minimum | T3: D1 order | U3: D2 order | V3: D3 order | W3: D4 order | X3: D5 order | Y3: D6 order | Z3: D7 order | AA3: D8 order | AB3: D1 end balance | AC3: D2 end balance | AD3: D3 end balance | AE3: D4 end balance | AF3: D5 end balance | AG3: D6 end balance | AH3: D7 end balance | AI3: D8 end balance
A4: 1 | B4: =Debts!$B$4-(SUM($D4:$K4)-SUM($L4:$S4)) | C4: =SUM($AB4:$AI4) | D4: =IF(N(Debts!$B$7)>0,N(Debts!$B$7)*(1+N(Debts!$C$7)/1200),0) | E4: =IF(N(Debts!$B$8)>0,N(Debts!$B$8)*(1+N(Debts!$C$8)/1200),0) | F4: =IF(N(Debts!$B$9)>0,N(Debts!$B$9)*(1+N(Debts!$C$9)/1200),0) | G4: =IF(N(Debts!$B$10)>0,N(Debts!$B$10)*(1+N(Debts!$C$10)/1200),0) | H4: =IF(N(Debts!$B$11)>0,N(Debts!$B$11)*(1+N(Debts!$C$11)/1200),0) | I4: =IF(N(Debts!$B$12)>0,N(Debts!$B$12)*(1+N(Debts!$C$12)/1200),0) | J4: =IF(N(Debts!$B$13)>0,N(Debts!$B$13)*(1+N(Debts!$C$13)/1200),0) | K4: =IF(N(Debts!$B$14)>0,N(Debts!$B$14)*(1+N(Debts!$C$14)/1200),0) | L4: =D4-MIN(N(Debts!$D$7),D4) | M4: =E4-MIN(N(Debts!$D$8),E4) | N4: =F4-MIN(N(Debts!$D$9),F4) | O4: =G4-MIN(N(Debts!$D$10),G4) | P4: =H4-MIN(N(Debts!$D$11),H4) | Q4: =I4-MIN(N(Debts!$D$12),I4) | R4: =J4-MIN(N(Debts!$D$13),J4) | S4: =K4-MIN(N(Debts!$D$14),K4) | T4: =IF(L4<=0.005,99,1+SUMPRODUCT(($L4:$S4>0.005)*(($L2:$S2>L$2)+($L2:$S2=L$2)*($L4:$S4<L4)+($L2:$S2=L$2)*($L4:$S4=L4)*($L1:$S1<L$1)))) | U4: =IF(M4<=0.005,99,1+SUMPRODUCT(($L4:$S4>0.005)*(($L2:$S2>M$2)+($L2:$S2=M$2)*($L4:$S4<M4)+($L2:$S2=M$2)*($L4:$S4=M4)*($L1:$S1<M$1)))) | V4: =IF(N4<=0.005,99,1+SUMPRODUCT(($L4:$S4>0.005)*(($L2:$S2>N$2)+($L2:$S2=N$2)*($L4:$S4<N4)+($L2:$S2=N$2)*($L4:$S4=N4)*($L1:$S1<N$1)))) | W4: =IF(O4<=0.005,99,1+SUMPRODUCT(($L4:$S4>0.005)*(($L2:$S2>O$2)+($L2:$S2=O$2)*($L4:$S4<O4)+($L2:$S2=O$2)*($L4:$S4=O4)*($L1:$S1<O$1)))) | X4: =IF(P4<=0.005,99,1+SUMPRODUCT(($L4:$S4>0.005)*(($L2:$S2>P$2)+($L2:$S2=P$2)*($L4:$S4<P4)+($L2:$S2=P$2)*($L4:$S4=P4)*($L1:$S1<P$1)))) | Y4: =IF(Q4<=0.005,99,1+SUMPRODUCT(($L4:$S4>0.005)*(($L2:$S2>Q$2)+($L2:$S2=Q$2)*($L4:$S4<Q4)+($L2:$S2=Q$2)*($L4:$S4=Q4)*($L1:$S1<Q$1)))) | Z4: =IF(R4<=0.005,99,1+SUMPRODUCT(($L4:$S4>0.005)*(($L2:$S2>R$2)+($L2:$S2=R$2)*($L4:$S4<R4)+($L2:$S2=R$2)*($L4:$S4=R4)*($L1:$S1<R$1)))) | AA4: =IF(S4<=0.005,99,1+SUMPRODUCT(($L4:$S4>0.005)*(($L2:$S2>S$2)+($L2:$S2=S$2)*($L4:$S4<S4)+($L2:$S2=S$2)*($L4:$S4=S4)*($L1:$S1<S$1)))) | AB4: =IF(L4-MIN(L4,MAX(0,$B4-SUMPRODUCT(($T4:$AA4<T4)*$L4:$S4)))<=0.005,0,L4-MIN(L4,MAX(0,$B4-SUMPRODUCT(($T4:$AA4<T4)*$L4:$S4)))) | AC4: =IF(M4-MIN(M4,MAX(0,$B4-SUMPRODUCT(($T4:$AA4<U4)*$L4:$S4)))<=0.005,0,M4-MIN(M4,MAX(0,$B4-SUMPRODUCT(($T4:$AA4<U4)*$L4:$S4)))) | AD4: =IF(N4-MIN(N4,MAX(0,$B4-SUMPRODUCT(($T4:$AA4<V4)*$L4:$S4)))<=0.005,0,N4-MIN(N4,MAX(0,$B4-SUMPRODUCT(($T4:$AA4<V4)*$L4:$S4)))) | AE4: =IF(O4-MIN(O4,MAX(0,$B4-SUMPRODUCT(($T4:$AA4<W4)*$L4:$S4)))<=0.005,0,O4-MIN(O4,MAX(0,$B4-SUMPRODUCT(($T4:$AA4<W4)*$L4:$S4)))) | AF4: =IF(P4-MIN(P4,MAX(0,$B4-SUMPRODUCT(($T4:$AA4<X4)*$L4:$S4)))<=0.005,0,P4-MIN(P4,MAX(0,$B4-SUMPRODUCT(($T4:$AA4<X4)*$L4:$S4)))) | AG4: =IF(Q4-MIN(Q4,MAX(0,$B4-SUMPRODUCT(($T4:$AA4<Y4)*$L4:$S4)))<=0.005,0,Q4-MIN(Q4,MAX(0,$B4-SUMPRODUCT(($T4:$AA4<Y4)*$L4:$S4)))) | AH4: =IF(R4-MIN(R4,MAX(0,$B4-SUMPRODUCT(($T4:$AA4<Z4)*$L4:$S4)))<=0.005,0,R4-MIN(R4,MAX(0,$B4-SUMPRODUCT(($T4:$AA4<Z4)*$L4:$S4)))) | AI4: =IF(S4-MIN(S4,MAX(0,$B4-SUMPRODUCT(($T4:$AA4<AA4)*$L4:$S4)))<=0.005,0,S4-MIN(S4,MAX(0,$B4-SUMPRODUCT(($T4:$AA4<AA4)*$L4:$S4))))
A5: 2 | B5: =Debts!$B$4-(SUM($D5:$K5)-SUM($L5:$S5)) | C5: =SUM($AB5:$AI5) | D5: =IF(N(AB4)>0,N(AB4)*(1+N(Debts!$C$7)/1200),0) | E5: =IF(N(AC4)>0,N(AC4)*(1+N(Debts!$C$8)/1200),0) | F5: =IF(N(AD4)>0,N(AD4)*(1+N(Debts!$C$9)/1200),0) | G5: =IF(N(AE4)>0,N(AE4)*(1+N(Debts!$C$10)/1200),0) | H5: =IF(N(AF4)>0,N(AF4)*(1+N(Debts!$C$11)/1200),0) | I5: =IF(N(AG4)>0,N(AG4)*(1+N(Debts!$C$12)/1200),0) | J5: =IF(N(AH4)>0,N(AH4)*(1+N(Debts!$C$13)/1200),0) | K5: =IF(N(AI4)>0,N(AI4)*(1+N(Debts!$C$14)/1200),0) | L5: =D5-MIN(N(Debts!$D$7),D5) | M5: =E5-MIN(N(Debts!$D$8),E5) | N5: =F5-MIN(N(Debts!$D$9),F5) | O5: =G5-MIN(N(Debts!$D$10),G5) | P5: =H5-MIN(N(Debts!$D$11),H5) | Q5: =I5-MIN(N(Debts!$D$12),I5) | R5: =J5-MIN(N(Debts!$D$13),J5) | S5: =K5-MIN(N(Debts!$D$14),K5) | T5: =IF(L5<=0.005,99,1+SUMPRODUCT(($L5:$S5>0.005)*(($L2:$S2>L$2)+($L2:$S2=L$2)*($L5:$S5<L5)+($L2:$S2=L$2)*($L5:$S5=L5)*($L1:$S1<L$1)))) | U5: =IF(M5<=0.005,99,1+SUMPRODUCT(($L5:$S5>0.005)*(($L2:$S2>M$2)+($L2:$S2=M$2)*($L5:$S5<M5)+($L2:$S2=M$2)*($L5:$S5=M5)*($L1:$S1<M$1)))) | V5: =IF(N5<=0.005,99,1+SUMPRODUCT(($L5:$S5>0.005)*(($L2:$S2>N$2)+($L2:$S2=N$2)*($L5:$S5<N5)+($L2:$S2=N$2)*($L5:$S5=N5)*($L1:$S1<N$1)))) | W5: =IF(O5<=0.005,99,1+SUMPRODUCT(($L5:$S5>0.005)*(($L2:$S2>O$2)+($L2:$S2=O$2)*($L5:$S5<O5)+($L2:$S2=O$2)*($L5:$S5=O5)*($L1:$S1<O$1)))) | X5: =IF(P5<=0.005,99,1+SUMPRODUCT(($L5:$S5>0.005)*(($L2:$S2>P$2)+($L2:$S2=P$2)*($L5:$S5<P5)+($L2:$S2=P$2)*($L5:$S5=P5)*($L1:$S1<P$1)))) | Y5: =IF(Q5<=0.005,99,1+SUMPRODUCT(($L5:$S5>0.005)*(($L2:$S2>Q$2)+($L2:$S2=Q$2)*($L5:$S5<Q5)+($L2:$S2=Q$2)*($L5:$S5=Q5)*($L1:$S1<Q$1)))) | Z5: =IF(R5<=0.005,99,1+SUMPRODUCT(($L5:$S5>0.005)*(($L2:$S2>R$2)+($L2:$S2=R$2)*($L5:$S5<R5)+($L2:$S2=R$2)*($L5:$S5=R5)*($L1:$S1<R$1)))) | AA5: =IF(S5<=0.005,99,1+SUMPRODUCT(($L5:$S5>0.005)*(($L2:$S2>S$2)+($L2:$S2=S$2)*($L5:$S5<S5)+($L2:$S2=S$2)*($L5:$S5=S5)*($L1:$S1<S$1)))) | AB5: =IF(L5-MIN(L5,MAX(0,$B5-SUMPRODUCT(($T5:$AA5<T5)*$L5:$S5)))<=0.005,0,L5-MIN(L5,MAX(0,$B5-SUMPRODUCT(($T5:$AA5<T5)*$L5:$S5)))) | AC5: =IF(M5-MIN(M5,MAX(0,$B5-SUMPRODUCT(($T5:$AA5<U5)*$L5:$S5)))<=0.005,0,M5-MIN(M5,MAX(0,$B5-SUMPRODUCT(($T5:$AA5<U5)*$L5:$S5)))) | AD5: =IF(N5-MIN(N5,MAX(0,$B5-SUMPRODUCT(($T5:$AA5<V5)*$L5:$S5)))<=0.005,0,N5-MIN(N5,MAX(0,$B5-SUMPRODUCT(($T5:$AA5<V5)*$L5:$S5)))) | AE5: =IF(O5-MIN(O5,MAX(0,$B5-SUMPRODUCT(($T5:$AA5<W5)*$L5:$S5)))<=0.005,0,O5-MIN(O5,MAX(0,$B5-SUMPRODUCT(($T5:$AA5<W5)*$L5:$S5)))) | AF5: =IF(P5-MIN(P5,MAX(0,$B5-SUMPRODUCT(($T5:$AA5<X5)*$L5:$S5)))<=0.005,0,P5-MIN(P5,MAX(0,$B5-SUMPRODUCT(($T5:$AA5<X5)*$L5:$S5)))) | AG5: =IF(Q5-MIN(Q5,MAX(0,$B5-SUMPRODUCT(($T5:$AA5<Y5)*$L5:$S5)))<=0.005,0,Q5-MIN(Q5,MAX(0,$B5-SUMPRODUCT(($T5:$AA5<Y5)*$L5:$S5)))) | AH5: =IF(R5-MIN(R5,MAX(0,$B5-SUMPRODUCT(($T5:$AA5<Z5)*$L5:$S5)))<=0.005,0,R5-MIN(R5,MAX(0,$B5-SUMPRODUCT(($T5:$AA5<Z5)*$L5:$S5)))) | AI5: =IF(S5-MIN(S5,MAX(0,$B5-SUMPRODUCT(($T5:$AA5<AA5)*$L5:$S5)))<=0.005,0,S5-MIN(S5,MAX(0,$B5-SUMPRODUCT(($T5:$AA5<AA5)*$L5:$S5))))
A6: 3 | B6: =Debts!$B$4-(SUM($D6:$K6)-SUM($L6:$S6)) | C6: =SUM($AB6:$AI6) | D6: =IF(N(AB5)>0,N(AB5)*(1+N(Debts!$C$7)/1200),0) | E6: =IF(N(AC5)>0,N(AC5)*(1+N(Debts!$C$8)/1200),0) | F6: =IF(N(AD5)>0,N(AD5)*(1+N(Debts!$C$9)/1200),0) | G6: =IF(N(AE5)>0,N(AE5)*(1+N(Debts!$C$10)/1200),0) | H6: =IF(N(AF5)>0,N(AF5)*(1+N(Debts!$C$11)/1200),0) | I6: =IF(N(AG5)>0,N(AG5)*(1+N(Debts!$C$12)/1200),0) | J6: =IF(N(AH5)>0,N(AH5)*(1+N(Debts!$C$13)/1200),0) | K6: =IF(N(AI5)>0,N(AI5)*(1+N(Debts!$C$14)/1200),0) | L6: =D6-MIN(N(Debts!$D$7),D6) | M6: =E6-MIN(N(Debts!$D$8),E6) | N6: =F6-MIN(N(Debts!$D$9),F6) | O6: =G6-MIN(N(Debts!$D$10),G6) | P6: =H6-MIN(N(Debts!$D$11),H6) | Q6: =I6-MIN(N(Debts!$D$12),I6) | R6: =J6-MIN(N(Debts!$D$13),J6) | S6: =K6-MIN(N(Debts!$D$14),K6) | T6: =IF(L6<=0.005,99,1+SUMPRODUCT(($L6:$S6>0.005)*(($L2:$S2>L$2)+($L2:$S2=L$2)*($L6:$S6<L6)+($L2:$S2=L$2)*($L6:$S6=L6)*($L1:$S1<L$1)))) | U6: =IF(M6<=0.005,99,1+SUMPRODUCT(($L6:$S6>0.005)*(($L2:$S2>M$2)+($L2:$S2=M$2)*($L6:$S6<M6)+($L2:$S2=M$2)*($L6:$S6=M6)*($L1:$S1<M$1)))) | V6: =IF(N6<=0.005,99,1+SUMPRODUCT(($L6:$S6>0.005)*(($L2:$S2>N$2)+($L2:$S2=N$2)*($L6:$S6<N6)+($L2:$S2=N$2)*($L6:$S6=N6)*($L1:$S1<N$1)))) | W6: =IF(O6<=0.005,99,1+SUMPRODUCT(($L6:$S6>0.005)*(($L2:$S2>O$2)+($L2:$S2=O$2)*($L6:$S6<O6)+($L2:$S2=O$2)*($L6:$S6=O6)*($L1:$S1<O$1)))) | X6: =IF(P6<=0.005,99,1+SUMPRODUCT(($L6:$S6>0.005)*(($L2:$S2>P$2)+($L2:$S2=P$2)*($L6:$S6<P6)+($L2:$S2=P$2)*($L6:$S6=P6)*($L1:$S1<P$1)))) | Y6: =IF(Q6<=0.005,99,1+SUMPRODUCT(($L6:$S6>0.005)*(($L2:$S2>Q$2)+($L2:$S2=Q$2)*($L6:$S6<Q6)+($L2:$S2=Q$2)*($L6:$S6=Q6)*($L1:$S1<Q$1)))) | Z6: =IF(R6<=0.005,99,1+SUMPRODUCT(($L6:$S6>0.005)*(($L2:$S2>R$2)+($L2:$S2=R$2)*($L6:$S6<R6)+($L2:$S2=R$2)*($L6:$S6=R6)*($L1:$S1<R$1)))) | AA6: =IF(S6<=0.005,99,1+SUMPRODUCT(($L6:$S6>0.005)*(($L2:$S2>S$2)+($L2:$S2=S$2)*($L6:$S6<S6)+($L2:$S2=S$2)*($L6:$S6=S6)*($L1:$S1<S$1)))) | AB6: =IF(L6-MIN(L6,MAX(0,$B6-SUMPRODUCT(($T6:$AA6<T6)*$L6:$S6)))<=0.005,0,L6-MIN(L6,MAX(0,$B6-SUMPRODUCT(($T6:$AA6<T6)*$L6:$S6)))) | AC6: =IF(M6-MIN(M6,MAX(0,$B6-SUMPRODUCT(($T6:$AA6<U6)*$L6:$S6)))<=0.005,0,M6-MIN(M6,MAX(0,$B6-SUMPRODUCT(($T6:$AA6<U6)*$L6:$S6)))) | AD6: =IF(N6-MIN(N6,MAX(0,$B6-SUMPRODUCT(($T6:$AA6<V6)*$L6:$S6)))<=0.005,0,N6-MIN(N6,MAX(0,$B6-SUMPRODUCT(($T6:$AA6<V6)*$L6:$S6)))) | AE6: =IF(O6-MIN(O6,MAX(0,$B6-SUMPRODUCT(($T6:$AA6<W6)*$L6:$S6)))<=0.005,0,O6-MIN(O6,MAX(0,$B6-SUMPRODUCT(($T6:$AA6<W6)*$L6:$S6)))) | AF6: =IF(P6-MIN(P6,MAX(0,$B6-SUMPRODUCT(($T6:$AA6<X6)*$L6:$S6)))<=0.005,0,P6-MIN(P6,MAX(0,$B6-SUMPRODUCT(($T6:$AA6<X6)*$L6:$S6)))) | AG6: =IF(Q6-MIN(Q6,MAX(0,$B6-SUMPRODUCT(($T6:$AA6<Y6)*$L6:$S6)))<=0.005,0,Q6-MIN(Q6,MAX(0,$B6-SUMPRODUCT(($T6:$AA6<Y6)*$L6:$S6)))) | AH6: =IF(R6-MIN(R6,MAX(0,$B6-SUMPRODUCT(($T6:$AA6<Z6)*$L6:$S6)))<=0.005,0,R6-MIN(R6,MAX(0,$B6-SUMPRODUCT(($T6:$AA6<Z6)*$L6:$S6)))) | AI6: =IF(S6-MIN(S6,MAX(0,$B6-SUMPRODUCT(($T6:$AA6<AA6)*$L6:$S6)))<=0.005,0,S6-MIN(S6,MAX(0,$B6-SUMPRODUCT(($T6:$AA6<AA6)*$L6:$S6))))
A7: 4 | B7: =Debts!$B$4-(SUM($D7:$K7)-SUM($L7:$S7)) | C7: =SUM($AB7:$AI7) | D7: =IF(N(AB6)>0,N(AB6)*(1+N(Debts!$C$7)/1200),0) | E7: =IF(N(AC6)>0,N(AC6)*(1+N(Debts!$C$8)/1200),0) | F7: =IF(N(AD6)>0,N(AD6)*(1+N(Debts!$C$9)/1200),0) | G7: =IF(N(AE6)>0,N(AE6)*(1+N(Debts!$C$10)/1200),0) | H7: =IF(N(AF6)>0,N(AF6)*(1+N(Debts!$C$11)/1200),0) | I7: =IF(N(AG6)>0,N(AG6)*(1+N(Debts!$C$12)/1200),0) | J7: =IF(N(AH6)>0,N(AH6)*(1+N(Debts!$C$13)/1200),0) | K7: =IF(N(AI6)>0,N(AI6)*(1+N(Debts!$C$14)/1200),0) | L7: =D7-MIN(N(Debts!$D$7),D7) | M7: =E7-MIN(N(Debts!$D$8),E7) | N7: =F7-MIN(N(Debts!$D$9),F7) | O7: =G7-MIN(N(Debts!$D$10),G7) | P7: =H7-MIN(N(Debts!$D$11),H7) | Q7: =I7-MIN(N(Debts!$D$12),I7) | R7: =J7-MIN(N(Debts!$D$13),J7) | S7: =K7-MIN(N(Debts!$D$14),K7) | T7: =IF(L7<=0.005,99,1+SUMPRODUCT(($L7:$S7>0.005)*(($L2:$S2>L$2)+($L2:$S2=L$2)*($L7:$S7<L7)+($L2:$S2=L$2)*($L7:$S7=L7)*($L1:$S1<L$1)))) | U7: =IF(M7<=0.005,99,1+SUMPRODUCT(($L7:$S7>0.005)*(($L2:$S2>M$2)+($L2:$S2=M$2)*($L7:$S7<M7)+($L2:$S2=M$2)*($L7:$S7=M7)*($L1:$S1<M$1)))) | V7: =IF(N7<=0.005,99,1+SUMPRODUCT(($L7:$S7>0.005)*(($L2:$S2>N$2)+($L2:$S2=N$2)*($L7:$S7<N7)+($L2:$S2=N$2)*($L7:$S7=N7)*($L1:$S1<N$1)))) | W7: =IF(O7<=0.005,99,1+SUMPRODUCT(($L7:$S7>0.005)*(($L2:$S2>O$2)+($L2:$S2=O$2)*($L7:$S7<O7)+($L2:$S2=O$2)*($L7:$S7=O7)*($L1:$S1<O$1)))) | X7: =IF(P7<=0.005,99,1+SUMPRODUCT(($L7:$S7>0.005)*(($L2:$S2>P$2)+($L2:$S2=P$2)*($L7:$S7<P7)+($L2:$S2=P$2)*($L7:$S7=P7)*($L1:$S1<P$1)))) | Y7: =IF(Q7<=0.005,99,1+SUMPRODUCT(($L7:$S7>0.005)*(($L2:$S2>Q$2)+($L2:$S2=Q$2)*($L7:$S7<Q7)+($L2:$S2=Q$2)*($L7:$S7=Q7)*($L1:$S1<Q$1)))) | Z7: =IF(R7<=0.005,99,1+SUMPRODUCT(($L7:$S7>0.005)*(($L2:$S2>R$2)+($L2:$S2=R$2)*($L7:$S7<R7)+($L2:$S2=R$2)*($L7:$S7=R7)*($L1:$S1<R$1)))) | AA7: =IF(S7<=0.005,99,1+SUMPRODUCT(($L7:$S7>0.005)*(($L2:$S2>S$2)+($L2:$S2=S$2)*($L7:$S7<S7)+($L2:$S2=S$2)*($L7:$S7=S7)*($L1:$S1<S$1)))) | AB7: =IF(L7-MIN(L7,MAX(0,$B7-SUMPRODUCT(($T7:$AA7<T7)*$L7:$S7)))<=0.005,0,L7-MIN(L7,MAX(0,$B7-SUMPRODUCT(($T7:$AA7<T7)*$L7:$S7)))) | AC7: =IF(M7-MIN(M7,MAX(0,$B7-SUMPRODUCT(($T7:$AA7<U7)*$L7:$S7)))<=0.005,0,M7-MIN(M7,MAX(0,$B7-SUMPRODUCT(($T7:$AA7<U7)*$L7:$S7)))) | AD7: =IF(N7-MIN(N7,MAX(0,$B7-SUMPRODUCT(($T7:$AA7<V7)*$L7:$S7)))<=0.005,0,N7-MIN(N7,MAX(0,$B7-SUMPRODUCT(($T7:$AA7<V7)*$L7:$S7)))) | AE7: =IF(O7-MIN(O7,MAX(0,$B7-SUMPRODUCT(($T7:$AA7<W7)*$L7:$S7)))<=0.005,0,O7-MIN(O7,MAX(0,$B7-SUMPRODUCT(($T7:$AA7<W7)*$L7:$S7)))) | AF7: =IF(P7-MIN(P7,MAX(0,$B7-SUMPRODUCT(($T7:$AA7<X7)*$L7:$S7)))<=0.005,0,P7-MIN(P7,MAX(0,$B7-SUMPRODUCT(($T7:$AA7<X7)*$L7:$S7)))) | AG7: =IF(Q7-MIN(Q7,MAX(0,$B7-SUMPRODUCT(($T7:$AA7<Y7)*$L7:$S7)))<=0.005,0,Q7-MIN(Q7,MAX(0,$B7-SUMPRODUCT(($T7:$AA7<Y7)*$L7:$S7)))) | AH7: =IF(R7-MIN(R7,MAX(0,$B7-SUMPRODUCT(($T7:$AA7<Z7)*$L7:$S7)))<=0.005,0,R7-MIN(R7,MAX(0,$B7-SUMPRODUCT(($T7:$AA7<Z7)*$L7:$S7)))) | AI7: =IF(S7-MIN(S7,MAX(0,$B7-SUMPRODUCT(($T7:$AA7<AA7)*$L7:$S7)))<=0.005,0,S7-MIN(S7,MAX(0,$B7-SUMPRODUCT(($T7:$AA7<AA7)*$L7:$S7))))
A8: 5 | B8: =Debts!$B$4-(SUM($D8:$K8)-SUM($L8:$S8)) | C8: =SUM($AB8:$AI8) | D8: =IF(N(AB7)>0,N(AB7)*(1+N(Debts!$C$7)/1200),0) | E8: =IF(N(AC7)>0,N(AC7)*(1+N(Debts!$C$8)/1200),0) | F8: =IF(N(AD7)>0,N(AD7)*(1+N(Debts!$C$9)/1200),0) | G8: =IF(N(AE7)>0,N(AE7)*(1+N(Debts!$C$10)/1200),0) | H8: =IF(N(AF7)>0,N(AF7)*(1+N(Debts!$C$11)/1200),0) | I8: =IF(N(AG7)>0,N(AG7)*(1+N(Debts!$C$12)/1200),0) | J8: =IF(N(AH7)>0,N(AH7)*(1+N(Debts!$C$13)/1200),0) | K8: =IF(N(AI7)>0,N(AI7)*(1+N(Debts!$C$14)/1200),0) | L8: =D8-MIN(N(Debts!$D$7),D8) | M8: =E8-MIN(N(Debts!$D$8),E8) | N8: =F8-MIN(N(Debts!$D$9),F8) | O8: =G8-MIN(N(Debts!$D$10),G8) | P8: =H8-MIN(N(Debts!$D$11),H8) | Q8: =I8-MIN(N(Debts!$D$12),I8) | R8: =J8-MIN(N(Debts!$D$13),J8) | S8: =K8-MIN(N(Debts!$D$14),K8) | T8: =IF(L8<=0.005,99,1+SUMPRODUCT(($L8:$S8>0.005)*(($L2:$S2>L$2)+($L2:$S2=L$2)*($L8:$S8<L8)+($L2:$S2=L$2)*($L8:$S8=L8)*($L1:$S1<L$1)))) | U8: =IF(M8<=0.005,99,1+SUMPRODUCT(($L8:$S8>0.005)*(($L2:$S2>M$2)+($L2:$S2=M$2)*($L8:$S8<M8)+($L2:$S2=M$2)*($L8:$S8=M8)*($L1:$S1<M$1)))) | V8: =IF(N8<=0.005,99,1+SUMPRODUCT(($L8:$S8>0.005)*(($L2:$S2>N$2)+($L2:$S2=N$2)*($L8:$S8<N8)+($L2:$S2=N$2)*($L8:$S8=N8)*($L1:$S1<N$1)))) | W8: =IF(O8<=0.005,99,1+SUMPRODUCT(($L8:$S8>0.005)*(($L2:$S2>O$2)+($L2:$S2=O$2)*($L8:$S8<O8)+($L2:$S2=O$2)*($L8:$S8=O8)*($L1:$S1<O$1)))) | X8: =IF(P8<=0.005,99,1+SUMPRODUCT(($L8:$S8>0.005)*(($L2:$S2>P$2)+($L2:$S2=P$2)*($L8:$S8<P8)+($L2:$S2=P$2)*($L8:$S8=P8)*($L1:$S1<P$1)))) | Y8: =IF(Q8<=0.005,99,1+SUMPRODUCT(($L8:$S8>0.005)*(($L2:$S2>Q$2)+($L2:$S2=Q$2)*($L8:$S8<Q8)+($L2:$S2=Q$2)*($L8:$S8=Q8)*($L1:$S1<Q$1)))) | Z8: =IF(R8<=0.005,99,1+SUMPRODUCT(($L8:$S8>0.005)*(($L2:$S2>R$2)+($L2:$S2=R$2)*($L8:$S8<R8)+($L2:$S2=R$2)*($L8:$S8=R8)*($L1:$S1<R$1)))) | AA8: =IF(S8<=0.005,99,1+SUMPRODUCT(($L8:$S8>0.005)*(($L2:$S2>S$2)+($L2:$S2=S$2)*($L8:$S8<S8)+($L2:$S2=S$2)*($L8:$S8=S8)*($L1:$S1<S$1)))) | AB8: =IF(L8-MIN(L8,MAX(0,$B8-SUMPRODUCT(($T8:$AA8<T8)*$L8:$S8)))<=0.005,0,L8-MIN(L8,MAX(0,$B8-SUMPRODUCT(($T8:$AA8<T8)*$L8:$S8)))) | AC8: =IF(M8-MIN(M8,MAX(0,$B8-SUMPRODUCT(($T8:$AA8<U8)*$L8:$S8)))<=0.005,0,M8-MIN(M8,MAX(0,$B8-SUMPRODUCT(($T8:$AA8<U8)*$L8:$S8)))) | AD8: =IF(N8-MIN(N8,MAX(0,$B8-SUMPRODUCT(($T8:$AA8<V8)*$L8:$S8)))<=0.005,0,N8-MIN(N8,MAX(0,$B8-SUMPRODUCT(($T8:$AA8<V8)*$L8:$S8)))) | AE8: =IF(O8-MIN(O8,MAX(0,$B8-SUMPRODUCT(($T8:$AA8<W8)*$L8:$S8)))<=0.005,0,O8-MIN(O8,MAX(0,$B8-SUMPRODUCT(($T8:$AA8<W8)*$L8:$S8)))) | AF8: =IF(P8-MIN(P8,MAX(0,$B8-SUMPRODUCT(($T8:$AA8<X8)*$L8:$S8)))<=0.005,0,P8-MIN(P8,MAX(0,$B8-SUMPRODUCT(($T8:$AA8<X8)*$L8:$S8)))) | AG8: =IF(Q8-MIN(Q8,MAX(0,$B8-SUMPRODUCT(($T8:$AA8<Y8)*$L8:$S8)))<=0.005,0,Q8-MIN(Q8,MAX(0,$B8-SUMPRODUCT(($T8:$AA8<Y8)*$L8:$S8)))) | AH8: =IF(R8-MIN(R8,MAX(0,$B8-SUMPRODUCT(($T8:$AA8<Z8)*$L8:$S8)))<=0.005,0,R8-MIN(R8,MAX(0,$B8-SUMPRODUCT(($T8:$AA8<Z8)*$L8:$S8)))) | AI8: =IF(S8-MIN(S8,MAX(0,$B8-SUMPRODUCT(($T8:$AA8<AA8)*$L8:$S8)))<=0.005,0,S8-MIN(S8,MAX(0,$B8-SUMPRODUCT(($T8:$AA8<AA8)*$L8:$S8))))
A9: 6 | B9: =Debts!$B$4-(SUM($D9:$K9)-SUM($L9:$S9)) | C9: =SUM($AB9:$AI9) | D9: =IF(N(AB8)>0,N(AB8)*(1+N(Debts!$C$7)/1200),0) | E9: =IF(N(AC8)>0,N(AC8)*(1+N(Debts!$C$8)/1200),0) | F9: =IF(N(AD8)>0,N(AD8)*(1+N(Debts!$C$9)/1200),0) | G9: =IF(N(AE8)>0,N(AE8)*(1+N(Debts!$C$10)/1200),0) | H9: =IF(N(AF8)>0,N(AF8)*(1+N(Debts!$C$11)/1200),0) | I9: =IF(N(AG8)>0,N(AG8)*(1+N(Debts!$C$12)/1200),0) | J9: =IF(N(AH8)>0,N(AH8)*(1+N(Debts!$C$13)/1200),0) | K9: =IF(N(AI8)>0,N(AI8)*(1+N(Debts!$C$14)/1200),0) | L9: =D9-MIN(N(Debts!$D$7),D9) | M9: =E9-MIN(N(Debts!$D$8),E9) | N9: =F9-MIN(N(Debts!$D$9),F9) | O9: =G9-MIN(N(Debts!$D$10),G9) | P9: =H9-MIN(N(Debts!$D$11),H9) | Q9: =I9-MIN(N(Debts!$D$12),I9) | R9: =J9-MIN(N(Debts!$D$13),J9) | S9: =K9-MIN(N(Debts!$D$14),K9) | T9: =IF(L9<=0.005,99,1+SUMPRODUCT(($L9:$S9>0.005)*(($L2:$S2>L$2)+($L2:$S2=L$2)*($L9:$S9<L9)+($L2:$S2=L$2)*($L9:$S9=L9)*($L1:$S1<L$1)))) | U9: =IF(M9<=0.005,99,1+SUMPRODUCT(($L9:$S9>0.005)*(($L2:$S2>M$2)+($L2:$S2=M$2)*($L9:$S9<M9)+($L2:$S2=M$2)*($L9:$S9=M9)*($L1:$S1<M$1)))) | V9: =IF(N9<=0.005,99,1+SUMPRODUCT(($L9:$S9>0.005)*(($L2:$S2>N$2)+($L2:$S2=N$2)*($L9:$S9<N9)+($L2:$S2=N$2)*($L9:$S9=N9)*($L1:$S1<N$1)))) | W9: =IF(O9<=0.005,99,1+SUMPRODUCT(($L9:$S9>0.005)*(($L2:$S2>O$2)+($L2:$S2=O$2)*($L9:$S9<O9)+($L2:$S2=O$2)*($L9:$S9=O9)*($L1:$S1<O$1)))) | X9: =IF(P9<=0.005,99,1+SUMPRODUCT(($L9:$S9>0.005)*(($L2:$S2>P$2)+($L2:$S2=P$2)*($L9:$S9<P9)+($L2:$S2=P$2)*($L9:$S9=P9)*($L1:$S1<P$1)))) | Y9: =IF(Q9<=0.005,99,1+SUMPRODUCT(($L9:$S9>0.005)*(($L2:$S2>Q$2)+($L2:$S2=Q$2)*($L9:$S9<Q9)+($L2:$S2=Q$2)*($L9:$S9=Q9)*($L1:$S1<Q$1)))) | Z9: =IF(R9<=0.005,99,1+SUMPRODUCT(($L9:$S9>0.005)*(($L2:$S2>R$2)+($L2:$S2=R$2)*($L9:$S9<R9)+($L2:$S2=R$2)*($L9:$S9=R9)*($L1:$S1<R$1)))) | AA9: =IF(S9<=0.005,99,1+SUMPRODUCT(($L9:$S9>0.005)*(($L2:$S2>S$2)+($L2:$S2=S$2)*($L9:$S9<S9)+($L2:$S2=S$2)*($L9:$S9=S9)*($L1:$S1<S$1)))) | AB9: =IF(L9-MIN(L9,MAX(0,$B9-SUMPRODUCT(($T9:$AA9<T9)*$L9:$S9)))<=0.005,0,L9-MIN(L9,MAX(0,$B9-SUMPRODUCT(($T9:$AA9<T9)*$L9:$S9)))) | AC9: =IF(M9-MIN(M9,MAX(0,$B9-SUMPRODUCT(($T9:$AA9<U9)*$L9:$S9)))<=0.005,0,M9-MIN(M9,MAX(0,$B9-SUMPRODUCT(($T9:$AA9<U9)*$L9:$S9)))) | AD9: =IF(N9-MIN(N9,MAX(0,$B9-SUMPRODUCT(($T9:$AA9<V9)*$L9:$S9)))<=0.005,0,N9-MIN(N9,MAX(0,$B9-SUMPRODUCT(($T9:$AA9<V9)*$L9:$S9)))) | AE9: =IF(O9-MIN(O9,MAX(0,$B9-SUMPRODUCT(($T9:$AA9<W9)*$L9:$S9)))<=0.005,0,O9-MIN(O9,MAX(0,$B9-SUMPRODUCT(($T9:$AA9<W9)*$L9:$S9)))) | AF9: =IF(P9-MIN(P9,MAX(0,$B9-SUMPRODUCT(($T9:$AA9<X9)*$L9:$S9)))<=0.005,0,P9-MIN(P9,MAX(0,$B9-SUMPRODUCT(($T9:$AA9<X9)*$L9:$S9)))) | AG9: =IF(Q9-MIN(Q9,MAX(0,$B9-SUMPRODUCT(($T9:$AA9<Y9)*$L9:$S9)))<=0.005,0,Q9-MIN(Q9,MAX(0,$B9-SUMPRODUCT(($T9:$AA9<Y9)*$L9:$S9)))) | AH9: =IF(R9-MIN(R9,MAX(0,$B9-SUMPRODUCT(($T9:$AA9<Z9)*$L9:$S9)))<=0.005,0,R9-MIN(R9,MAX(0,$B9-SUMPRODUCT(($T9:$AA9<Z9)*$L9:$S9)))) | AI9: =IF(S9-MIN(S9,MAX(0,$B9-SUMPRODUCT(($T9:$AA9<AA9)*$L9:$S9)))<=0.005,0,S9-MIN(S9,MAX(0,$B9-SUMPRODUCT(($T9:$AA9<AA9)*$L9:$S9))))
A10: 7 | B10: =Debts!$B$4-(SUM($D10:$K10)-SUM($L10:$S10)) | C10: =SUM($AB10:$AI10) | D10: =IF(N(AB9)>0,N(AB9)*(1+N(Debts!$C$7)/1200),0) | E10: =IF(N(AC9)>0,N(AC9)*(1+N(Debts!$C$8)/1200),0) | F10: =IF(N(AD9)>0,N(AD9)*(1+N(Debts!$C$9)/1200),0) | G10: =IF(N(AE9)>0,N(AE9)*(1+N(Debts!$C$10)/1200),0) | H10: =IF(N(AF9)>0,N(AF9)*(1+N(Debts!$C$11)/1200),0) | I10: =IF(N(AG9)>0,N(AG9)*(1+N(Debts!$C$12)/1200),0) | J10: =IF(N(AH9)>0,N(AH9)*(1+N(Debts!$C$13)/1200),0) | K10: =IF(N(AI9)>0,N(AI9)*(1+N(Debts!$C$14)/1200),0) | L10: =D10-MIN(N(Debts!$D$7),D10) | M10: =E10-MIN(N(Debts!$D$8),E10) | N10: =F10-MIN(N(Debts!$D$9),F10) | O10: =G10-MIN(N(Debts!$D$10),G10) | P10: =H10-MIN(N(Debts!$D$11),H10) | Q10: =I10-MIN(N(Debts!$D$12),I10) | R10: =J10-MIN(N(Debts!$D$13),J10) | S10: =K10-MIN(N(Debts!$D$14),K10) | T10: =IF(L10<=0.005,99,1+SUMPRODUCT(($L10:$S10>0.005)*(($L2:$S2>L$2)+($L2:$S2=L$2)*($L10:$S10<L10)+($L2:$S2=L$2)*($L10:$S10=L10)*($L1:$S1<L$1)))) | U10: =IF(M10<=0.005,99,1+SUMPRODUCT(($L10:$S10>0.005)*(($L2:$S2>M$2)+($L2:$S2=M$2)*($L10:$S10<M10)+($L2:$S2=M$2)*($L10:$S10=M10)*($L1:$S1<M$1)))) | V10: =IF(N10<=0.005,99,1+SUMPRODUCT(($L10:$S10>0.005)*(($L2:$S2>N$2)+($L2:$S2=N$2)*($L10:$S10<N10)+($L2:$S2=N$2)*($L10:$S10=N10)*($L1:$S1<N$1)))) | W10: =IF(O10<=0.005,99,1+SUMPRODUCT(($L10:$S10>0.005)*(($L2:$S2>O$2)+($L2:$S2=O$2)*($L10:$S10<O10)+($L2:$S2=O$2)*($L10:$S10=O10)*($L1:$S1<O$1)))) | X10: =IF(P10<=0.005,99,1+SUMPRODUCT(($L10:$S10>0.005)*(($L2:$S2>P$2)+($L2:$S2=P$2)*($L10:$S10<P10)+($L2:$S2=P$2)*($L10:$S10=P10)*($L1:$S1<P$1)))) | Y10: =IF(Q10<=0.005,99,1+SUMPRODUCT(($L10:$S10>0.005)*(($L2:$S2>Q$2)+($L2:$S2=Q$2)*($L10:$S10<Q10)+($L2:$S2=Q$2)*($L10:$S10=Q10)*($L1:$S1<Q$1)))) | Z10: =IF(R10<=0.005,99,1+SUMPRODUCT(($L10:$S10>0.005)*(($L2:$S2>R$2)+($L2:$S2=R$2)*($L10:$S10<R10)+($L2:$S2=R$2)*($L10:$S10=R10)*($L1:$S1<R$1)))) | AA10: =IF(S10<=0.005,99,1+SUMPRODUCT(($L10:$S10>0.005)*(($L2:$S2>S$2)+($L2:$S2=S$2)*($L10:$S10<S10)+($L2:$S2=S$2)*($L10:$S10=S10)*($L1:$S1<S$1)))) | AB10: =IF(L10-MIN(L10,MAX(0,$B10-SUMPRODUCT(($T10:$AA10<T10)*$L10:$S10)))<=0.005,0,L10-MIN(L10,MAX(0,$B10-SUMPRODUCT(($T10:$AA10<T10)*$L10:$S10)))) | AC10: =IF(M10-MIN(M10,MAX(0,$B10-SUMPRODUCT(($T10:$AA10<U10)*$L10:$S10)))<=0.005,0,M10-MIN(M10,MAX(0,$B10-SUMPRODUCT(($T10:$AA10<U10)*$L10:$S10)))) | AD10: =IF(N10-MIN(N10,MAX(0,$B10-SUMPRODUCT(($T10:$AA10<V10)*$L10:$S10)))<=0.005,0,N10-MIN(N10,MAX(0,$B10-SUMPRODUCT(($T10:$AA10<V10)*$L10:$S10)))) | AE10: =IF(O10-MIN(O10,MAX(0,$B10-SUMPRODUCT(($T10:$AA10<W10)*$L10:$S10)))<=0.005,0,O10-MIN(O10,MAX(0,$B10-SUMPRODUCT(($T10:$AA10<W10)*$L10:$S10)))) | AF10: =IF(P10-MIN(P10,MAX(0,$B10-SUMPRODUCT(($T10:$AA10<X10)*$L10:$S10)))<=0.005,0,P10-MIN(P10,MAX(0,$B10-SUMPRODUCT(($T10:$AA10<X10)*$L10:$S10)))) | AG10: =IF(Q10-MIN(Q10,MAX(0,$B10-SUMPRODUCT(($T10:$AA10<Y10)*$L10:$S10)))<=0.005,0,Q10-MIN(Q10,MAX(0,$B10-SUMPRODUCT(($T10:$AA10<Y10)*$L10:$S10)))) | AH10: =IF(R10-MIN(R10,MAX(0,$B10-SUMPRODUCT(($T10:$AA10<Z10)*$L10:$S10)))<=0.005,0,R10-MIN(R10,MAX(0,$B10-SUMPRODUCT(($T10:$AA10<Z10)*$L10:$S10)))) | AI10: =IF(S10-MIN(S10,MAX(0,$B10-SUMPRODUCT(($T10:$AA10<AA10)*$L10:$S10)))<=0.005,0,S10-MIN(S10,MAX(0,$B10-SUMPRODUCT(($T10:$AA10<AA10)*$L10:$S10))))
A11: 8 | B11: =Debts!$B$4-(SUM($D11:$K11)-SUM($L11:$S11)) | C11: =SUM($AB11:$AI11) | D11: =IF(N(AB10)>0,N(AB10)*(1+N(Debts!$C$7)/1200),0) | E11: =IF(N(AC10)>0,N(AC10)*(1+N(Debts!$C$8)/1200),0) | F11: =IF(N(AD10)>0,N(AD10)*(1+N(Debts!$C$9)/1200),0) | G11: =IF(N(AE10)>0,N(AE10)*(1+N(Debts!$C$10)/1200),0) | H11: =IF(N(AF10)>0,N(AF10)*(1+N(Debts!$C$11)/1200),0) | I11: =IF(N(AG10)>0,N(AG10)*(1+N(Debts!$C$12)/1200),0) | J11: =IF(N(AH10)>0,N(AH10)*(1+N(Debts!$C$13)/1200),0) | K11: =IF(N(AI10)>0,N(AI10)*(1+N(Debts!$C$14)/1200),0) | L11: =D11-MIN(N(Debts!$D$7),D11) | M11: =E11-MIN(N(Debts!$D$8),E11) | N11: =F11-MIN(N(Debts!$D$9),F11) | O11: =G11-MIN(N(Debts!$D$10),G11) | P11: =H11-MIN(N(Debts!$D$11),H11) | Q11: =I11-MIN(N(Debts!$D$12),I11) | R11: =J11-MIN(N(Debts!$D$13),J11) | S11: =K11-MIN(N(Debts!$D$14),K11) | T11: =IF(L11<=0.005,99,1+SUMPRODUCT(($L11:$S11>0.005)*(($L2:$S2>L$2)+($L2:$S2=L$2)*($L11:$S11<L11)+($L2:$S2=L$2)*($L11:$S11=L11)*($L1:$S1<L$1)))) | U11: =IF(M11<=0.005,99,1+SUMPRODUCT(($L11:$S11>0.005)*(($L2:$S2>M$2)+($L2:$S2=M$2)*($L11:$S11<M11)+($L2:$S2=M$2)*($L11:$S11=M11)*($L1:$S1<M$1)))) | V11: =IF(N11<=0.005,99,1+SUMPRODUCT(($L11:$S11>0.005)*(($L2:$S2>N$2)+($L2:$S2=N$2)*($L11:$S11<N11)+($L2:$S2=N$2)*($L11:$S11=N11)*($L1:$S1<N$1)))) | W11: =IF(O11<=0.005,99,1+SUMPRODUCT(($L11:$S11>0.005)*(($L2:$S2>O$2)+($L2:$S2=O$2)*($L11:$S11<O11)+($L2:$S2=O$2)*($L11:$S11=O11)*($L1:$S1<O$1)))) | X11: =IF(P11<=0.005,99,1+SUMPRODUCT(($L11:$S11>0.005)*(($L2:$S2>P$2)+($L2:$S2=P$2)*($L11:$S11<P11)+($L2:$S2=P$2)*($L11:$S11=P11)*($L1:$S1<P$1)))) | Y11: =IF(Q11<=0.005,99,1+SUMPRODUCT(($L11:$S11>0.005)*(($L2:$S2>Q$2)+($L2:$S2=Q$2)*($L11:$S11<Q11)+($L2:$S2=Q$2)*($L11:$S11=Q11)*($L1:$S1<Q$1)))) | Z11: =IF(R11<=0.005,99,1+SUMPRODUCT(($L11:$S11>0.005)*(($L2:$S2>R$2)+($L2:$S2=R$2)*($L11:$S11<R11)+($L2:$S2=R$2)*($L11:$S11=R11)*($L1:$S1<R$1)))) | AA11: =IF(S11<=0.005,99,1+SUMPRODUCT(($L11:$S11>0.005)*(($L2:$S2>S$2)+($L2:$S2=S$2)*($L11:$S11<S11)+($L2:$S2=S$2)*($L11:$S11=S11)*($L1:$S1<S$1)))) | AB11: =IF(L11-MIN(L11,MAX(0,$B11-SUMPRODUCT(($T11:$AA11<T11)*$L11:$S11)))<=0.005,0,L11-MIN(L11,MAX(0,$B11-SUMPRODUCT(($T11:$AA11<T11)*$L11:$S11)))) | AC11: =IF(M11-MIN(M11,MAX(0,$B11-SUMPRODUCT(($T11:$AA11<U11)*$L11:$S11)))<=0.005,0,M11-MIN(M11,MAX(0,$B11-SUMPRODUCT(($T11:$AA11<U11)*$L11:$S11)))) | AD11: =IF(N11-MIN(N11,MAX(0,$B11-SUMPRODUCT(($T11:$AA11<V11)*$L11:$S11)))<=0.005,0,N11-MIN(N11,MAX(0,$B11-SUMPRODUCT(($T11:$AA11<V11)*$L11:$S11)))) | AE11: =IF(O11-MIN(O11,MAX(0,$B11-SUMPRODUCT(($T11:$AA11<W11)*$L11:$S11)))<=0.005,0,O11-MIN(O11,MAX(0,$B11-SUMPRODUCT(($T11:$AA11<W11)*$L11:$S11)))) | AF11: =IF(P11-MIN(P11,MAX(0,$B11-SUMPRODUCT(($T11:$AA11<X11)*$L11:$S11)))<=0.005,0,P11-MIN(P11,MAX(0,$B11-SUMPRODUCT(($T11:$AA11<X11)*$L11:$S11)))) | AG11: =IF(Q11-MIN(Q11,MAX(0,$B11-SUMPRODUCT(($T11:$AA11<Y11)*$L11:$S11)))<=0.005,0,Q11-MIN(Q11,MAX(0,$B11-SUMPRODUCT(($T11:$AA11<Y11)*$L11:$S11)))) | AH11: =IF(R11-MIN(R11,MAX(0,$B11-SUMPRODUCT(($T11:$AA11<Z11)*$L11:$S11)))<=0.005,0,R11-MIN(R11,MAX(0,$B11-SUMPRODUCT(($T11:$AA11<Z11)*$L11:$S11)))) | AI11: =IF(S11-MIN(S11,MAX(0,$B11-SUMPRODUCT(($T11:$AA11<AA11)*$L11:$S11)))<=0.005,0,S11-MIN(S11,MAX(0,$B11-SUMPRODUCT(($T11:$AA11<AA11)*$L11:$S11))))
A12: 9 | B12: =Debts!$B$4-(SUM($D12:$K12)-SUM($L12:$S12)) | C12: =SUM($AB12:$AI12) | D12: =IF(N(AB11)>0,N(AB11)*(1+N(Debts!$C$7)/1200),0) | E12: =IF(N(AC11)>0,N(AC11)*(1+N(Debts!$C$8)/1200),0) | F12: =IF(N(AD11)>0,N(AD11)*(1+N(Debts!$C$9)/1200),0) | G12: =IF(N(AE11)>0,N(AE11)*(1+N(Debts!$C$10)/1200),0) | H12: =IF(N(AF11)>0,N(AF11)*(1+N(Debts!$C$11)/1200),0) | I12: =IF(N(AG11)>0,N(AG11)*(1+N(Debts!$C$12)/1200),0) | J12: =IF(N(AH11)>0,N(AH11)*(1+N(Debts!$C$13)/1200),0) | K12: =IF(N(AI11)>0,N(AI11)*(1+N(Debts!$C$14)/1200),0) | L12: =D12-MIN(N(Debts!$D$7),D12) | M12: =E12-MIN(N(Debts!$D$8),E12) | N12: =F12-MIN(N(Debts!$D$9),F12) | O12: =G12-MIN(N(Debts!$D$10),G12) | P12: =H12-MIN(N(Debts!$D$11),H12) | Q12: =I12-MIN(N(Debts!$D$12),I12) | R12: =J12-MIN(N(Debts!$D$13),J12) | S12: =K12-MIN(N(Debts!$D$14),K12) | T12: =IF(L12<=0.005,99,1+SUMPRODUCT(($L12:$S12>0.005)*(($L2:$S2>L$2)+($L2:$S2=L$2)*($L12:$S12<L12)+($L2:$S2=L$2)*($L12:$S12=L12)*($L1:$S1<L$1)))) | U12: =IF(M12<=0.005,99,1+SUMPRODUCT(($L12:$S12>0.005)*(($L2:$S2>M$2)+($L2:$S2=M$2)*($L12:$S12<M12)+($L2:$S2=M$2)*($L12:$S12=M12)*($L1:$S1<M$1)))) | V12: =IF(N12<=0.005,99,1+SUMPRODUCT(($L12:$S12>0.005)*(($L2:$S2>N$2)+($L2:$S2=N$2)*($L12:$S12<N12)+($L2:$S2=N$2)*($L12:$S12=N12)*($L1:$S1<N$1)))) | W12: =IF(O12<=0.005,99,1+SUMPRODUCT(($L12:$S12>0.005)*(($L2:$S2>O$2)+($L2:$S2=O$2)*($L12:$S12<O12)+($L2:$S2=O$2)*($L12:$S12=O12)*($L1:$S1<O$1)))) | X12: =IF(P12<=0.005,99,1+SUMPRODUCT(($L12:$S12>0.005)*(($L2:$S2>P$2)+($L2:$S2=P$2)*($L12:$S12<P12)+($L2:$S2=P$2)*($L12:$S12=P12)*($L1:$S1<P$1)))) | Y12: =IF(Q12<=0.005,99,1+SUMPRODUCT(($L12:$S12>0.005)*(($L2:$S2>Q$2)+($L2:$S2=Q$2)*($L12:$S12<Q12)+($L2:$S2=Q$2)*($L12:$S12=Q12)*($L1:$S1<Q$1)))) | Z12: =IF(R12<=0.005,99,1+SUMPRODUCT(($L12:$S12>0.005)*(($L2:$S2>R$2)+($L2:$S2=R$2)*($L12:$S12<R12)+($L2:$S2=R$2)*($L12:$S12=R12)*($L1:$S1<R$1)))) | AA12: =IF(S12<=0.005,99,1+SUMPRODUCT(($L12:$S12>0.005)*(($L2:$S2>S$2)+($L2:$S2=S$2)*($L12:$S12<S12)+($L2:$S2=S$2)*($L12:$S12=S12)*($L1:$S1<S$1)))) | AB12: =IF(L12-MIN(L12,MAX(0,$B12-SUMPRODUCT(($T12:$AA12<T12)*$L12:$S12)))<=0.005,0,L12-MIN(L12,MAX(0,$B12-SUMPRODUCT(($T12:$AA12<T12)*$L12:$S12)))) | AC12: =IF(M12-MIN(M12,MAX(0,$B12-SUMPRODUCT(($T12:$AA12<U12)*$L12:$S12)))<=0.005,0,M12-MIN(M12,MAX(0,$B12-SUMPRODUCT(($T12:$AA12<U12)*$L12:$S12)))) | AD12: =IF(N12-MIN(N12,MAX(0,$B12-SUMPRODUCT(($T12:$AA12<V12)*$L12:$S12)))<=0.005,0,N12-MIN(N12,MAX(0,$B12-SUMPRODUCT(($T12:$AA12<V12)*$L12:$S12)))) | AE12: =IF(O12-MIN(O12,MAX(0,$B12-SUMPRODUCT(($T12:$AA12<W12)*$L12:$S12)))<=0.005,0,O12-MIN(O12,MAX(0,$B12-SUMPRODUCT(($T12:$AA12<W12)*$L12:$S12)))) | AF12: =IF(P12-MIN(P12,MAX(0,$B12-SUMPRODUCT(($T12:$AA12<X12)*$L12:$S12)))<=0.005,0,P12-MIN(P12,MAX(0,$B12-SUMPRODUCT(($T12:$AA12<X12)*$L12:$S12)))) | AG12: =IF(Q12-MIN(Q12,MAX(0,$B12-SUMPRODUCT(($T12:$AA12<Y12)*$L12:$S12)))<=0.005,0,Q12-MIN(Q12,MAX(0,$B12-SUMPRODUCT(($T12:$AA12<Y12)*$L12:$S12)))) | AH12: =IF(R12-MIN(R12,MAX(0,$B12-SUMPRODUCT(($T12:$AA12<Z12)*$L12:$S12)))<=0.005,0,R12-MIN(R12,MAX(0,$B12-SUMPRODUCT(($T12:$AA12<Z12)*$L12:$S12)))) | AI12: =IF(S12-MIN(S12,MAX(0,$B12-SUMPRODUCT(($T12:$AA12<AA12)*$L12:$S12)))<=0.005,0,S12-MIN(S12,MAX(0,$B12-SUMPRODUCT(($T12:$AA12<AA12)*$L12:$S12))))
A13: 10 | B13: =Debts!$B$4-(SUM($D13:$K13)-SUM($L13:$S13)) | C13: =SUM($AB13:$AI13) | D13: =IF(N(AB12)>0,N(AB12)*(1+N(Debts!$C$7)/1200),0) | E13: =IF(N(AC12)>0,N(AC12)*(1+N(Debts!$C$8)/1200),0) | F13: =IF(N(AD12)>0,N(AD12)*(1+N(Debts!$C$9)/1200),0) | G13: =IF(N(AE12)>0,N(AE12)*(1+N(Debts!$C$10)/1200),0) | H13: =IF(N(AF12)>0,N(AF12)*(1+N(Debts!$C$11)/1200),0) | I13: =IF(N(AG12)>0,N(AG12)*(1+N(Debts!$C$12)/1200),0) | J13: =IF(N(AH12)>0,N(AH12)*(1+N(Debts!$C$13)/1200),0) | K13: =IF(N(AI12)>0,N(AI12)*(1+N(Debts!$C$14)/1200),0) | L13: =D13-MIN(N(Debts!$D$7),D13) | M13: =E13-MIN(N(Debts!$D$8),E13) | N13: =F13-MIN(N(Debts!$D$9),F13) | O13: =G13-MIN(N(Debts!$D$10),G13) | P13: =H13-MIN(N(Debts!$D$11),H13) | Q13: =I13-MIN(N(Debts!$D$12),I13) | R13: =J13-MIN(N(Debts!$D$13),J13) | S13: =K13-MIN(N(Debts!$D$14),K13) | T13: =IF(L13<=0.005,99,1+SUMPRODUCT(($L13:$S13>0.005)*(($L2:$S2>L$2)+($L2:$S2=L$2)*($L13:$S13<L13)+($L2:$S2=L$2)*($L13:$S13=L13)*($L1:$S1<L$1)))) | U13: =IF(M13<=0.005,99,1+SUMPRODUCT(($L13:$S13>0.005)*(($L2:$S2>M$2)+($L2:$S2=M$2)*($L13:$S13<M13)+($L2:$S2=M$2)*($L13:$S13=M13)*($L1:$S1<M$1)))) | V13: =IF(N13<=0.005,99,1+SUMPRODUCT(($L13:$S13>0.005)*(($L2:$S2>N$2)+($L2:$S2=N$2)*($L13:$S13<N13)+($L2:$S2=N$2)*($L13:$S13=N13)*($L1:$S1<N$1)))) | W13: =IF(O13<=0.005,99,1+SUMPRODUCT(($L13:$S13>0.005)*(($L2:$S2>O$2)+($L2:$S2=O$2)*($L13:$S13<O13)+($L2:$S2=O$2)*($L13:$S13=O13)*($L1:$S1<O$1)))) | X13: =IF(P13<=0.005,99,1+SUMPRODUCT(($L13:$S13>0.005)*(($L2:$S2>P$2)+($L2:$S2=P$2)*($L13:$S13<P13)+($L2:$S2=P$2)*($L13:$S13=P13)*($L1:$S1<P$1)))) | Y13: =IF(Q13<=0.005,99,1+SUMPRODUCT(($L13:$S13>0.005)*(($L2:$S2>Q$2)+($L2:$S2=Q$2)*($L13:$S13<Q13)+($L2:$S2=Q$2)*($L13:$S13=Q13)*($L1:$S1<Q$1)))) | Z13: =IF(R13<=0.005,99,1+SUMPRODUCT(($L13:$S13>0.005)*(($L2:$S2>R$2)+($L2:$S2=R$2)*($L13:$S13<R13)+($L2:$S2=R$2)*($L13:$S13=R13)*($L1:$S1<R$1)))) | AA13: =IF(S13<=0.005,99,1+SUMPRODUCT(($L13:$S13>0.005)*(($L2:$S2>S$2)+($L2:$S2=S$2)*($L13:$S13<S13)+($L2:$S2=S$2)*($L13:$S13=S13)*($L1:$S1<S$1)))) | AB13: =IF(L13-MIN(L13,MAX(0,$B13-SUMPRODUCT(($T13:$AA13<T13)*$L13:$S13)))<=0.005,0,L13-MIN(L13,MAX(0,$B13-SUMPRODUCT(($T13:$AA13<T13)*$L13:$S13)))) | AC13: =IF(M13-MIN(M13,MAX(0,$B13-SUMPRODUCT(($T13:$AA13<U13)*$L13:$S13)))<=0.005,0,M13-MIN(M13,MAX(0,$B13-SUMPRODUCT(($T13:$AA13<U13)*$L13:$S13)))) | AD13: =IF(N13-MIN(N13,MAX(0,$B13-SUMPRODUCT(($T13:$AA13<V13)*$L13:$S13)))<=0.005,0,N13-MIN(N13,MAX(0,$B13-SUMPRODUCT(($T13:$AA13<V13)*$L13:$S13)))) | AE13: =IF(O13-MIN(O13,MAX(0,$B13-SUMPRODUCT(($T13:$AA13<W13)*$L13:$S13)))<=0.005,0,O13-MIN(O13,MAX(0,$B13-SUMPRODUCT(($T13:$AA13<W13)*$L13:$S13)))) | AF13: =IF(P13-MIN(P13,MAX(0,$B13-SUMPRODUCT(($T13:$AA13<X13)*$L13:$S13)))<=0.005,0,P13-MIN(P13,MAX(0,$B13-SUMPRODUCT(($T13:$AA13<X13)*$L13:$S13)))) | AG13: =IF(Q13-MIN(Q13,MAX(0,$B13-SUMPRODUCT(($T13:$AA13<Y13)*$L13:$S13)))<=0.005,0,Q13-MIN(Q13,MAX(0,$B13-SUMPRODUCT(($T13:$AA13<Y13)*$L13:$S13)))) | AH13: =IF(R13-MIN(R13,MAX(0,$B13-SUMPRODUCT(($T13:$AA13<Z13)*$L13:$S13)))<=0.005,0,R13-MIN(R13,MAX(0,$B13-SUMPRODUCT(($T13:$AA13<Z13)*$L13:$S13)))) | AI13: =IF(S13-MIN(S13,MAX(0,$B13-SUMPRODUCT(($T13:$AA13<AA13)*$L13:$S13)))<=0.005,0,S13-MIN(S13,MAX(0,$B13-SUMPRODUCT(($T13:$AA13<AA13)*$L13:$S13))))
A14: 11 | B14: =Debts!$B$4-(SUM($D14:$K14)-SUM($L14:$S14)) | C14: =SUM($AB14:$AI14) | D14: =IF(N(AB13)>0,N(AB13)*(1+N(Debts!$C$7)/1200),0) | E14: =IF(N(AC13)>0,N(AC13)*(1+N(Debts!$C$8)/1200),0) | F14: =IF(N(AD13)>0,N(AD13)*(1+N(Debts!$C$9)/1200),0) | G14: =IF(N(AE13)>0,N(AE13)*(1+N(Debts!$C$10)/1200),0) | H14: =IF(N(AF13)>0,N(AF13)*(1+N(Debts!$C$11)/1200),0) | I14: =IF(N(AG13)>0,N(AG13)*(1+N(Debts!$C$12)/1200),0) | J14: =IF(N(AH13)>0,N(AH13)*(1+N(Debts!$C$13)/1200),0) | K14: =IF(N(AI13)>0,N(AI13)*(1+N(Debts!$C$14)/1200),0) | L14: =D14-MIN(N(Debts!$D$7),D14) | M14: =E14-MIN(N(Debts!$D$8),E14) | N14: =F14-MIN(N(Debts!$D$9),F14) | O14: =G14-MIN(N(Debts!$D$10),G14) | P14: =H14-MIN(N(Debts!$D$11),H14) | Q14: =I14-MIN(N(Debts!$D$12),I14) | R14: =J14-MIN(N(Debts!$D$13),J14) | S14: =K14-MIN(N(Debts!$D$14),K14) | T14: =IF(L14<=0.005,99,1+SUMPRODUCT(($L14:$S14>0.005)*(($L2:$S2>L$2)+($L2:$S2=L$2)*($L14:$S14<L14)+($L2:$S2=L$2)*($L14:$S14=L14)*($L1:$S1<L$1)))) | U14: =IF(M14<=0.005,99,1+SUMPRODUCT(($L14:$S14>0.005)*(($L2:$S2>M$2)+($L2:$S2=M$2)*($L14:$S14<M14)+($L2:$S2=M$2)*($L14:$S14=M14)*($L1:$S1<M$1)))) | V14: =IF(N14<=0.005,99,1+SUMPRODUCT(($L14:$S14>0.005)*(($L2:$S2>N$2)+($L2:$S2=N$2)*($L14:$S14<N14)+($L2:$S2=N$2)*($L14:$S14=N14)*($L1:$S1<N$1)))) | W14: =IF(O14<=0.005,99,1+SUMPRODUCT(($L14:$S14>0.005)*(($L2:$S2>O$2)+($L2:$S2=O$2)*($L14:$S14<O14)+($L2:$S2=O$2)*($L14:$S14=O14)*($L1:$S1<O$1)))) | X14: =IF(P14<=0.005,99,1+SUMPRODUCT(($L14:$S14>0.005)*(($L2:$S2>P$2)+($L2:$S2=P$2)*($L14:$S14<P14)+($L2:$S2=P$2)*($L14:$S14=P14)*($L1:$S1<P$1)))) | Y14: =IF(Q14<=0.005,99,1+SUMPRODUCT(($L14:$S14>0.005)*(($L2:$S2>Q$2)+($L2:$S2=Q$2)*($L14:$S14<Q14)+($L2:$S2=Q$2)*($L14:$S14=Q14)*($L1:$S1<Q$1)))) | Z14: =IF(R14<=0.005,99,1+SUMPRODUCT(($L14:$S14>0.005)*(($L2:$S2>R$2)+($L2:$S2=R$2)*($L14:$S14<R14)+($L2:$S2=R$2)*($L14:$S14=R14)*($L1:$S1<R$1)))) | AA14: =IF(S14<=0.005,99,1+SUMPRODUCT(($L14:$S14>0.005)*(($L2:$S2>S$2)+($L2:$S2=S$2)*($L14:$S14<S14)+($L2:$S2=S$2)*($L14:$S14=S14)*($L1:$S1<S$1)))) | AB14: =IF(L14-MIN(L14,MAX(0,$B14-SUMPRODUCT(($T14:$AA14<T14)*$L14:$S14)))<=0.005,0,L14-MIN(L14,MAX(0,$B14-SUMPRODUCT(($T14:$AA14<T14)*$L14:$S14)))) | AC14: =IF(M14-MIN(M14,MAX(0,$B14-SUMPRODUCT(($T14:$AA14<U14)*$L14:$S14)))<=0.005,0,M14-MIN(M14,MAX(0,$B14-SUMPRODUCT(($T14:$AA14<U14)*$L14:$S14)))) | AD14: =IF(N14-MIN(N14,MAX(0,$B14-SUMPRODUCT(($T14:$AA14<V14)*$L14:$S14)))<=0.005,0,N14-MIN(N14,MAX(0,$B14-SUMPRODUCT(($T14:$AA14<V14)*$L14:$S14)))) | AE14: =IF(O14-MIN(O14,MAX(0,$B14-SUMPRODUCT(($T14:$AA14<W14)*$L14:$S14)))<=0.005,0,O14-MIN(O14,MAX(0,$B14-SUMPRODUCT(($T14:$AA14<W14)*$L14:$S14)))) | AF14: =IF(P14-MIN(P14,MAX(0,$B14-SUMPRODUCT(($T14:$AA14<X14)*$L14:$S14)))<=0.005,0,P14-MIN(P14,MAX(0,$B14-SUMPRODUCT(($T14:$AA14<X14)*$L14:$S14)))) | AG14: =IF(Q14-MIN(Q14,MAX(0,$B14-SUMPRODUCT(($T14:$AA14<Y14)*$L14:$S14)))<=0.005,0,Q14-MIN(Q14,MAX(0,$B14-SUMPRODUCT(($T14:$AA14<Y14)*$L14:$S14)))) | AH14: =IF(R14-MIN(R14,MAX(0,$B14-SUMPRODUCT(($T14:$AA14<Z14)*$L14:$S14)))<=0.005,0,R14-MIN(R14,MAX(0,$B14-SUMPRODUCT(($T14:$AA14<Z14)*$L14:$S14)))) | AI14: =IF(S14-MIN(S14,MAX(0,$B14-SUMPRODUCT(($T14:$AA14<AA14)*$L14:$S14)))<=0.005,0,S14-MIN(S14,MAX(0,$B14-SUMPRODUCT(($T14:$AA14<AA14)*$L14:$S14))))
A15: 12 | B15: =Debts!$B$4-(SUM($D15:$K15)-SUM($L15:$S15)) | C15: =SUM($AB15:$AI15) | D15: =IF(N(AB14)>0,N(AB14)*(1+N(Debts!$C$7)/1200),0) | E15: =IF(N(AC14)>0,N(AC14)*(1+N(Debts!$C$8)/1200),0) | F15: =IF(N(AD14)>0,N(AD14)*(1+N(Debts!$C$9)/1200),0) | G15: =IF(N(AE14)>0,N(AE14)*(1+N(Debts!$C$10)/1200),0) | H15: =IF(N(AF14)>0,N(AF14)*(1+N(Debts!$C$11)/1200),0) | I15: =IF(N(AG14)>0,N(AG14)*(1+N(Debts!$C$12)/1200),0) | J15: =IF(N(AH14)>0,N(AH14)*(1+N(Debts!$C$13)/1200),0) | K15: =IF(N(AI14)>0,N(AI14)*(1+N(Debts!$C$14)/1200),0) | L15: =D15-MIN(N(Debts!$D$7),D15) | M15: =E15-MIN(N(Debts!$D$8),E15) | N15: =F15-MIN(N(Debts!$D$9),F15) | O15: =G15-MIN(N(Debts!$D$10),G15) | P15: =H15-MIN(N(Debts!$D$11),H15) | Q15: =I15-MIN(N(Debts!$D$12),I15) | R15: =J15-MIN(N(Debts!$D$13),J15) | S15: =K15-MIN(N(Debts!$D$14),K15) | T15: =IF(L15<=0.005,99,1+SUMPRODUCT(($L15:$S15>0.005)*(($L2:$S2>L$2)+($L2:$S2=L$2)*($L15:$S15<L15)+($L2:$S2=L$2)*($L15:$S15=L15)*($L1:$S1<L$1)))) | U15: =IF(M15<=0.005,99,1+SUMPRODUCT(($L15:$S15>0.005)*(($L2:$S2>M$2)+($L2:$S2=M$2)*($L15:$S15<M15)+($L2:$S2=M$2)*($L15:$S15=M15)*($L1:$S1<M$1)))) | V15: =IF(N15<=0.005,99,1+SUMPRODUCT(($L15:$S15>0.005)*(($L2:$S2>N$2)+($L2:$S2=N$2)*($L15:$S15<N15)+($L2:$S2=N$2)*($L15:$S15=N15)*($L1:$S1<N$1)))) | W15: =IF(O15<=0.005,99,1+SUMPRODUCT(($L15:$S15>0.005)*(($L2:$S2>O$2)+($L2:$S2=O$2)*($L15:$S15<O15)+($L2:$S2=O$2)*($L15:$S15=O15)*($L1:$S1<O$1)))) | X15: =IF(P15<=0.005,99,1+SUMPRODUCT(($L15:$S15>0.005)*(($L2:$S2>P$2)+($L2:$S2=P$2)*($L15:$S15<P15)+($L2:$S2=P$2)*($L15:$S15=P15)*($L1:$S1<P$1)))) | Y15: =IF(Q15<=0.005,99,1+SUMPRODUCT(($L15:$S15>0.005)*(($L2:$S2>Q$2)+($L2:$S2=Q$2)*($L15:$S15<Q15)+($L2:$S2=Q$2)*($L15:$S15=Q15)*($L1:$S1<Q$1)))) | Z15: =IF(R15<=0.005,99,1+SUMPRODUCT(($L15:$S15>0.005)*(($L2:$S2>R$2)+($L2:$S2=R$2)*($L15:$S15<R15)+($L2:$S2=R$2)*($L15:$S15=R15)*($L1:$S1<R$1)))) | AA15: =IF(S15<=0.005,99,1+SUMPRODUCT(($L15:$S15>0.005)*(($L2:$S2>S$2)+($L2:$S2=S$2)*($L15:$S15<S15)+($L2:$S2=S$2)*($L15:$S15=S15)*($L1:$S1<S$1)))) | AB15: =IF(L15-MIN(L15,MAX(0,$B15-SUMPRODUCT(($T15:$AA15<T15)*$L15:$S15)))<=0.005,0,L15-MIN(L15,MAX(0,$B15-SUMPRODUCT(($T15:$AA15<T15)*$L15:$S15)))) | AC15: =IF(M15-MIN(M15,MAX(0,$B15-SUMPRODUCT(($T15:$AA15<U15)*$L15:$S15)))<=0.005,0,M15-MIN(M15,MAX(0,$B15-SUMPRODUCT(($T15:$AA15<U15)*$L15:$S15)))) | AD15: =IF(N15-MIN(N15,MAX(0,$B15-SUMPRODUCT(($T15:$AA15<V15)*$L15:$S15)))<=0.005,0,N15-MIN(N15,MAX(0,$B15-SUMPRODUCT(($T15:$AA15<V15)*$L15:$S15)))) | AE15: =IF(O15-MIN(O15,MAX(0,$B15-SUMPRODUCT(($T15:$AA15<W15)*$L15:$S15)))<=0.005,0,O15-MIN(O15,MAX(0,$B15-SUMPRODUCT(($T15:$AA15<W15)*$L15:$S15)))) | AF15: =IF(P15-MIN(P15,MAX(0,$B15-SUMPRODUCT(($T15:$AA15<X15)*$L15:$S15)))<=0.005,0,P15-MIN(P15,MAX(0,$B15-SUMPRODUCT(($T15:$AA15<X15)*$L15:$S15)))) | AG15: =IF(Q15-MIN(Q15,MAX(0,$B15-SUMPRODUCT(($T15:$AA15<Y15)*$L15:$S15)))<=0.005,0,Q15-MIN(Q15,MAX(0,$B15-SUMPRODUCT(($T15:$AA15<Y15)*$L15:$S15)))) | AH15: =IF(R15-MIN(R15,MAX(0,$B15-SUMPRODUCT(($T15:$AA15<Z15)*$L15:$S15)))<=0.005,0,R15-MIN(R15,MAX(0,$B15-SUMPRODUCT(($T15:$AA15<Z15)*$L15:$S15)))) | AI15: =IF(S15-MIN(S15,MAX(0,$B15-SUMPRODUCT(($T15:$AA15<AA15)*$L15:$S15)))<=0.005,0,S15-MIN(S15,MAX(0,$B15-SUMPRODUCT(($T15:$AA15<AA15)*$L15:$S15))))
A16: 13 | B16: =Debts!$B$4-(SUM($D16:$K16)-SUM($L16:$S16)) | C16: =SUM($AB16:$AI16) | D16: =IF(N(AB15)>0,N(AB15)*(1+N(Debts!$C$7)/1200),0) | E16: =IF(N(AC15)>0,N(AC15)*(1+N(Debts!$C$8)/1200),0) | F16: =IF(N(AD15)>0,N(AD15)*(1+N(Debts!$C$9)/1200),0) | G16: =IF(N(AE15)>0,N(AE15)*(1+N(Debts!$C$10)/1200),0) | H16: =IF(N(AF15)>0,N(AF15)*(1+N(Debts!$C$11)/1200),0) | I16: =IF(N(AG15)>0,N(AG15)*(1+N(Debts!$C$12)/1200),0) | J16: =IF(N(AH15)>0,N(AH15)*(1+N(Debts!$C$13)/1200),0) | K16: =IF(N(AI15)>0,N(AI15)*(1+N(Debts!$C$14)/1200),0) | L16: =D16-MIN(N(Debts!$D$7),D16) | M16: =E16-MIN(N(Debts!$D$8),E16) | N16: =F16-MIN(N(Debts!$D$9),F16) | O16: =G16-MIN(N(Debts!$D$10),G16) | P16: =H16-MIN(N(Debts!$D$11),H16) | Q16: =I16-MIN(N(Debts!$D$12),I16) | R16: =J16-MIN(N(Debts!$D$13),J16) | S16: =K16-MIN(N(Debts!$D$14),K16) | T16: =IF(L16<=0.005,99,1+SUMPRODUCT(($L16:$S16>0.005)*(($L2:$S2>L$2)+($L2:$S2=L$2)*($L16:$S16<L16)+($L2:$S2=L$2)*($L16:$S16=L16)*($L1:$S1<L$1)))) | U16: =IF(M16<=0.005,99,1+SUMPRODUCT(($L16:$S16>0.005)*(($L2:$S2>M$2)+($L2:$S2=M$2)*($L16:$S16<M16)+($L2:$S2=M$2)*($L16:$S16=M16)*($L1:$S1<M$1)))) | V16: =IF(N16<=0.005,99,1+SUMPRODUCT(($L16:$S16>0.005)*(($L2:$S2>N$2)+($L2:$S2=N$2)*($L16:$S16<N16)+($L2:$S2=N$2)*($L16:$S16=N16)*($L1:$S1<N$1)))) | W16: =IF(O16<=0.005,99,1+SUMPRODUCT(($L16:$S16>0.005)*(($L2:$S2>O$2)+($L2:$S2=O$2)*($L16:$S16<O16)+($L2:$S2=O$2)*($L16:$S16=O16)*($L1:$S1<O$1)))) | X16: =IF(P16<=0.005,99,1+SUMPRODUCT(($L16:$S16>0.005)*(($L2:$S2>P$2)+($L2:$S2=P$2)*($L16:$S16<P16)+($L2:$S2=P$2)*($L16:$S16=P16)*($L1:$S1<P$1)))) | Y16: =IF(Q16<=0.005,99,1+SUMPRODUCT(($L16:$S16>0.005)*(($L2:$S2>Q$2)+($L2:$S2=Q$2)*($L16:$S16<Q16)+($L2:$S2=Q$2)*($L16:$S16=Q16)*($L1:$S1<Q$1)))) | Z16: =IF(R16<=0.005,99,1+SUMPRODUCT(($L16:$S16>0.005)*(($L2:$S2>R$2)+($L2:$S2=R$2)*($L16:$S16<R16)+($L2:$S2=R$2)*($L16:$S16=R16)*($L1:$S1<R$1)))) | AA16: =IF(S16<=0.005,99,1+SUMPRODUCT(($L16:$S16>0.005)*(($L2:$S2>S$2)+($L2:$S2=S$2)*($L16:$S16<S16)+($L2:$S2=S$2)*($L16:$S16=S16)*($L1:$S1<S$1)))) | AB16: =IF(L16-MIN(L16,MAX(0,$B16-SUMPRODUCT(($T16:$AA16<T16)*$L16:$S16)))<=0.005,0,L16-MIN(L16,MAX(0,$B16-SUMPRODUCT(($T16:$AA16<T16)*$L16:$S16)))) | AC16: =IF(M16-MIN(M16,MAX(0,$B16-SUMPRODUCT(($T16:$AA16<U16)*$L16:$S16)))<=0.005,0,M16-MIN(M16,MAX(0,$B16-SUMPRODUCT(($T16:$AA16<U16)*$L16:$S16)))) | AD16: =IF(N16-MIN(N16,MAX(0,$B16-SUMPRODUCT(($T16:$AA16<V16)*$L16:$S16)))<=0.005,0,N16-MIN(N16,MAX(0,$B16-SUMPRODUCT(($T16:$AA16<V16)*$L16:$S16)))) | AE16: =IF(O16-MIN(O16,MAX(0,$B16-SUMPRODUCT(($T16:$AA16<W16)*$L16:$S16)))<=0.005,0,O16-MIN(O16,MAX(0,$B16-SUMPRODUCT(($T16:$AA16<W16)*$L16:$S16)))) | AF16: =IF(P16-MIN(P16,MAX(0,$B16-SUMPRODUCT(($T16:$AA16<X16)*$L16:$S16)))<=0.005,0,P16-MIN(P16,MAX(0,$B16-SUMPRODUCT(($T16:$AA16<X16)*$L16:$S16)))) | AG16: =IF(Q16-MIN(Q16,MAX(0,$B16-SUMPRODUCT(($T16:$AA16<Y16)*$L16:$S16)))<=0.005,0,Q16-MIN(Q16,MAX(0,$B16-SUMPRODUCT(($T16:$AA16<Y16)*$L16:$S16)))) | AH16: =IF(R16-MIN(R16,MAX(0,$B16-SUMPRODUCT(($T16:$AA16<Z16)*$L16:$S16)))<=0.005,0,R16-MIN(R16,MAX(0,$B16-SUMPRODUCT(($T16:$AA16<Z16)*$L16:$S16)))) | AI16: =IF(S16-MIN(S16,MAX(0,$B16-SUMPRODUCT(($T16:$AA16<AA16)*$L16:$S16)))<=0.005,0,S16-MIN(S16,MAX(0,$B16-SUMPRODUCT(($T16:$AA16<AA16)*$L16:$S16))))
A17: 14 | B17: =Debts!$B$4-(SUM($D17:$K17)-SUM($L17:$S17)) | C17: =SUM($AB17:$AI17) | D17: =IF(N(AB16)>0,N(AB16)*(1+N(Debts!$C$7)/1200),0) | E17: =IF(N(AC16)>0,N(AC16)*(1+N(Debts!$C$8)/1200),0) | F17: =IF(N(AD16)>0,N(AD16)*(1+N(Debts!$C$9)/1200),0) | G17: =IF(N(AE16)>0,N(AE16)*(1+N(Debts!$C$10)/1200),0) | H17: =IF(N(AF16)>0,N(AF16)*(1+N(Debts!$C$11)/1200),0) | I17: =IF(N(AG16)>0,N(AG16)*(1+N(Debts!$C$12)/1200),0) | J17: =IF(N(AH16)>0,N(AH16)*(1+N(Debts!$C$13)/1200),0) | K17: =IF(N(AI16)>0,N(AI16)*(1+N(Debts!$C$14)/1200),0) | L17: =D17-MIN(N(Debts!$D$7),D17) | M17: =E17-MIN(N(Debts!$D$8),E17) | N17: =F17-MIN(N(Debts!$D$9),F17) | O17: =G17-MIN(N(Debts!$D$10),G17) | P17: =H17-MIN(N(Debts!$D$11),H17) | Q17: =I17-MIN(N(Debts!$D$12),I17) | R17: =J17-MIN(N(Debts!$D$13),J17) | S17: =K17-MIN(N(Debts!$D$14),K17) | T17: =IF(L17<=0.005,99,1+SUMPRODUCT(($L17:$S17>0.005)*(($L2:$S2>L$2)+($L2:$S2=L$2)*($L17:$S17<L17)+($L2:$S2=L$2)*($L17:$S17=L17)*($L1:$S1<L$1)))) | U17: =IF(M17<=0.005,99,1+SUMPRODUCT(($L17:$S17>0.005)*(($L2:$S2>M$2)+($L2:$S2=M$2)*($L17:$S17<M17)+($L2:$S2=M$2)*($L17:$S17=M17)*($L1:$S1<M$1)))) | V17: =IF(N17<=0.005,99,1+SUMPRODUCT(($L17:$S17>0.005)*(($L2:$S2>N$2)+($L2:$S2=N$2)*($L17:$S17<N17)+($L2:$S2=N$2)*($L17:$S17=N17)*($L1:$S1<N$1)))) | W17: =IF(O17<=0.005,99,1+SUMPRODUCT(($L17:$S17>0.005)*(($L2:$S2>O$2)+($L2:$S2=O$2)*($L17:$S17<O17)+($L2:$S2=O$2)*($L17:$S17=O17)*($L1:$S1<O$1)))) | X17: =IF(P17<=0.005,99,1+SUMPRODUCT(($L17:$S17>0.005)*(($L2:$S2>P$2)+($L2:$S2=P$2)*($L17:$S17<P17)+($L2:$S2=P$2)*($L17:$S17=P17)*($L1:$S1<P$1)))) | Y17: =IF(Q17<=0.005,99,1+SUMPRODUCT(($L17:$S17>0.005)*(($L2:$S2>Q$2)+($L2:$S2=Q$2)*($L17:$S17<Q17)+($L2:$S2=Q$2)*($L17:$S17=Q17)*($L1:$S1<Q$1)))) | Z17: =IF(R17<=0.005,99,1+SUMPRODUCT(($L17:$S17>0.005)*(($L2:$S2>R$2)+($L2:$S2=R$2)*($L17:$S17<R17)+($L2:$S2=R$2)*($L17:$S17=R17)*($L1:$S1<R$1)))) | AA17: =IF(S17<=0.005,99,1+SUMPRODUCT(($L17:$S17>0.005)*(($L2:$S2>S$2)+($L2:$S2=S$2)*($L17:$S17<S17)+($L2:$S2=S$2)*($L17:$S17=S17)*($L1:$S1<S$1)))) | AB17: =IF(L17-MIN(L17,MAX(0,$B17-SUMPRODUCT(($T17:$AA17<T17)*$L17:$S17)))<=0.005,0,L17-MIN(L17,MAX(0,$B17-SUMPRODUCT(($T17:$AA17<T17)*$L17:$S17)))) | AC17: =IF(M17-MIN(M17,MAX(0,$B17-SUMPRODUCT(($T17:$AA17<U17)*$L17:$S17)))<=0.005,0,M17-MIN(M17,MAX(0,$B17-SUMPRODUCT(($T17:$AA17<U17)*$L17:$S17)))) | AD17: =IF(N17-MIN(N17,MAX(0,$B17-SUMPRODUCT(($T17:$AA17<V17)*$L17:$S17)))<=0.005,0,N17-MIN(N17,MAX(0,$B17-SUMPRODUCT(($T17:$AA17<V17)*$L17:$S17)))) | AE17: =IF(O17-MIN(O17,MAX(0,$B17-SUMPRODUCT(($T17:$AA17<W17)*$L17:$S17)))<=0.005,0,O17-MIN(O17,MAX(0,$B17-SUMPRODUCT(($T17:$AA17<W17)*$L17:$S17)))) | AF17: =IF(P17-MIN(P17,MAX(0,$B17-SUMPRODUCT(($T17:$AA17<X17)*$L17:$S17)))<=0.005,0,P17-MIN(P17,MAX(0,$B17-SUMPRODUCT(($T17:$AA17<X17)*$L17:$S17)))) | AG17: =IF(Q17-MIN(Q17,MAX(0,$B17-SUMPRODUCT(($T17:$AA17<Y17)*$L17:$S17)))<=0.005,0,Q17-MIN(Q17,MAX(0,$B17-SUMPRODUCT(($T17:$AA17<Y17)*$L17:$S17)))) | AH17: =IF(R17-MIN(R17,MAX(0,$B17-SUMPRODUCT(($T17:$AA17<Z17)*$L17:$S17)))<=0.005,0,R17-MIN(R17,MAX(0,$B17-SUMPRODUCT(($T17:$AA17<Z17)*$L17:$S17)))) | AI17: =IF(S17-MIN(S17,MAX(0,$B17-SUMPRODUCT(($T17:$AA17<AA17)*$L17:$S17)))<=0.005,0,S17-MIN(S17,MAX(0,$B17-SUMPRODUCT(($T17:$AA17<AA17)*$L17:$S17))))
A18: 15 | B18: =Debts!$B$4-(SUM($D18:$K18)-SUM($L18:$S18)) | C18: =SUM($AB18:$AI18) | D18: =IF(N(AB17)>0,N(AB17)*(1+N(Debts!$C$7)/1200),0) | E18: =IF(N(AC17)>0,N(AC17)*(1+N(Debts!$C$8)/1200),0) | F18: =IF(N(AD17)>0,N(AD17)*(1+N(Debts!$C$9)/1200),0) | G18: =IF(N(AE17)>0,N(AE17)*(1+N(Debts!$C$10)/1200),0) | H18: =IF(N(AF17)>0,N(AF17)*(1+N(Debts!$C$11)/1200),0) | I18: =IF(N(AG17)>0,N(AG17)*(1+N(Debts!$C$12)/1200),0) | J18: =IF(N(AH17)>0,N(AH17)*(1+N(Debts!$C$13)/1200),0) | K18: =IF(N(AI17)>0,N(AI17)*(1+N(Debts!$C$14)/1200),0) | L18: =D18-MIN(N(Debts!$D$7),D18) | M18: =E18-MIN(N(Debts!$D$8),E18) | N18: =F18-MIN(N(Debts!$D$9),F18) | O18: =G18-MIN(N(Debts!$D$10),G18) | P18: =H18-MIN(N(Debts!$D$11),H18) | Q18: =I18-MIN(N(Debts!$D$12),I18) | R18: =J18-MIN(N(Debts!$D$13),J18) | S18: =K18-MIN(N(Debts!$D$14),K18) | T18: =IF(L18<=0.005,99,1+SUMPRODUCT(($L18:$S18>0.005)*(($L2:$S2>L$2)+($L2:$S2=L$2)*($L18:$S18<L18)+($L2:$S2=L$2)*($L18:$S18=L18)*($L1:$S1<L$1)))) | U18: =IF(M18<=0.005,99,1+SUMPRODUCT(($L18:$S18>0.005)*(($L2:$S2>M$2)+($L2:$S2=M$2)*($L18:$S18<M18)+($L2:$S2=M$2)*($L18:$S18=M18)*($L1:$S1<M$1)))) | V18: =IF(N18<=0.005,99,1+SUMPRODUCT(($L18:$S18>0.005)*(($L2:$S2>N$2)+($L2:$S2=N$2)*($L18:$S18<N18)+($L2:$S2=N$2)*($L18:$S18=N18)*($L1:$S1<N$1)))) | W18: =IF(O18<=0.005,99,1+SUMPRODUCT(($L18:$S18>0.005)*(($L2:$S2>O$2)+($L2:$S2=O$2)*($L18:$S18<O18)+($L2:$S2=O$2)*($L18:$S18=O18)*($L1:$S1<O$1)))) | X18: =IF(P18<=0.005,99,1+SUMPRODUCT(($L18:$S18>0.005)*(($L2:$S2>P$2)+($L2:$S2=P$2)*($L18:$S18<P18)+($L2:$S2=P$2)*($L18:$S18=P18)*($L1:$S1<P$1)))) | Y18: =IF(Q18<=0.005,99,1+SUMPRODUCT(($L18:$S18>0.005)*(($L2:$S2>Q$2)+($L2:$S2=Q$2)*($L18:$S18<Q18)+($L2:$S2=Q$2)*($L18:$S18=Q18)*($L1:$S1<Q$1)))) | Z18: =IF(R18<=0.005,99,1+SUMPRODUCT(($L18:$S18>0.005)*(($L2:$S2>R$2)+($L2:$S2=R$2)*($L18:$S18<R18)+($L2:$S2=R$2)*($L18:$S18=R18)*($L1:$S1<R$1)))) | AA18: =IF(S18<=0.005,99,1+SUMPRODUCT(($L18:$S18>0.005)*(($L2:$S2>S$2)+($L2:$S2=S$2)*($L18:$S18<S18)+($L2:$S2=S$2)*($L18:$S18=S18)*($L1:$S1<S$1)))) | AB18: =IF(L18-MIN(L18,MAX(0,$B18-SUMPRODUCT(($T18:$AA18<T18)*$L18:$S18)))<=0.005,0,L18-MIN(L18,MAX(0,$B18-SUMPRODUCT(($T18:$AA18<T18)*$L18:$S18)))) | AC18: =IF(M18-MIN(M18,MAX(0,$B18-SUMPRODUCT(($T18:$AA18<U18)*$L18:$S18)))<=0.005,0,M18-MIN(M18,MAX(0,$B18-SUMPRODUCT(($T18:$AA18<U18)*$L18:$S18)))) | AD18: =IF(N18-MIN(N18,MAX(0,$B18-SUMPRODUCT(($T18:$AA18<V18)*$L18:$S18)))<=0.005,0,N18-MIN(N18,MAX(0,$B18-SUMPRODUCT(($T18:$AA18<V18)*$L18:$S18)))) | AE18: =IF(O18-MIN(O18,MAX(0,$B18-SUMPRODUCT(($T18:$AA18<W18)*$L18:$S18)))<=0.005,0,O18-MIN(O18,MAX(0,$B18-SUMPRODUCT(($T18:$AA18<W18)*$L18:$S18)))) | AF18: =IF(P18-MIN(P18,MAX(0,$B18-SUMPRODUCT(($T18:$AA18<X18)*$L18:$S18)))<=0.005,0,P18-MIN(P18,MAX(0,$B18-SUMPRODUCT(($T18:$AA18<X18)*$L18:$S18)))) | AG18: =IF(Q18-MIN(Q18,MAX(0,$B18-SUMPRODUCT(($T18:$AA18<Y18)*$L18:$S18)))<=0.005,0,Q18-MIN(Q18,MAX(0,$B18-SUMPRODUCT(($T18:$AA18<Y18)*$L18:$S18)))) | AH18: =IF(R18-MIN(R18,MAX(0,$B18-SUMPRODUCT(($T18:$AA18<Z18)*$L18:$S18)))<=0.005,0,R18-MIN(R18,MAX(0,$B18-SUMPRODUCT(($T18:$AA18<Z18)*$L18:$S18)))) | AI18: =IF(S18-MIN(S18,MAX(0,$B18-SUMPRODUCT(($T18:$AA18<AA18)*$L18:$S18)))<=0.005,0,S18-MIN(S18,MAX(0,$B18-SUMPRODUCT(($T18:$AA18<AA18)*$L18:$S18))))
A19: 16 | B19: =Debts!$B$4-(SUM($D19:$K19)-SUM($L19:$S19)) | C19: =SUM($AB19:$AI19) | D19: =IF(N(AB18)>0,N(AB18)*(1+N(Debts!$C$7)/1200),0) | E19: =IF(N(AC18)>0,N(AC18)*(1+N(Debts!$C$8)/1200),0) | F19: =IF(N(AD18)>0,N(AD18)*(1+N(Debts!$C$9)/1200),0) | G19: =IF(N(AE18)>0,N(AE18)*(1+N(Debts!$C$10)/1200),0) | H19: =IF(N(AF18)>0,N(AF18)*(1+N(Debts!$C$11)/1200),0) | I19: =IF(N(AG18)>0,N(AG18)*(1+N(Debts!$C$12)/1200),0) | J19: =IF(N(AH18)>0,N(AH18)*(1+N(Debts!$C$13)/1200),0) | K19: =IF(N(AI18)>0,N(AI18)*(1+N(Debts!$C$14)/1200),0) | L19: =D19-MIN(N(Debts!$D$7),D19) | M19: =E19-MIN(N(Debts!$D$8),E19) | N19: =F19-MIN(N(Debts!$D$9),F19) | O19: =G19-MIN(N(Debts!$D$10),G19) | P19: =H19-MIN(N(Debts!$D$11),H19) | Q19: =I19-MIN(N(Debts!$D$12),I19) | R19: =J19-MIN(N(Debts!$D$13),J19) | S19: =K19-MIN(N(Debts!$D$14),K19) | T19: =IF(L19<=0.005,99,1+SUMPRODUCT(($L19:$S19>0.005)*(($L2:$S2>L$2)+($L2:$S2=L$2)*($L19:$S19<L19)+($L2:$S2=L$2)*($L19:$S19=L19)*($L1:$S1<L$1)))) | U19: =IF(M19<=0.005,99,1+SUMPRODUCT(($L19:$S19>0.005)*(($L2:$S2>M$2)+($L2:$S2=M$2)*($L19:$S19<M19)+($L2:$S2=M$2)*($L19:$S19=M19)*($L1:$S1<M$1)))) | V19: =IF(N19<=0.005,99,1+SUMPRODUCT(($L19:$S19>0.005)*(($L2:$S2>N$2)+($L2:$S2=N$2)*($L19:$S19<N19)+($L2:$S2=N$2)*($L19:$S19=N19)*($L1:$S1<N$1)))) | W19: =IF(O19<=0.005,99,1+SUMPRODUCT(($L19:$S19>0.005)*(($L2:$S2>O$2)+($L2:$S2=O$2)*($L19:$S19<O19)+($L2:$S2=O$2)*($L19:$S19=O19)*($L1:$S1<O$1)))) | X19: =IF(P19<=0.005,99,1+SUMPRODUCT(($L19:$S19>0.005)*(($L2:$S2>P$2)+($L2:$S2=P$2)*($L19:$S19<P19)+($L2:$S2=P$2)*($L19:$S19=P19)*($L1:$S1<P$1)))) | Y19: =IF(Q19<=0.005,99,1+SUMPRODUCT(($L19:$S19>0.005)*(($L2:$S2>Q$2)+($L2:$S2=Q$2)*($L19:$S19<Q19)+($L2:$S2=Q$2)*($L19:$S19=Q19)*($L1:$S1<Q$1)))) | Z19: =IF(R19<=0.005,99,1+SUMPRODUCT(($L19:$S19>0.005)*(($L2:$S2>R$2)+($L2:$S2=R$2)*($L19:$S19<R19)+($L2:$S2=R$2)*($L19:$S19=R19)*($L1:$S1<R$1)))) | AA19: =IF(S19<=0.005,99,1+SUMPRODUCT(($L19:$S19>0.005)*(($L2:$S2>S$2)+($L2:$S2=S$2)*($L19:$S19<S19)+($L2:$S2=S$2)*($L19:$S19=S19)*($L1:$S1<S$1)))) | AB19: =IF(L19-MIN(L19,MAX(0,$B19-SUMPRODUCT(($T19:$AA19<T19)*$L19:$S19)))<=0.005,0,L19-MIN(L19,MAX(0,$B19-SUMPRODUCT(($T19:$AA19<T19)*$L19:$S19)))) | AC19: =IF(M19-MIN(M19,MAX(0,$B19-SUMPRODUCT(($T19:$AA19<U19)*$L19:$S19)))<=0.005,0,M19-MIN(M19,MAX(0,$B19-SUMPRODUCT(($T19:$AA19<U19)*$L19:$S19)))) | AD19: =IF(N19-MIN(N19,MAX(0,$B19-SUMPRODUCT(($T19:$AA19<V19)*$L19:$S19)))<=0.005,0,N19-MIN(N19,MAX(0,$B19-SUMPRODUCT(($T19:$AA19<V19)*$L19:$S19)))) | AE19: =IF(O19-MIN(O19,MAX(0,$B19-SUMPRODUCT(($T19:$AA19<W19)*$L19:$S19)))<=0.005,0,O19-MIN(O19,MAX(0,$B19-SUMPRODUCT(($T19:$AA19<W19)*$L19:$S19)))) | AF19: =IF(P19-MIN(P19,MAX(0,$B19-SUMPRODUCT(($T19:$AA19<X19)*$L19:$S19)))<=0.005,0,P19-MIN(P19,MAX(0,$B19-SUMPRODUCT(($T19:$AA19<X19)*$L19:$S19)))) | AG19: =IF(Q19-MIN(Q19,MAX(0,$B19-SUMPRODUCT(($T19:$AA19<Y19)*$L19:$S19)))<=0.005,0,Q19-MIN(Q19,MAX(0,$B19-SUMPRODUCT(($T19:$AA19<Y19)*$L19:$S19)))) | AH19: =IF(R19-MIN(R19,MAX(0,$B19-SUMPRODUCT(($T19:$AA19<Z19)*$L19:$S19)))<=0.005,0,R19-MIN(R19,MAX(0,$B19-SUMPRODUCT(($T19:$AA19<Z19)*$L19:$S19)))) | AI19: =IF(S19-MIN(S19,MAX(0,$B19-SUMPRODUCT(($T19:$AA19<AA19)*$L19:$S19)))<=0.005,0,S19-MIN(S19,MAX(0,$B19-SUMPRODUCT(($T19:$AA19<AA19)*$L19:$S19))))
A20: 17 | B20: =Debts!$B$4-(SUM($D20:$K20)-SUM($L20:$S20)) | C20: =SUM($AB20:$AI20) | D20: =IF(N(AB19)>0,N(AB19)*(1+N(Debts!$C$7)/1200),0) | E20: =IF(N(AC19)>0,N(AC19)*(1+N(Debts!$C$8)/1200),0) | F20: =IF(N(AD19)>0,N(AD19)*(1+N(Debts!$C$9)/1200),0) | G20: =IF(N(AE19)>0,N(AE19)*(1+N(Debts!$C$10)/1200),0) | H20: =IF(N(AF19)>0,N(AF19)*(1+N(Debts!$C$11)/1200),0) | I20: =IF(N(AG19)>0,N(AG19)*(1+N(Debts!$C$12)/1200),0) | J20: =IF(N(AH19)>0,N(AH19)*(1+N(Debts!$C$13)/1200),0) | K20: =IF(N(AI19)>0,N(AI19)*(1+N(Debts!$C$14)/1200),0) | L20: =D20-MIN(N(Debts!$D$7),D20) | M20: =E20-MIN(N(Debts!$D$8),E20) | N20: =F20-MIN(N(Debts!$D$9),F20) | O20: =G20-MIN(N(Debts!$D$10),G20) | P20: =H20-MIN(N(Debts!$D$11),H20) | Q20: =I20-MIN(N(Debts!$D$12),I20) | R20: =J20-MIN(N(Debts!$D$13),J20) | S20: =K20-MIN(N(Debts!$D$14),K20) | T20: =IF(L20<=0.005,99,1+SUMPRODUCT(($L20:$S20>0.005)*(($L2:$S2>L$2)+($L2:$S2=L$2)*($L20:$S20<L20)+($L2:$S2=L$2)*($L20:$S20=L20)*($L1:$S1<L$1)))) | U20: =IF(M20<=0.005,99,1+SUMPRODUCT(($L20:$S20>0.005)*(($L2:$S2>M$2)+($L2:$S2=M$2)*($L20:$S20<M20)+($L2:$S2=M$2)*($L20:$S20=M20)*($L1:$S1<M$1)))) | V20: =IF(N20<=0.005,99,1+SUMPRODUCT(($L20:$S20>0.005)*(($L2:$S2>N$2)+($L2:$S2=N$2)*($L20:$S20<N20)+($L2:$S2=N$2)*($L20:$S20=N20)*($L1:$S1<N$1)))) | W20: =IF(O20<=0.005,99,1+SUMPRODUCT(($L20:$S20>0.005)*(($L2:$S2>O$2)+($L2:$S2=O$2)*($L20:$S20<O20)+($L2:$S2=O$2)*($L20:$S20=O20)*($L1:$S1<O$1)))) | X20: =IF(P20<=0.005,99,1+SUMPRODUCT(($L20:$S20>0.005)*(($L2:$S2>P$2)+($L2:$S2=P$2)*($L20:$S20<P20)+($L2:$S2=P$2)*($L20:$S20=P20)*($L1:$S1<P$1)))) | Y20: =IF(Q20<=0.005,99,1+SUMPRODUCT(($L20:$S20>0.005)*(($L2:$S2>Q$2)+($L2:$S2=Q$2)*($L20:$S20<Q20)+($L2:$S2=Q$2)*($L20:$S20=Q20)*($L1:$S1<Q$1)))) | Z20: =IF(R20<=0.005,99,1+SUMPRODUCT(($L20:$S20>0.005)*(($L2:$S2>R$2)+($L2:$S2=R$2)*($L20:$S20<R20)+($L2:$S2=R$2)*($L20:$S20=R20)*($L1:$S1<R$1)))) | AA20: =IF(S20<=0.005,99,1+SUMPRODUCT(($L20:$S20>0.005)*(($L2:$S2>S$2)+($L2:$S2=S$2)*($L20:$S20<S20)+($L2:$S2=S$2)*($L20:$S20=S20)*($L1:$S1<S$1)))) | AB20: =IF(L20-MIN(L20,MAX(0,$B20-SUMPRODUCT(($T20:$AA20<T20)*$L20:$S20)))<=0.005,0,L20-MIN(L20,MAX(0,$B20-SUMPRODUCT(($T20:$AA20<T20)*$L20:$S20)))) | AC20: =IF(M20-MIN(M20,MAX(0,$B20-SUMPRODUCT(($T20:$AA20<U20)*$L20:$S20)))<=0.005,0,M20-MIN(M20,MAX(0,$B20-SUMPRODUCT(($T20:$AA20<U20)*$L20:$S20)))) | AD20: =IF(N20-MIN(N20,MAX(0,$B20-SUMPRODUCT(($T20:$AA20<V20)*$L20:$S20)))<=0.005,0,N20-MIN(N20,MAX(0,$B20-SUMPRODUCT(($T20:$AA20<V20)*$L20:$S20)))) | AE20: =IF(O20-MIN(O20,MAX(0,$B20-SUMPRODUCT(($T20:$AA20<W20)*$L20:$S20)))<=0.005,0,O20-MIN(O20,MAX(0,$B20-SUMPRODUCT(($T20:$AA20<W20)*$L20:$S20)))) | AF20: =IF(P20-MIN(P20,MAX(0,$B20-SUMPRODUCT(($T20:$AA20<X20)*$L20:$S20)))<=0.005,0,P20-MIN(P20,MAX(0,$B20-SUMPRODUCT(($T20:$AA20<X20)*$L20:$S20)))) | AG20: =IF(Q20-MIN(Q20,MAX(0,$B20-SUMPRODUCT(($T20:$AA20<Y20)*$L20:$S20)))<=0.005,0,Q20-MIN(Q20,MAX(0,$B20-SUMPRODUCT(($T20:$AA20<Y20)*$L20:$S20)))) | AH20: =IF(R20-MIN(R20,MAX(0,$B20-SUMPRODUCT(($T20:$AA20<Z20)*$L20:$S20)))<=0.005,0,R20-MIN(R20,MAX(0,$B20-SUMPRODUCT(($T20:$AA20<Z20)*$L20:$S20)))) | AI20: =IF(S20-MIN(S20,MAX(0,$B20-SUMPRODUCT(($T20:$AA20<AA20)*$L20:$S20)))<=0.005,0,S20-MIN(S20,MAX(0,$B20-SUMPRODUCT(($T20:$AA20<AA20)*$L20:$S20))))
A21: 18 | B21: =Debts!$B$4-(SUM($D21:$K21)-SUM($L21:$S21)) | C21: =SUM($AB21:$AI21) | D21: =IF(N(AB20)>0,N(AB20)*(1+N(Debts!$C$7)/1200),0) | E21: =IF(N(AC20)>0,N(AC20)*(1+N(Debts!$C$8)/1200),0) | F21: =IF(N(AD20)>0,N(AD20)*(1+N(Debts!$C$9)/1200),0) | G21: =IF(N(AE20)>0,N(AE20)*(1+N(Debts!$C$10)/1200),0) | H21: =IF(N(AF20)>0,N(AF20)*(1+N(Debts!$C$11)/1200),0) | I21: =IF(N(AG20)>0,N(AG20)*(1+N(Debts!$C$12)/1200),0) | J21: =IF(N(AH20)>0,N(AH20)*(1+N(Debts!$C$13)/1200),0) | K21: =IF(N(AI20)>0,N(AI20)*(1+N(Debts!$C$14)/1200),0) | L21: =D21-MIN(N(Debts!$D$7),D21) | M21: =E21-MIN(N(Debts!$D$8),E21) | N21: =F21-MIN(N(Debts!$D$9),F21) | O21: =G21-MIN(N(Debts!$D$10),G21) | P21: =H21-MIN(N(Debts!$D$11),H21) | Q21: =I21-MIN(N(Debts!$D$12),I21) | R21: =J21-MIN(N(Debts!$D$13),J21) | S21: =K21-MIN(N(Debts!$D$14),K21) | T21: =IF(L21<=0.005,99,1+SUMPRODUCT(($L21:$S21>0.005)*(($L2:$S2>L$2)+($L2:$S2=L$2)*($L21:$S21<L21)+($L2:$S2=L$2)*($L21:$S21=L21)*($L1:$S1<L$1)))) | U21: =IF(M21<=0.005,99,1+SUMPRODUCT(($L21:$S21>0.005)*(($L2:$S2>M$2)+($L2:$S2=M$2)*($L21:$S21<M21)+($L2:$S2=M$2)*($L21:$S21=M21)*($L1:$S1<M$1)))) | V21: =IF(N21<=0.005,99,1+SUMPRODUCT(($L21:$S21>0.005)*(($L2:$S2>N$2)+($L2:$S2=N$2)*($L21:$S21<N21)+($L2:$S2=N$2)*($L21:$S21=N21)*($L1:$S1<N$1)))) | W21: =IF(O21<=0.005,99,1+SUMPRODUCT(($L21:$S21>0.005)*(($L2:$S2>O$2)+($L2:$S2=O$2)*($L21:$S21<O21)+($L2:$S2=O$2)*($L21:$S21=O21)*($L1:$S1<O$1)))) | X21: =IF(P21<=0.005,99,1+SUMPRODUCT(($L21:$S21>0.005)*(($L2:$S2>P$2)+($L2:$S2=P$2)*($L21:$S21<P21)+($L2:$S2=P$2)*($L21:$S21=P21)*($L1:$S1<P$1)))) | Y21: =IF(Q21<=0.005,99,1+SUMPRODUCT(($L21:$S21>0.005)*(($L2:$S2>Q$2)+($L2:$S2=Q$2)*($L21:$S21<Q21)+($L2:$S2=Q$2)*($L21:$S21=Q21)*($L1:$S1<Q$1)))) | Z21: =IF(R21<=0.005,99,1+SUMPRODUCT(($L21:$S21>0.005)*(($L2:$S2>R$2)+($L2:$S2=R$2)*($L21:$S21<R21)+($L2:$S2=R$2)*($L21:$S21=R21)*($L1:$S1<R$1)))) | AA21: =IF(S21<=0.005,99,1+SUMPRODUCT(($L21:$S21>0.005)*(($L2:$S2>S$2)+($L2:$S2=S$2)*($L21:$S21<S21)+($L2:$S2=S$2)*($L21:$S21=S21)*($L1:$S1<S$1)))) | AB21: =IF(L21-MIN(L21,MAX(0,$B21-SUMPRODUCT(($T21:$AA21<T21)*$L21:$S21)))<=0.005,0,L21-MIN(L21,MAX(0,$B21-SUMPRODUCT(($T21:$AA21<T21)*$L21:$S21)))) | AC21: =IF(M21-MIN(M21,MAX(0,$B21-SUMPRODUCT(($T21:$AA21<U21)*$L21:$S21)))<=0.005,0,M21-MIN(M21,MAX(0,$B21-SUMPRODUCT(($T21:$AA21<U21)*$L21:$S21)))) | AD21: =IF(N21-MIN(N21,MAX(0,$B21-SUMPRODUCT(($T21:$AA21<V21)*$L21:$S21)))<=0.005,0,N21-MIN(N21,MAX(0,$B21-SUMPRODUCT(($T21:$AA21<V21)*$L21:$S21)))) | AE21: =IF(O21-MIN(O21,MAX(0,$B21-SUMPRODUCT(($T21:$AA21<W21)*$L21:$S21)))<=0.005,0,O21-MIN(O21,MAX(0,$B21-SUMPRODUCT(($T21:$AA21<W21)*$L21:$S21)))) | AF21: =IF(P21-MIN(P21,MAX(0,$B21-SUMPRODUCT(($T21:$AA21<X21)*$L21:$S21)))<=0.005,0,P21-MIN(P21,MAX(0,$B21-SUMPRODUCT(($T21:$AA21<X21)*$L21:$S21)))) | AG21: =IF(Q21-MIN(Q21,MAX(0,$B21-SUMPRODUCT(($T21:$AA21<Y21)*$L21:$S21)))<=0.005,0,Q21-MIN(Q21,MAX(0,$B21-SUMPRODUCT(($T21:$AA21<Y21)*$L21:$S21)))) | AH21: =IF(R21-MIN(R21,MAX(0,$B21-SUMPRODUCT(($T21:$AA21<Z21)*$L21:$S21)))<=0.005,0,R21-MIN(R21,MAX(0,$B21-SUMPRODUCT(($T21:$AA21<Z21)*$L21:$S21)))) | AI21: =IF(S21-MIN(S21,MAX(0,$B21-SUMPRODUCT(($T21:$AA21<AA21)*$L21:$S21)))<=0.005,0,S21-MIN(S21,MAX(0,$B21-SUMPRODUCT(($T21:$AA21<AA21)*$L21:$S21))))
A22: 19 | B22: =Debts!$B$4-(SUM($D22:$K22)-SUM($L22:$S22)) | C22: =SUM($AB22:$AI22) | D22: =IF(N(AB21)>0,N(AB21)*(1+N(Debts!$C$7)/1200),0) | E22: =IF(N(AC21)>0,N(AC21)*(1+N(Debts!$C$8)/1200),0) | F22: =IF(N(AD21)>0,N(AD21)*(1+N(Debts!$C$9)/1200),0) | G22: =IF(N(AE21)>0,N(AE21)*(1+N(Debts!$C$10)/1200),0) | H22: =IF(N(AF21)>0,N(AF21)*(1+N(Debts!$C$11)/1200),0) | I22: =IF(N(AG21)>0,N(AG21)*(1+N(Debts!$C$12)/1200),0) | J22: =IF(N(AH21)>0,N(AH21)*(1+N(Debts!$C$13)/1200),0) | K22: =IF(N(AI21)>0,N(AI21)*(1+N(Debts!$C$14)/1200),0) | L22: =D22-MIN(N(Debts!$D$7),D22) | M22: =E22-MIN(N(Debts!$D$8),E22) | N22: =F22-MIN(N(Debts!$D$9),F22) | O22: =G22-MIN(N(Debts!$D$10),G22) | P22: =H22-MIN(N(Debts!$D$11),H22) | Q22: =I22-MIN(N(Debts!$D$12),I22) | R22: =J22-MIN(N(Debts!$D$13),J22) | S22: =K22-MIN(N(Debts!$D$14),K22) | T22: =IF(L22<=0.005,99,1+SUMPRODUCT(($L22:$S22>0.005)*(($L2:$S2>L$2)+($L2:$S2=L$2)*($L22:$S22<L22)+($L2:$S2=L$2)*($L22:$S22=L22)*($L1:$S1<L$1)))) | U22: =IF(M22<=0.005,99,1+SUMPRODUCT(($L22:$S22>0.005)*(($L2:$S2>M$2)+($L2:$S2=M$2)*($L22:$S22<M22)+($L2:$S2=M$2)*($L22:$S22=M22)*($L1:$S1<M$1)))) | V22: =IF(N22<=0.005,99,1+SUMPRODUCT(($L22:$S22>0.005)*(($L2:$S2>N$2)+($L2:$S2=N$2)*($L22:$S22<N22)+($L2:$S2=N$2)*($L22:$S22=N22)*($L1:$S1<N$1)))) | W22: =IF(O22<=0.005,99,1+SUMPRODUCT(($L22:$S22>0.005)*(($L2:$S2>O$2)+($L2:$S2=O$2)*($L22:$S22<O22)+($L2:$S2=O$2)*($L22:$S22=O22)*($L1:$S1<O$1)))) | X22: =IF(P22<=0.005,99,1+SUMPRODUCT(($L22:$S22>0.005)*(($L2:$S2>P$2)+($L2:$S2=P$2)*($L22:$S22<P22)+($L2:$S2=P$2)*($L22:$S22=P22)*($L1:$S1<P$1)))) | Y22: =IF(Q22<=0.005,99,1+SUMPRODUCT(($L22:$S22>0.005)*(($L2:$S2>Q$2)+($L2:$S2=Q$2)*($L22:$S22<Q22)+($L2:$S2=Q$2)*($L22:$S22=Q22)*($L1:$S1<Q$1)))) | Z22: =IF(R22<=0.005,99,1+SUMPRODUCT(($L22:$S22>0.005)*(($L2:$S2>R$2)+($L2:$S2=R$2)*($L22:$S22<R22)+($L2:$S2=R$2)*($L22:$S22=R22)*($L1:$S1<R$1)))) | AA22: =IF(S22<=0.005,99,1+SUMPRODUCT(($L22:$S22>0.005)*(($L2:$S2>S$2)+($L2:$S2=S$2)*($L22:$S22<S22)+($L2:$S2=S$2)*($L22:$S22=S22)*($L1:$S1<S$1)))) | AB22: =IF(L22-MIN(L22,MAX(0,$B22-SUMPRODUCT(($T22:$AA22<T22)*$L22:$S22)))<=0.005,0,L22-MIN(L22,MAX(0,$B22-SUMPRODUCT(($T22:$AA22<T22)*$L22:$S22)))) | AC22: =IF(M22-MIN(M22,MAX(0,$B22-SUMPRODUCT(($T22:$AA22<U22)*$L22:$S22)))<=0.005,0,M22-MIN(M22,MAX(0,$B22-SUMPRODUCT(($T22:$AA22<U22)*$L22:$S22)))) | AD22: =IF(N22-MIN(N22,MAX(0,$B22-SUMPRODUCT(($T22:$AA22<V22)*$L22:$S22)))<=0.005,0,N22-MIN(N22,MAX(0,$B22-SUMPRODUCT(($T22:$AA22<V22)*$L22:$S22)))) | AE22: =IF(O22-MIN(O22,MAX(0,$B22-SUMPRODUCT(($T22:$AA22<W22)*$L22:$S22)))<=0.005,0,O22-MIN(O22,MAX(0,$B22-SUMPRODUCT(($T22:$AA22<W22)*$L22:$S22)))) | AF22: =IF(P22-MIN(P22,MAX(0,$B22-SUMPRODUCT(($T22:$AA22<X22)*$L22:$S22)))<=0.005,0,P22-MIN(P22,MAX(0,$B22-SUMPRODUCT(($T22:$AA22<X22)*$L22:$S22)))) | AG22: =IF(Q22-MIN(Q22,MAX(0,$B22-SUMPRODUCT(($T22:$AA22<Y22)*$L22:$S22)))<=0.005,0,Q22-MIN(Q22,MAX(0,$B22-SUMPRODUCT(($T22:$AA22<Y22)*$L22:$S22)))) | AH22: =IF(R22-MIN(R22,MAX(0,$B22-SUMPRODUCT(($T22:$AA22<Z22)*$L22:$S22)))<=0.005,0,R22-MIN(R22,MAX(0,$B22-SUMPRODUCT(($T22:$AA22<Z22)*$L22:$S22)))) | AI22: =IF(S22-MIN(S22,MAX(0,$B22-SUMPRODUCT(($T22:$AA22<AA22)*$L22:$S22)))<=0.005,0,S22-MIN(S22,MAX(0,$B22-SUMPRODUCT(($T22:$AA22<AA22)*$L22:$S22))))
A23: 20 | B23: =Debts!$B$4-(SUM($D23:$K23)-SUM($L23:$S23)) | C23: =SUM($AB23:$AI23) | D23: =IF(N(AB22)>0,N(AB22)*(1+N(Debts!$C$7)/1200),0) | E23: =IF(N(AC22)>0,N(AC22)*(1+N(Debts!$C$8)/1200),0) | F23: =IF(N(AD22)>0,N(AD22)*(1+N(Debts!$C$9)/1200),0) | G23: =IF(N(AE22)>0,N(AE22)*(1+N(Debts!$C$10)/1200),0) | H23: =IF(N(AF22)>0,N(AF22)*(1+N(Debts!$C$11)/1200),0) | I23: =IF(N(AG22)>0,N(AG22)*(1+N(Debts!$C$12)/1200),0) | J23: =IF(N(AH22)>0,N(AH22)*(1+N(Debts!$C$13)/1200),0) | K23: =IF(N(AI22)>0,N(AI22)*(1+N(Debts!$C$14)/1200),0) | L23: =D23-MIN(N(Debts!$D$7),D23) | M23: =E23-MIN(N(Debts!$D$8),E23) | N23: =F23-MIN(N(Debts!$D$9),F23) | O23: =G23-MIN(N(Debts!$D$10),G23) | P23: =H23-MIN(N(Debts!$D$11),H23) | Q23: =I23-MIN(N(Debts!$D$12),I23) | R23: =J23-MIN(N(Debts!$D$13),J23) | S23: =K23-MIN(N(Debts!$D$14),K23) | T23: =IF(L23<=0.005,99,1+SUMPRODUCT(($L23:$S23>0.005)*(($L2:$S2>L$2)+($L2:$S2=L$2)*($L23:$S23<L23)+($L2:$S2=L$2)*($L23:$S23=L23)*($L1:$S1<L$1)))) | U23: =IF(M23<=0.005,99,1+SUMPRODUCT(($L23:$S23>0.005)*(($L2:$S2>M$2)+($L2:$S2=M$2)*($L23:$S23<M23)+($L2:$S2=M$2)*($L23:$S23=M23)*($L1:$S1<M$1)))) | V23: =IF(N23<=0.005,99,1+SUMPRODUCT(($L23:$S23>0.005)*(($L2:$S2>N$2)+($L2:$S2=N$2)*($L23:$S23<N23)+($L2:$S2=N$2)*($L23:$S23=N23)*($L1:$S1<N$1)))) | W23: =IF(O23<=0.005,99,1+SUMPRODUCT(($L23:$S23>0.005)*(($L2:$S2>O$2)+($L2:$S2=O$2)*($L23:$S23<O23)+($L2:$S2=O$2)*($L23:$S23=O23)*($L1:$S1<O$1)))) | X23: =IF(P23<=0.005,99,1+SUMPRODUCT(($L23:$S23>0.005)*(($L2:$S2>P$2)+($L2:$S2=P$2)*($L23:$S23<P23)+($L2:$S2=P$2)*($L23:$S23=P23)*($L1:$S1<P$1)))) | Y23: =IF(Q23<=0.005,99,1+SUMPRODUCT(($L23:$S23>0.005)*(($L2:$S2>Q$2)+($L2:$S2=Q$2)*($L23:$S23<Q23)+($L2:$S2=Q$2)*($L23:$S23=Q23)*($L1:$S1<Q$1)))) | Z23: =IF(R23<=0.005,99,1+SUMPRODUCT(($L23:$S23>0.005)*(($L2:$S2>R$2)+($L2:$S2=R$2)*($L23:$S23<R23)+($L2:$S2=R$2)*($L23:$S23=R23)*($L1:$S1<R$1)))) | AA23: =IF(S23<=0.005,99,1+SUMPRODUCT(($L23:$S23>0.005)*(($L2:$S2>S$2)+($L2:$S2=S$2)*($L23:$S23<S23)+($L2:$S2=S$2)*($L23:$S23=S23)*($L1:$S1<S$1)))) | AB23: =IF(L23-MIN(L23,MAX(0,$B23-SUMPRODUCT(($T23:$AA23<T23)*$L23:$S23)))<=0.005,0,L23-MIN(L23,MAX(0,$B23-SUMPRODUCT(($T23:$AA23<T23)*$L23:$S23)))) | AC23: =IF(M23-MIN(M23,MAX(0,$B23-SUMPRODUCT(($T23:$AA23<U23)*$L23:$S23)))<=0.005,0,M23-MIN(M23,MAX(0,$B23-SUMPRODUCT(($T23:$AA23<U23)*$L23:$S23)))) | AD23: =IF(N23-MIN(N23,MAX(0,$B23-SUMPRODUCT(($T23:$AA23<V23)*$L23:$S23)))<=0.005,0,N23-MIN(N23,MAX(0,$B23-SUMPRODUCT(($T23:$AA23<V23)*$L23:$S23)))) | AE23: =IF(O23-MIN(O23,MAX(0,$B23-SUMPRODUCT(($T23:$AA23<W23)*$L23:$S23)))<=0.005,0,O23-MIN(O23,MAX(0,$B23-SUMPRODUCT(($T23:$AA23<W23)*$L23:$S23)))) | AF23: =IF(P23-MIN(P23,MAX(0,$B23-SUMPRODUCT(($T23:$AA23<X23)*$L23:$S23)))<=0.005,0,P23-MIN(P23,MAX(0,$B23-SUMPRODUCT(($T23:$AA23<X23)*$L23:$S23)))) | AG23: =IF(Q23-MIN(Q23,MAX(0,$B23-SUMPRODUCT(($T23:$AA23<Y23)*$L23:$S23)))<=0.005,0,Q23-MIN(Q23,MAX(0,$B23-SUMPRODUCT(($T23:$AA23<Y23)*$L23:$S23)))) | AH23: =IF(R23-MIN(R23,MAX(0,$B23-SUMPRODUCT(($T23:$AA23<Z23)*$L23:$S23)))<=0.005,0,R23-MIN(R23,MAX(0,$B23-SUMPRODUCT(($T23:$AA23<Z23)*$L23:$S23)))) | AI23: =IF(S23-MIN(S23,MAX(0,$B23-SUMPRODUCT(($T23:$AA23<AA23)*$L23:$S23)))<=0.005,0,S23-MIN(S23,MAX(0,$B23-SUMPRODUCT(($T23:$AA23<AA23)*$L23:$S23))))
A24: 21 | B24: =Debts!$B$4-(SUM($D24:$K24)-SUM($L24:$S24)) | C24: =SUM($AB24:$AI24) | D24: =IF(N(AB23)>0,N(AB23)*(1+N(Debts!$C$7)/1200),0) | E24: =IF(N(AC23)>0,N(AC23)*(1+N(Debts!$C$8)/1200),0) | F24: =IF(N(AD23)>0,N(AD23)*(1+N(Debts!$C$9)/1200),0) | G24: =IF(N(AE23)>0,N(AE23)*(1+N(Debts!$C$10)/1200),0) | H24: =IF(N(AF23)>0,N(AF23)*(1+N(Debts!$C$11)/1200),0) | I24: =IF(N(AG23)>0,N(AG23)*(1+N(Debts!$C$12)/1200),0) | J24: =IF(N(AH23)>0,N(AH23)*(1+N(Debts!$C$13)/1200),0) | K24: =IF(N(AI23)>0,N(AI23)*(1+N(Debts!$C$14)/1200),0) | L24: =D24-MIN(N(Debts!$D$7),D24) | M24: =E24-MIN(N(Debts!$D$8),E24) | N24: =F24-MIN(N(Debts!$D$9),F24) | O24: =G24-MIN(N(Debts!$D$10),G24) | P24: =H24-MIN(N(Debts!$D$11),H24) | Q24: =I24-MIN(N(Debts!$D$12),I24) | R24: =J24-MIN(N(Debts!$D$13),J24) | S24: =K24-MIN(N(Debts!$D$14),K24) | T24: =IF(L24<=0.005,99,1+SUMPRODUCT(($L24:$S24>0.005)*(($L2:$S2>L$2)+($L2:$S2=L$2)*($L24:$S24<L24)+($L2:$S2=L$2)*($L24:$S24=L24)*($L1:$S1<L$1)))) | U24: =IF(M24<=0.005,99,1+SUMPRODUCT(($L24:$S24>0.005)*(($L2:$S2>M$2)+($L2:$S2=M$2)*($L24:$S24<M24)+($L2:$S2=M$2)*($L24:$S24=M24)*($L1:$S1<M$1)))) | V24: =IF(N24<=0.005,99,1+SUMPRODUCT(($L24:$S24>0.005)*(($L2:$S2>N$2)+($L2:$S2=N$2)*($L24:$S24<N24)+($L2:$S2=N$2)*($L24:$S24=N24)*($L1:$S1<N$1)))) | W24: =IF(O24<=0.005,99,1+SUMPRODUCT(($L24:$S24>0.005)*(($L2:$S2>O$2)+($L2:$S2=O$2)*($L24:$S24<O24)+($L2:$S2=O$2)*($L24:$S24=O24)*($L1:$S1<O$1)))) | X24: =IF(P24<=0.005,99,1+SUMPRODUCT(($L24:$S24>0.005)*(($L2:$S2>P$2)+($L2:$S2=P$2)*($L24:$S24<P24)+($L2:$S2=P$2)*($L24:$S24=P24)*($L1:$S1<P$1)))) | Y24: =IF(Q24<=0.005,99,1+SUMPRODUCT(($L24:$S24>0.005)*(($L2:$S2>Q$2)+($L2:$S2=Q$2)*($L24:$S24<Q24)+($L2:$S2=Q$2)*($L24:$S24=Q24)*($L1:$S1<Q$1)))) | Z24: =IF(R24<=0.005,99,1+SUMPRODUCT(($L24:$S24>0.005)*(($L2:$S2>R$2)+($L2:$S2=R$2)*($L24:$S24<R24)+($L2:$S2=R$2)*($L24:$S24=R24)*($L1:$S1<R$1)))) | AA24: =IF(S24<=0.005,99,1+SUMPRODUCT(($L24:$S24>0.005)*(($L2:$S2>S$2)+($L2:$S2=S$2)*($L24:$S24<S24)+($L2:$S2=S$2)*($L24:$S24=S24)*($L1:$S1<S$1)))) | AB24: =IF(L24-MIN(L24,MAX(0,$B24-SUMPRODUCT(($T24:$AA24<T24)*$L24:$S24)))<=0.005,0,L24-MIN(L24,MAX(0,$B24-SUMPRODUCT(($T24:$AA24<T24)*$L24:$S24)))) | AC24: =IF(M24-MIN(M24,MAX(0,$B24-SUMPRODUCT(($T24:$AA24<U24)*$L24:$S24)))<=0.005,0,M24-MIN(M24,MAX(0,$B24-SUMPRODUCT(($T24:$AA24<U24)*$L24:$S24)))) | AD24: =IF(N24-MIN(N24,MAX(0,$B24-SUMPRODUCT(($T24:$AA24<V24)*$L24:$S24)))<=0.005,0,N24-MIN(N24,MAX(0,$B24-SUMPRODUCT(($T24:$AA24<V24)*$L24:$S24)))) | AE24: =IF(O24-MIN(O24,MAX(0,$B24-SUMPRODUCT(($T24:$AA24<W24)*$L24:$S24)))<=0.005,0,O24-MIN(O24,MAX(0,$B24-SUMPRODUCT(($T24:$AA24<W24)*$L24:$S24)))) | AF24: =IF(P24-MIN(P24,MAX(0,$B24-SUMPRODUCT(($T24:$AA24<X24)*$L24:$S24)))<=0.005,0,P24-MIN(P24,MAX(0,$B24-SUMPRODUCT(($T24:$AA24<X24)*$L24:$S24)))) | AG24: =IF(Q24-MIN(Q24,MAX(0,$B24-SUMPRODUCT(($T24:$AA24<Y24)*$L24:$S24)))<=0.005,0,Q24-MIN(Q24,MAX(0,$B24-SUMPRODUCT(($T24:$AA24<Y24)*$L24:$S24)))) | AH24: =IF(R24-MIN(R24,MAX(0,$B24-SUMPRODUCT(($T24:$AA24<Z24)*$L24:$S24)))<=0.005,0,R24-MIN(R24,MAX(0,$B24-SUMPRODUCT(($T24:$AA24<Z24)*$L24:$S24)))) | AI24: =IF(S24-MIN(S24,MAX(0,$B24-SUMPRODUCT(($T24:$AA24<AA24)*$L24:$S24)))<=0.005,0,S24-MIN(S24,MAX(0,$B24-SUMPRODUCT(($T24:$AA24<AA24)*$L24:$S24))))
A25: 22 | B25: =Debts!$B$4-(SUM($D25:$K25)-SUM($L25:$S25)) | C25: =SUM($AB25:$AI25) | D25: =IF(N(AB24)>0,N(AB24)*(1+N(Debts!$C$7)/1200),0) | E25: =IF(N(AC24)>0,N(AC24)*(1+N(Debts!$C$8)/1200),0) | F25: =IF(N(AD24)>0,N(AD24)*(1+N(Debts!$C$9)/1200),0) | G25: =IF(N(AE24)>0,N(AE24)*(1+N(Debts!$C$10)/1200),0) | H25: =IF(N(AF24)>0,N(AF24)*(1+N(Debts!$C$11)/1200),0) | I25: =IF(N(AG24)>0,N(AG24)*(1+N(Debts!$C$12)/1200),0) | J25: =IF(N(AH24)>0,N(AH24)*(1+N(Debts!$C$13)/1200),0) | K25: =IF(N(AI24)>0,N(AI24)*(1+N(Debts!$C$14)/1200),0) | L25: =D25-MIN(N(Debts!$D$7),D25) | M25: =E25-MIN(N(Debts!$D$8),E25) | N25: =F25-MIN(N(Debts!$D$9),F25) | O25: =G25-MIN(N(Debts!$D$10),G25) | P25: =H25-MIN(N(Debts!$D$11),H25) | Q25: =I25-MIN(N(Debts!$D$12),I25) | R25: =J25-MIN(N(Debts!$D$13),J25) | S25: =K25-MIN(N(Debts!$D$14),K25) | T25: =IF(L25<=0.005,99,1+SUMPRODUCT(($L25:$S25>0.005)*(($L2:$S2>L$2)+($L2:$S2=L$2)*($L25:$S25<L25)+($L2:$S2=L$2)*($L25:$S25=L25)*($L1:$S1<L$1)))) | U25: =IF(M25<=0.005,99,1+SUMPRODUCT(($L25:$S25>0.005)*(($L2:$S2>M$2)+($L2:$S2=M$2)*($L25:$S25<M25)+($L2:$S2=M$2)*($L25:$S25=M25)*($L1:$S1<M$1)))) | V25: =IF(N25<=0.005,99,1+SUMPRODUCT(($L25:$S25>0.005)*(($L2:$S2>N$2)+($L2:$S2=N$2)*($L25:$S25<N25)+($L2:$S2=N$2)*($L25:$S25=N25)*($L1:$S1<N$1)))) | W25: =IF(O25<=0.005,99,1+SUMPRODUCT(($L25:$S25>0.005)*(($L2:$S2>O$2)+($L2:$S2=O$2)*($L25:$S25<O25)+($L2:$S2=O$2)*($L25:$S25=O25)*($L1:$S1<O$1)))) | X25: =IF(P25<=0.005,99,1+SUMPRODUCT(($L25:$S25>0.005)*(($L2:$S2>P$2)+($L2:$S2=P$2)*($L25:$S25<P25)+($L2:$S2=P$2)*($L25:$S25=P25)*($L1:$S1<P$1)))) | Y25: =IF(Q25<=0.005,99,1+SUMPRODUCT(($L25:$S25>0.005)*(($L2:$S2>Q$2)+($L2:$S2=Q$2)*($L25:$S25<Q25)+($L2:$S2=Q$2)*($L25:$S25=Q25)*($L1:$S1<Q$1)))) | Z25: =IF(R25<=0.005,99,1+SUMPRODUCT(($L25:$S25>0.005)*(($L2:$S2>R$2)+($L2:$S2=R$2)*($L25:$S25<R25)+($L2:$S2=R$2)*($L25:$S25=R25)*($L1:$S1<R$1)))) | AA25: =IF(S25<=0.005,99,1+SUMPRODUCT(($L25:$S25>0.005)*(($L2:$S2>S$2)+($L2:$S2=S$2)*($L25:$S25<S25)+($L2:$S2=S$2)*($L25:$S25=S25)*($L1:$S1<S$1)))) | AB25: =IF(L25-MIN(L25,MAX(0,$B25-SUMPRODUCT(($T25:$AA25<T25)*$L25:$S25)))<=0.005,0,L25-MIN(L25,MAX(0,$B25-SUMPRODUCT(($T25:$AA25<T25)*$L25:$S25)))) | AC25: =IF(M25-MIN(M25,MAX(0,$B25-SUMPRODUCT(($T25:$AA25<U25)*$L25:$S25)))<=0.005,0,M25-MIN(M25,MAX(0,$B25-SUMPRODUCT(($T25:$AA25<U25)*$L25:$S25)))) | AD25: =IF(N25-MIN(N25,MAX(0,$B25-SUMPRODUCT(($T25:$AA25<V25)*$L25:$S25)))<=0.005,0,N25-MIN(N25,MAX(0,$B25-SUMPRODUCT(($T25:$AA25<V25)*$L25:$S25)))) | AE25: =IF(O25-MIN(O25,MAX(0,$B25-SUMPRODUCT(($T25:$AA25<W25)*$L25:$S25)))<=0.005,0,O25-MIN(O25,MAX(0,$B25-SUMPRODUCT(($T25:$AA25<W25)*$L25:$S25)))) | AF25: =IF(P25-MIN(P25,MAX(0,$B25-SUMPRODUCT(($T25:$AA25<X25)*$L25:$S25)))<=0.005,0,P25-MIN(P25,MAX(0,$B25-SUMPRODUCT(($T25:$AA25<X25)*$L25:$S25)))) | AG25: =IF(Q25-MIN(Q25,MAX(0,$B25-SUMPRODUCT(($T25:$AA25<Y25)*$L25:$S25)))<=0.005,0,Q25-MIN(Q25,MAX(0,$B25-SUMPRODUCT(($T25:$AA25<Y25)*$L25:$S25)))) | AH25: =IF(R25-MIN(R25,MAX(0,$B25-SUMPRODUCT(($T25:$AA25<Z25)*$L25:$S25)))<=0.005,0,R25-MIN(R25,MAX(0,$B25-SUMPRODUCT(($T25:$AA25<Z25)*$L25:$S25)))) | AI25: =IF(S25-MIN(S25,MAX(0,$B25-SUMPRODUCT(($T25:$AA25<AA25)*$L25:$S25)))<=0.005,0,S25-MIN(S25,MAX(0,$B25-SUMPRODUCT(($T25:$AA25<AA25)*$L25:$S25))))
A26: 23 | B26: =Debts!$B$4-(SUM($D26:$K26)-SUM($L26:$S26)) | C26: =SUM($AB26:$AI26) | D26: =IF(N(AB25)>0,N(AB25)*(1+N(Debts!$C$7)/1200),0) | E26: =IF(N(AC25)>0,N(AC25)*(1+N(Debts!$C$8)/1200),0) | F26: =IF(N(AD25)>0,N(AD25)*(1+N(Debts!$C$9)/1200),0) | G26: =IF(N(AE25)>0,N(AE25)*(1+N(Debts!$C$10)/1200),0) | H26: =IF(N(AF25)>0,N(AF25)*(1+N(Debts!$C$11)/1200),0) | I26: =IF(N(AG25)>0,N(AG25)*(1+N(Debts!$C$12)/1200),0) | J26: =IF(N(AH25)>0,N(AH25)*(1+N(Debts!$C$13)/1200),0) | K26: =IF(N(AI25)>0,N(AI25)*(1+N(Debts!$C$14)/1200),0) | L26: =D26-MIN(N(Debts!$D$7),D26) | M26: =E26-MIN(N(Debts!$D$8),E26) | N26: =F26-MIN(N(Debts!$D$9),F26) | O26: =G26-MIN(N(Debts!$D$10),G26) | P26: =H26-MIN(N(Debts!$D$11),H26) | Q26: =I26-MIN(N(Debts!$D$12),I26) | R26: =J26-MIN(N(Debts!$D$13),J26) | S26: =K26-MIN(N(Debts!$D$14),K26) | T26: =IF(L26<=0.005,99,1+SUMPRODUCT(($L26:$S26>0.005)*(($L2:$S2>L$2)+($L2:$S2=L$2)*($L26:$S26<L26)+($L2:$S2=L$2)*($L26:$S26=L26)*($L1:$S1<L$1)))) | U26: =IF(M26<=0.005,99,1+SUMPRODUCT(($L26:$S26>0.005)*(($L2:$S2>M$2)+($L2:$S2=M$2)*($L26:$S26<M26)+($L2:$S2=M$2)*($L26:$S26=M26)*($L1:$S1<M$1)))) | V26: =IF(N26<=0.005,99,1+SUMPRODUCT(($L26:$S26>0.005)*(($L2:$S2>N$2)+($L2:$S2=N$2)*($L26:$S26<N26)+($L2:$S2=N$2)*($L26:$S26=N26)*($L1:$S1<N$1)))) | W26: =IF(O26<=0.005,99,1+SUMPRODUCT(($L26:$S26>0.005)*(($L2:$S2>O$2)+($L2:$S2=O$2)*($L26:$S26<O26)+($L2:$S2=O$2)*($L26:$S26=O26)*($L1:$S1<O$1)))) | X26: =IF(P26<=0.005,99,1+SUMPRODUCT(($L26:$S26>0.005)*(($L2:$S2>P$2)+($L2:$S2=P$2)*($L26:$S26<P26)+($L2:$S2=P$2)*($L26:$S26=P26)*($L1:$S1<P$1)))) | Y26: =IF(Q26<=0.005,99,1+SUMPRODUCT(($L26:$S26>0.005)*(($L2:$S2>Q$2)+($L2:$S2=Q$2)*($L26:$S26<Q26)+($L2:$S2=Q$2)*($L26:$S26=Q26)*($L1:$S1<Q$1)))) | Z26: =IF(R26<=0.005,99,1+SUMPRODUCT(($L26:$S26>0.005)*(($L2:$S2>R$2)+($L2:$S2=R$2)*($L26:$S26<R26)+($L2:$S2=R$2)*($L26:$S26=R26)*($L1:$S1<R$1)))) | AA26: =IF(S26<=0.005,99,1+SUMPRODUCT(($L26:$S26>0.005)*(($L2:$S2>S$2)+($L2:$S2=S$2)*($L26:$S26<S26)+($L2:$S2=S$2)*($L26:$S26=S26)*($L1:$S1<S$1)))) | AB26: =IF(L26-MIN(L26,MAX(0,$B26-SUMPRODUCT(($T26:$AA26<T26)*$L26:$S26)))<=0.005,0,L26-MIN(L26,MAX(0,$B26-SUMPRODUCT(($T26:$AA26<T26)*$L26:$S26)))) | AC26: =IF(M26-MIN(M26,MAX(0,$B26-SUMPRODUCT(($T26:$AA26<U26)*$L26:$S26)))<=0.005,0,M26-MIN(M26,MAX(0,$B26-SUMPRODUCT(($T26:$AA26<U26)*$L26:$S26)))) | AD26: =IF(N26-MIN(N26,MAX(0,$B26-SUMPRODUCT(($T26:$AA26<V26)*$L26:$S26)))<=0.005,0,N26-MIN(N26,MAX(0,$B26-SUMPRODUCT(($T26:$AA26<V26)*$L26:$S26)))) | AE26: =IF(O26-MIN(O26,MAX(0,$B26-SUMPRODUCT(($T26:$AA26<W26)*$L26:$S26)))<=0.005,0,O26-MIN(O26,MAX(0,$B26-SUMPRODUCT(($T26:$AA26<W26)*$L26:$S26)))) | AF26: =IF(P26-MIN(P26,MAX(0,$B26-SUMPRODUCT(($T26:$AA26<X26)*$L26:$S26)))<=0.005,0,P26-MIN(P26,MAX(0,$B26-SUMPRODUCT(($T26:$AA26<X26)*$L26:$S26)))) | AG26: =IF(Q26-MIN(Q26,MAX(0,$B26-SUMPRODUCT(($T26:$AA26<Y26)*$L26:$S26)))<=0.005,0,Q26-MIN(Q26,MAX(0,$B26-SUMPRODUCT(($T26:$AA26<Y26)*$L26:$S26)))) | AH26: =IF(R26-MIN(R26,MAX(0,$B26-SUMPRODUCT(($T26:$AA26<Z26)*$L26:$S26)))<=0.005,0,R26-MIN(R26,MAX(0,$B26-SUMPRODUCT(($T26:$AA26<Z26)*$L26:$S26)))) | AI26: =IF(S26-MIN(S26,MAX(0,$B26-SUMPRODUCT(($T26:$AA26<AA26)*$L26:$S26)))<=0.005,0,S26-MIN(S26,MAX(0,$B26-SUMPRODUCT(($T26:$AA26<AA26)*$L26:$S26))))
A27: 24 | B27: =Debts!$B$4-(SUM($D27:$K27)-SUM($L27:$S27)) | C27: =SUM($AB27:$AI27) | D27: =IF(N(AB26)>0,N(AB26)*(1+N(Debts!$C$7)/1200),0) | E27: =IF(N(AC26)>0,N(AC26)*(1+N(Debts!$C$8)/1200),0) | F27: =IF(N(AD26)>0,N(AD26)*(1+N(Debts!$C$9)/1200),0) | G27: =IF(N(AE26)>0,N(AE26)*(1+N(Debts!$C$10)/1200),0) | H27: =IF(N(AF26)>0,N(AF26)*(1+N(Debts!$C$11)/1200),0) | I27: =IF(N(AG26)>0,N(AG26)*(1+N(Debts!$C$12)/1200),0) | J27: =IF(N(AH26)>0,N(AH26)*(1+N(Debts!$C$13)/1200),0) | K27: =IF(N(AI26)>0,N(AI26)*(1+N(Debts!$C$14)/1200),0) | L27: =D27-MIN(N(Debts!$D$7),D27) | M27: =E27-MIN(N(Debts!$D$8),E27) | N27: =F27-MIN(N(Debts!$D$9),F27) | O27: =G27-MIN(N(Debts!$D$10),G27) | P27: =H27-MIN(N(Debts!$D$11),H27) | Q27: =I27-MIN(N(Debts!$D$12),I27) | R27: =J27-MIN(N(Debts!$D$13),J27) | S27: =K27-MIN(N(Debts!$D$14),K27) | T27: =IF(L27<=0.005,99,1+SUMPRODUCT(($L27:$S27>0.005)*(($L2:$S2>L$2)+($L2:$S2=L$2)*($L27:$S27<L27)+($L2:$S2=L$2)*($L27:$S27=L27)*($L1:$S1<L$1)))) | U27: =IF(M27<=0.005,99,1+SUMPRODUCT(($L27:$S27>0.005)*(($L2:$S2>M$2)+($L2:$S2=M$2)*($L27:$S27<M27)+($L2:$S2=M$2)*($L27:$S27=M27)*($L1:$S1<M$1)))) | V27: =IF(N27<=0.005,99,1+SUMPRODUCT(($L27:$S27>0.005)*(($L2:$S2>N$2)+($L2:$S2=N$2)*($L27:$S27<N27)+($L2:$S2=N$2)*($L27:$S27=N27)*($L1:$S1<N$1)))) | W27: =IF(O27<=0.005,99,1+SUMPRODUCT(($L27:$S27>0.005)*(($L2:$S2>O$2)+($L2:$S2=O$2)*($L27:$S27<O27)+($L2:$S2=O$2)*($L27:$S27=O27)*($L1:$S1<O$1)))) | X27: =IF(P27<=0.005,99,1+SUMPRODUCT(($L27:$S27>0.005)*(($L2:$S2>P$2)+($L2:$S2=P$2)*($L27:$S27<P27)+($L2:$S2=P$2)*($L27:$S27=P27)*($L1:$S1<P$1)))) | Y27: =IF(Q27<=0.005,99,1+SUMPRODUCT(($L27:$S27>0.005)*(($L2:$S2>Q$2)+($L2:$S2=Q$2)*($L27:$S27<Q27)+($L2:$S2=Q$2)*($L27:$S27=Q27)*($L1:$S1<Q$1)))) | Z27: =IF(R27<=0.005,99,1+SUMPRODUCT(($L27:$S27>0.005)*(($L2:$S2>R$2)+($L2:$S2=R$2)*($L27:$S27<R27)+($L2:$S2=R$2)*($L27:$S27=R27)*($L1:$S1<R$1)))) | AA27: =IF(S27<=0.005,99,1+SUMPRODUCT(($L27:$S27>0.005)*(($L2:$S2>S$2)+($L2:$S2=S$2)*($L27:$S27<S27)+($L2:$S2=S$2)*($L27:$S27=S27)*($L1:$S1<S$1)))) | AB27: =IF(L27-MIN(L27,MAX(0,$B27-SUMPRODUCT(($T27:$AA27<T27)*$L27:$S27)))<=0.005,0,L27-MIN(L27,MAX(0,$B27-SUMPRODUCT(($T27:$AA27<T27)*$L27:$S27)))) | AC27: =IF(M27-MIN(M27,MAX(0,$B27-SUMPRODUCT(($T27:$AA27<U27)*$L27:$S27)))<=0.005,0,M27-MIN(M27,MAX(0,$B27-SUMPRODUCT(($T27:$AA27<U27)*$L27:$S27)))) | AD27: =IF(N27-MIN(N27,MAX(0,$B27-SUMPRODUCT(($T27:$AA27<V27)*$L27:$S27)))<=0.005,0,N27-MIN(N27,MAX(0,$B27-SUMPRODUCT(($T27:$AA27<V27)*$L27:$S27)))) | AE27: =IF(O27-MIN(O27,MAX(0,$B27-SUMPRODUCT(($T27:$AA27<W27)*$L27:$S27)))<=0.005,0,O27-MIN(O27,MAX(0,$B27-SUMPRODUCT(($T27:$AA27<W27)*$L27:$S27)))) | AF27: =IF(P27-MIN(P27,MAX(0,$B27-SUMPRODUCT(($T27:$AA27<X27)*$L27:$S27)))<=0.005,0,P27-MIN(P27,MAX(0,$B27-SUMPRODUCT(($T27:$AA27<X27)*$L27:$S27)))) | AG27: =IF(Q27-MIN(Q27,MAX(0,$B27-SUMPRODUCT(($T27:$AA27<Y27)*$L27:$S27)))<=0.005,0,Q27-MIN(Q27,MAX(0,$B27-SUMPRODUCT(($T27:$AA27<Y27)*$L27:$S27)))) | AH27: =IF(R27-MIN(R27,MAX(0,$B27-SUMPRODUCT(($T27:$AA27<Z27)*$L27:$S27)))<=0.005,0,R27-MIN(R27,MAX(0,$B27-SUMPRODUCT(($T27:$AA27<Z27)*$L27:$S27)))) | AI27: =IF(S27-MIN(S27,MAX(0,$B27-SUMPRODUCT(($T27:$AA27<AA27)*$L27:$S27)))<=0.005,0,S27-MIN(S27,MAX(0,$B27-SUMPRODUCT(($T27:$AA27<AA27)*$L27:$S27))))
A28: 25 | B28: =Debts!$B$4-(SUM($D28:$K28)-SUM($L28:$S28)) | C28: =SUM($AB28:$AI28) | D28: =IF(N(AB27)>0,N(AB27)*(1+N(Debts!$C$7)/1200),0) | E28: =IF(N(AC27)>0,N(AC27)*(1+N(Debts!$C$8)/1200),0) | F28: =IF(N(AD27)>0,N(AD27)*(1+N(Debts!$C$9)/1200),0) | G28: =IF(N(AE27)>0,N(AE27)*(1+N(Debts!$C$10)/1200),0) | H28: =IF(N(AF27)>0,N(AF27)*(1+N(Debts!$C$11)/1200),0) | I28: =IF(N(AG27)>0,N(AG27)*(1+N(Debts!$C$12)/1200),0) | J28: =IF(N(AH27)>0,N(AH27)*(1+N(Debts!$C$13)/1200),0) | K28: =IF(N(AI27)>0,N(AI27)*(1+N(Debts!$C$14)/1200),0) | L28: =D28-MIN(N(Debts!$D$7),D28) | M28: =E28-MIN(N(Debts!$D$8),E28) | N28: =F28-MIN(N(Debts!$D$9),F28) | O28: =G28-MIN(N(Debts!$D$10),G28) | P28: =H28-MIN(N(Debts!$D$11),H28) | Q28: =I28-MIN(N(Debts!$D$12),I28) | R28: =J28-MIN(N(Debts!$D$13),J28) | S28: =K28-MIN(N(Debts!$D$14),K28) | T28: =IF(L28<=0.005,99,1+SUMPRODUCT(($L28:$S28>0.005)*(($L2:$S2>L$2)+($L2:$S2=L$2)*($L28:$S28<L28)+($L2:$S2=L$2)*($L28:$S28=L28)*($L1:$S1<L$1)))) | U28: =IF(M28<=0.005,99,1+SUMPRODUCT(($L28:$S28>0.005)*(($L2:$S2>M$2)+($L2:$S2=M$2)*($L28:$S28<M28)+($L2:$S2=M$2)*($L28:$S28=M28)*($L1:$S1<M$1)))) | V28: =IF(N28<=0.005,99,1+SUMPRODUCT(($L28:$S28>0.005)*(($L2:$S2>N$2)+($L2:$S2=N$2)*($L28:$S28<N28)+($L2:$S2=N$2)*($L28:$S28=N28)*($L1:$S1<N$1)))) | W28: =IF(O28<=0.005,99,1+SUMPRODUCT(($L28:$S28>0.005)*(($L2:$S2>O$2)+($L2:$S2=O$2)*($L28:$S28<O28)+($L2:$S2=O$2)*($L28:$S28=O28)*($L1:$S1<O$1)))) | X28: =IF(P28<=0.005,99,1+SUMPRODUCT(($L28:$S28>0.005)*(($L2:$S2>P$2)+($L2:$S2=P$2)*($L28:$S28<P28)+($L2:$S2=P$2)*($L28:$S28=P28)*($L1:$S1<P$1)))) | Y28: =IF(Q28<=0.005,99,1+SUMPRODUCT(($L28:$S28>0.005)*(($L2:$S2>Q$2)+($L2:$S2=Q$2)*($L28:$S28<Q28)+($L2:$S2=Q$2)*($L28:$S28=Q28)*($L1:$S1<Q$1)))) | Z28: =IF(R28<=0.005,99,1+SUMPRODUCT(($L28:$S28>0.005)*(($L2:$S2>R$2)+($L2:$S2=R$2)*($L28:$S28<R28)+($L2:$S2=R$2)*($L28:$S28=R28)*($L1:$S1<R$1)))) | AA28: =IF(S28<=0.005,99,1+SUMPRODUCT(($L28:$S28>0.005)*(($L2:$S2>S$2)+($L2:$S2=S$2)*($L28:$S28<S28)+($L2:$S2=S$2)*($L28:$S28=S28)*($L1:$S1<S$1)))) | AB28: =IF(L28-MIN(L28,MAX(0,$B28-SUMPRODUCT(($T28:$AA28<T28)*$L28:$S28)))<=0.005,0,L28-MIN(L28,MAX(0,$B28-SUMPRODUCT(($T28:$AA28<T28)*$L28:$S28)))) | AC28: =IF(M28-MIN(M28,MAX(0,$B28-SUMPRODUCT(($T28:$AA28<U28)*$L28:$S28)))<=0.005,0,M28-MIN(M28,MAX(0,$B28-SUMPRODUCT(($T28:$AA28<U28)*$L28:$S28)))) | AD28: =IF(N28-MIN(N28,MAX(0,$B28-SUMPRODUCT(($T28:$AA28<V28)*$L28:$S28)))<=0.005,0,N28-MIN(N28,MAX(0,$B28-SUMPRODUCT(($T28:$AA28<V28)*$L28:$S28)))) | AE28: =IF(O28-MIN(O28,MAX(0,$B28-SUMPRODUCT(($T28:$AA28<W28)*$L28:$S28)))<=0.005,0,O28-MIN(O28,MAX(0,$B28-SUMPRODUCT(($T28:$AA28<W28)*$L28:$S28)))) | AF28: =IF(P28-MIN(P28,MAX(0,$B28-SUMPRODUCT(($T28:$AA28<X28)*$L28:$S28)))<=0.005,0,P28-MIN(P28,MAX(0,$B28-SUMPRODUCT(($T28:$AA28<X28)*$L28:$S28)))) | AG28: =IF(Q28-MIN(Q28,MAX(0,$B28-SUMPRODUCT(($T28:$AA28<Y28)*$L28:$S28)))<=0.005,0,Q28-MIN(Q28,MAX(0,$B28-SUMPRODUCT(($T28:$AA28<Y28)*$L28:$S28)))) | AH28: =IF(R28-MIN(R28,MAX(0,$B28-SUMPRODUCT(($T28:$AA28<Z28)*$L28:$S28)))<=0.005,0,R28-MIN(R28,MAX(0,$B28-SUMPRODUCT(($T28:$AA28<Z28)*$L28:$S28)))) | AI28: =IF(S28-MIN(S28,MAX(0,$B28-SUMPRODUCT(($T28:$AA28<AA28)*$L28:$S28)))<=0.005,0,S28-MIN(S28,MAX(0,$B28-SUMPRODUCT(($T28:$AA28<AA28)*$L28:$S28))))
A29: 26 | B29: =Debts!$B$4-(SUM($D29:$K29)-SUM($L29:$S29)) | C29: =SUM($AB29:$AI29) | D29: =IF(N(AB28)>0,N(AB28)*(1+N(Debts!$C$7)/1200),0) | E29: =IF(N(AC28)>0,N(AC28)*(1+N(Debts!$C$8)/1200),0) | F29: =IF(N(AD28)>0,N(AD28)*(1+N(Debts!$C$9)/1200),0) | G29: =IF(N(AE28)>0,N(AE28)*(1+N(Debts!$C$10)/1200),0) | H29: =IF(N(AF28)>0,N(AF28)*(1+N(Debts!$C$11)/1200),0) | I29: =IF(N(AG28)>0,N(AG28)*(1+N(Debts!$C$12)/1200),0) | J29: =IF(N(AH28)>0,N(AH28)*(1+N(Debts!$C$13)/1200),0) | K29: =IF(N(AI28)>0,N(AI28)*(1+N(Debts!$C$14)/1200),0) | L29: =D29-MIN(N(Debts!$D$7),D29) | M29: =E29-MIN(N(Debts!$D$8),E29) | N29: =F29-MIN(N(Debts!$D$9),F29) | O29: =G29-MIN(N(Debts!$D$10),G29) | P29: =H29-MIN(N(Debts!$D$11),H29) | Q29: =I29-MIN(N(Debts!$D$12),I29) | R29: =J29-MIN(N(Debts!$D$13),J29) | S29: =K29-MIN(N(Debts!$D$14),K29) | T29: =IF(L29<=0.005,99,1+SUMPRODUCT(($L29:$S29>0.005)*(($L2:$S2>L$2)+($L2:$S2=L$2)*($L29:$S29<L29)+($L2:$S2=L$2)*($L29:$S29=L29)*($L1:$S1<L$1)))) | U29: =IF(M29<=0.005,99,1+SUMPRODUCT(($L29:$S29>0.005)*(($L2:$S2>M$2)+($L2:$S2=M$2)*($L29:$S29<M29)+($L2:$S2=M$2)*($L29:$S29=M29)*($L1:$S1<M$1)))) | V29: =IF(N29<=0.005,99,1+SUMPRODUCT(($L29:$S29>0.005)*(($L2:$S2>N$2)+($L2:$S2=N$2)*($L29:$S29<N29)+($L2:$S2=N$2)*($L29:$S29=N29)*($L1:$S1<N$1)))) | W29: =IF(O29<=0.005,99,1+SUMPRODUCT(($L29:$S29>0.005)*(($L2:$S2>O$2)+($L2:$S2=O$2)*($L29:$S29<O29)+($L2:$S2=O$2)*($L29:$S29=O29)*($L1:$S1<O$1)))) | X29: =IF(P29<=0.005,99,1+SUMPRODUCT(($L29:$S29>0.005)*(($L2:$S2>P$2)+($L2:$S2=P$2)*($L29:$S29<P29)+($L2:$S2=P$2)*($L29:$S29=P29)*($L1:$S1<P$1)))) | Y29: =IF(Q29<=0.005,99,1+SUMPRODUCT(($L29:$S29>0.005)*(($L2:$S2>Q$2)+($L2:$S2=Q$2)*($L29:$S29<Q29)+($L2:$S2=Q$2)*($L29:$S29=Q29)*($L1:$S1<Q$1)))) | Z29: =IF(R29<=0.005,99,1+SUMPRODUCT(($L29:$S29>0.005)*(($L2:$S2>R$2)+($L2:$S2=R$2)*($L29:$S29<R29)+($L2:$S2=R$2)*($L29:$S29=R29)*($L1:$S1<R$1)))) | AA29: =IF(S29<=0.005,99,1+SUMPRODUCT(($L29:$S29>0.005)*(($L2:$S2>S$2)+($L2:$S2=S$2)*($L29:$S29<S29)+($L2:$S2=S$2)*($L29:$S29=S29)*($L1:$S1<S$1)))) | AB29: =IF(L29-MIN(L29,MAX(0,$B29-SUMPRODUCT(($T29:$AA29<T29)*$L29:$S29)))<=0.005,0,L29-MIN(L29,MAX(0,$B29-SUMPRODUCT(($T29:$AA29<T29)*$L29:$S29)))) | AC29: =IF(M29-MIN(M29,MAX(0,$B29-SUMPRODUCT(($T29:$AA29<U29)*$L29:$S29)))<=0.005,0,M29-MIN(M29,MAX(0,$B29-SUMPRODUCT(($T29:$AA29<U29)*$L29:$S29)))) | AD29: =IF(N29-MIN(N29,MAX(0,$B29-SUMPRODUCT(($T29:$AA29<V29)*$L29:$S29)))<=0.005,0,N29-MIN(N29,MAX(0,$B29-SUMPRODUCT(($T29:$AA29<V29)*$L29:$S29)))) | AE29: =IF(O29-MIN(O29,MAX(0,$B29-SUMPRODUCT(($T29:$AA29<W29)*$L29:$S29)))<=0.005,0,O29-MIN(O29,MAX(0,$B29-SUMPRODUCT(($T29:$AA29<W29)*$L29:$S29)))) | AF29: =IF(P29-MIN(P29,MAX(0,$B29-SUMPRODUCT(($T29:$AA29<X29)*$L29:$S29)))<=0.005,0,P29-MIN(P29,MAX(0,$B29-SUMPRODUCT(($T29:$AA29<X29)*$L29:$S29)))) | AG29: =IF(Q29-MIN(Q29,MAX(0,$B29-SUMPRODUCT(($T29:$AA29<Y29)*$L29:$S29)))<=0.005,0,Q29-MIN(Q29,MAX(0,$B29-SUMPRODUCT(($T29:$AA29<Y29)*$L29:$S29)))) | AH29: =IF(R29-MIN(R29,MAX(0,$B29-SUMPRODUCT(($T29:$AA29<Z29)*$L29:$S29)))<=0.005,0,R29-MIN(R29,MAX(0,$B29-SUMPRODUCT(($T29:$AA29<Z29)*$L29:$S29)))) | AI29: =IF(S29-MIN(S29,MAX(0,$B29-SUMPRODUCT(($T29:$AA29<AA29)*$L29:$S29)))<=0.005,0,S29-MIN(S29,MAX(0,$B29-SUMPRODUCT(($T29:$AA29<AA29)*$L29:$S29))))
A30: 27 | B30: =Debts!$B$4-(SUM($D30:$K30)-SUM($L30:$S30)) | C30: =SUM($AB30:$AI30) | D30: =IF(N(AB29)>0,N(AB29)*(1+N(Debts!$C$7)/1200),0) | E30: =IF(N(AC29)>0,N(AC29)*(1+N(Debts!$C$8)/1200),0) | F30: =IF(N(AD29)>0,N(AD29)*(1+N(Debts!$C$9)/1200),0) | G30: =IF(N(AE29)>0,N(AE29)*(1+N(Debts!$C$10)/1200),0) | H30: =IF(N(AF29)>0,N(AF29)*(1+N(Debts!$C$11)/1200),0) | I30: =IF(N(AG29)>0,N(AG29)*(1+N(Debts!$C$12)/1200),0) | J30: =IF(N(AH29)>0,N(AH29)*(1+N(Debts!$C$13)/1200),0) | K30: =IF(N(AI29)>0,N(AI29)*(1+N(Debts!$C$14)/1200),0) | L30: =D30-MIN(N(Debts!$D$7),D30) | M30: =E30-MIN(N(Debts!$D$8),E30) | N30: =F30-MIN(N(Debts!$D$9),F30) | O30: =G30-MIN(N(Debts!$D$10),G30) | P30: =H30-MIN(N(Debts!$D$11),H30) | Q30: =I30-MIN(N(Debts!$D$12),I30) | R30: =J30-MIN(N(Debts!$D$13),J30) | S30: =K30-MIN(N(Debts!$D$14),K30) | T30: =IF(L30<=0.005,99,1+SUMPRODUCT(($L30:$S30>0.005)*(($L2:$S2>L$2)+($L2:$S2=L$2)*($L30:$S30<L30)+($L2:$S2=L$2)*($L30:$S30=L30)*($L1:$S1<L$1)))) | U30: =IF(M30<=0.005,99,1+SUMPRODUCT(($L30:$S30>0.005)*(($L2:$S2>M$2)+($L2:$S2=M$2)*($L30:$S30<M30)+($L2:$S2=M$2)*($L30:$S30=M30)*($L1:$S1<M$1)))) | V30: =IF(N30<=0.005,99,1+SUMPRODUCT(($L30:$S30>0.005)*(($L2:$S2>N$2)+($L2:$S2=N$2)*($L30:$S30<N30)+($L2:$S2=N$2)*($L30:$S30=N30)*($L1:$S1<N$1)))) | W30: =IF(O30<=0.005,99,1+SUMPRODUCT(($L30:$S30>0.005)*(($L2:$S2>O$2)+($L2:$S2=O$2)*($L30:$S30<O30)+($L2:$S2=O$2)*($L30:$S30=O30)*($L1:$S1<O$1)))) | X30: =IF(P30<=0.005,99,1+SUMPRODUCT(($L30:$S30>0.005)*(($L2:$S2>P$2)+($L2:$S2=P$2)*($L30:$S30<P30)+($L2:$S2=P$2)*($L30:$S30=P30)*($L1:$S1<P$1)))) | Y30: =IF(Q30<=0.005,99,1+SUMPRODUCT(($L30:$S30>0.005)*(($L2:$S2>Q$2)+($L2:$S2=Q$2)*($L30:$S30<Q30)+($L2:$S2=Q$2)*($L30:$S30=Q30)*($L1:$S1<Q$1)))) | Z30: =IF(R30<=0.005,99,1+SUMPRODUCT(($L30:$S30>0.005)*(($L2:$S2>R$2)+($L2:$S2=R$2)*($L30:$S30<R30)+($L2:$S2=R$2)*($L30:$S30=R30)*($L1:$S1<R$1)))) | AA30: =IF(S30<=0.005,99,1+SUMPRODUCT(($L30:$S30>0.005)*(($L2:$S2>S$2)+($L2:$S2=S$2)*($L30:$S30<S30)+($L2:$S2=S$2)*($L30:$S30=S30)*($L1:$S1<S$1)))) | AB30: =IF(L30-MIN(L30,MAX(0,$B30-SUMPRODUCT(($T30:$AA30<T30)*$L30:$S30)))<=0.005,0,L30-MIN(L30,MAX(0,$B30-SUMPRODUCT(($T30:$AA30<T30)*$L30:$S30)))) | AC30: =IF(M30-MIN(M30,MAX(0,$B30-SUMPRODUCT(($T30:$AA30<U30)*$L30:$S30)))<=0.005,0,M30-MIN(M30,MAX(0,$B30-SUMPRODUCT(($T30:$AA30<U30)*$L30:$S30)))) | AD30: =IF(N30-MIN(N30,MAX(0,$B30-SUMPRODUCT(($T30:$AA30<V30)*$L30:$S30)))<=0.005,0,N30-MIN(N30,MAX(0,$B30-SUMPRODUCT(($T30:$AA30<V30)*$L30:$S30)))) | AE30: =IF(O30-MIN(O30,MAX(0,$B30-SUMPRODUCT(($T30:$AA30<W30)*$L30:$S30)))<=0.005,0,O30-MIN(O30,MAX(0,$B30-SUMPRODUCT(($T30:$AA30<W30)*$L30:$S30)))) | AF30: =IF(P30-MIN(P30,MAX(0,$B30-SUMPRODUCT(($T30:$AA30<X30)*$L30:$S30)))<=0.005,0,P30-MIN(P30,MAX(0,$B30-SUMPRODUCT(($T30:$AA30<X30)*$L30:$S30)))) | AG30: =IF(Q30-MIN(Q30,MAX(0,$B30-SUMPRODUCT(($T30:$AA30<Y30)*$L30:$S30)))<=0.005,0,Q30-MIN(Q30,MAX(0,$B30-SUMPRODUCT(($T30:$AA30<Y30)*$L30:$S30)))) | AH30: =IF(R30-MIN(R30,MAX(0,$B30-SUMPRODUCT(($T30:$AA30<Z30)*$L30:$S30)))<=0.005,0,R30-MIN(R30,MAX(0,$B30-SUMPRODUCT(($T30:$AA30<Z30)*$L30:$S30)))) | AI30: =IF(S30-MIN(S30,MAX(0,$B30-SUMPRODUCT(($T30:$AA30<AA30)*$L30:$S30)))<=0.005,0,S30-MIN(S30,MAX(0,$B30-SUMPRODUCT(($T30:$AA30<AA30)*$L30:$S30))))
A31: 28 | B31: =Debts!$B$4-(SUM($D31:$K31)-SUM($L31:$S31)) | C31: =SUM($AB31:$AI31) | D31: =IF(N(AB30)>0,N(AB30)*(1+N(Debts!$C$7)/1200),0) | E31: =IF(N(AC30)>0,N(AC30)*(1+N(Debts!$C$8)/1200),0) | F31: =IF(N(AD30)>0,N(AD30)*(1+N(Debts!$C$9)/1200),0) | G31: =IF(N(AE30)>0,N(AE30)*(1+N(Debts!$C$10)/1200),0) | H31: =IF(N(AF30)>0,N(AF30)*(1+N(Debts!$C$11)/1200),0) | I31: =IF(N(AG30)>0,N(AG30)*(1+N(Debts!$C$12)/1200),0) | J31: =IF(N(AH30)>0,N(AH30)*(1+N(Debts!$C$13)/1200),0) | K31: =IF(N(AI30)>0,N(AI30)*(1+N(Debts!$C$14)/1200),0) | L31: =D31-MIN(N(Debts!$D$7),D31) | M31: =E31-MIN(N(Debts!$D$8),E31) | N31: =F31-MIN(N(Debts!$D$9),F31) | O31: =G31-MIN(N(Debts!$D$10),G31) | P31: =H31-MIN(N(Debts!$D$11),H31) | Q31: =I31-MIN(N(Debts!$D$12),I31) | R31: =J31-MIN(N(Debts!$D$13),J31) | S31: =K31-MIN(N(Debts!$D$14),K31) | T31: =IF(L31<=0.005,99,1+SUMPRODUCT(($L31:$S31>0.005)*(($L2:$S2>L$2)+($L2:$S2=L$2)*($L31:$S31<L31)+($L2:$S2=L$2)*($L31:$S31=L31)*($L1:$S1<L$1)))) | U31: =IF(M31<=0.005,99,1+SUMPRODUCT(($L31:$S31>0.005)*(($L2:$S2>M$2)+($L2:$S2=M$2)*($L31:$S31<M31)+($L2:$S2=M$2)*($L31:$S31=M31)*($L1:$S1<M$1)))) | V31: =IF(N31<=0.005,99,1+SUMPRODUCT(($L31:$S31>0.005)*(($L2:$S2>N$2)+($L2:$S2=N$2)*($L31:$S31<N31)+($L2:$S2=N$2)*($L31:$S31=N31)*($L1:$S1<N$1)))) | W31: =IF(O31<=0.005,99,1+SUMPRODUCT(($L31:$S31>0.005)*(($L2:$S2>O$2)+($L2:$S2=O$2)*($L31:$S31<O31)+($L2:$S2=O$2)*($L31:$S31=O31)*($L1:$S1<O$1)))) | X31: =IF(P31<=0.005,99,1+SUMPRODUCT(($L31:$S31>0.005)*(($L2:$S2>P$2)+($L2:$S2=P$2)*($L31:$S31<P31)+($L2:$S2=P$2)*($L31:$S31=P31)*($L1:$S1<P$1)))) | Y31: =IF(Q31<=0.005,99,1+SUMPRODUCT(($L31:$S31>0.005)*(($L2:$S2>Q$2)+($L2:$S2=Q$2)*($L31:$S31<Q31)+($L2:$S2=Q$2)*($L31:$S31=Q31)*($L1:$S1<Q$1)))) | Z31: =IF(R31<=0.005,99,1+SUMPRODUCT(($L31:$S31>0.005)*(($L2:$S2>R$2)+($L2:$S2=R$2)*($L31:$S31<R31)+($L2:$S2=R$2)*($L31:$S31=R31)*($L1:$S1<R$1)))) | AA31: =IF(S31<=0.005,99,1+SUMPRODUCT(($L31:$S31>0.005)*(($L2:$S2>S$2)+($L2:$S2=S$2)*($L31:$S31<S31)+($L2:$S2=S$2)*($L31:$S31=S31)*($L1:$S1<S$1)))) | AB31: =IF(L31-MIN(L31,MAX(0,$B31-SUMPRODUCT(($T31:$AA31<T31)*$L31:$S31)))<=0.005,0,L31-MIN(L31,MAX(0,$B31-SUMPRODUCT(($T31:$AA31<T31)*$L31:$S31)))) | AC31: =IF(M31-MIN(M31,MAX(0,$B31-SUMPRODUCT(($T31:$AA31<U31)*$L31:$S31)))<=0.005,0,M31-MIN(M31,MAX(0,$B31-SUMPRODUCT(($T31:$AA31<U31)*$L31:$S31)))) | AD31: =IF(N31-MIN(N31,MAX(0,$B31-SUMPRODUCT(($T31:$AA31<V31)*$L31:$S31)))<=0.005,0,N31-MIN(N31,MAX(0,$B31-SUMPRODUCT(($T31:$AA31<V31)*$L31:$S31)))) | AE31: =IF(O31-MIN(O31,MAX(0,$B31-SUMPRODUCT(($T31:$AA31<W31)*$L31:$S31)))<=0.005,0,O31-MIN(O31,MAX(0,$B31-SUMPRODUCT(($T31:$AA31<W31)*$L31:$S31)))) | AF31: =IF(P31-MIN(P31,MAX(0,$B31-SUMPRODUCT(($T31:$AA31<X31)*$L31:$S31)))<=0.005,0,P31-MIN(P31,MAX(0,$B31-SUMPRODUCT(($T31:$AA31<X31)*$L31:$S31)))) | AG31: =IF(Q31-MIN(Q31,MAX(0,$B31-SUMPRODUCT(($T31:$AA31<Y31)*$L31:$S31)))<=0.005,0,Q31-MIN(Q31,MAX(0,$B31-SUMPRODUCT(($T31:$AA31<Y31)*$L31:$S31)))) | AH31: =IF(R31-MIN(R31,MAX(0,$B31-SUMPRODUCT(($T31:$AA31<Z31)*$L31:$S31)))<=0.005,0,R31-MIN(R31,MAX(0,$B31-SUMPRODUCT(($T31:$AA31<Z31)*$L31:$S31)))) | AI31: =IF(S31-MIN(S31,MAX(0,$B31-SUMPRODUCT(($T31:$AA31<AA31)*$L31:$S31)))<=0.005,0,S31-MIN(S31,MAX(0,$B31-SUMPRODUCT(($T31:$AA31<AA31)*$L31:$S31))))
A32: 29 | B32: =Debts!$B$4-(SUM($D32:$K32)-SUM($L32:$S32)) | C32: =SUM($AB32:$AI32) | D32: =IF(N(AB31)>0,N(AB31)*(1+N(Debts!$C$7)/1200),0) | E32: =IF(N(AC31)>0,N(AC31)*(1+N(Debts!$C$8)/1200),0) | F32: =IF(N(AD31)>0,N(AD31)*(1+N(Debts!$C$9)/1200),0) | G32: =IF(N(AE31)>0,N(AE31)*(1+N(Debts!$C$10)/1200),0) | H32: =IF(N(AF31)>0,N(AF31)*(1+N(Debts!$C$11)/1200),0) | I32: =IF(N(AG31)>0,N(AG31)*(1+N(Debts!$C$12)/1200),0) | J32: =IF(N(AH31)>0,N(AH31)*(1+N(Debts!$C$13)/1200),0) | K32: =IF(N(AI31)>0,N(AI31)*(1+N(Debts!$C$14)/1200),0) | L32: =D32-MIN(N(Debts!$D$7),D32) | M32: =E32-MIN(N(Debts!$D$8),E32) | N32: =F32-MIN(N(Debts!$D$9),F32) | O32: =G32-MIN(N(Debts!$D$10),G32) | P32: =H32-MIN(N(Debts!$D$11),H32) | Q32: =I32-MIN(N(Debts!$D$12),I32) | R32: =J32-MIN(N(Debts!$D$13),J32) | S32: =K32-MIN(N(Debts!$D$14),K32) | T32: =IF(L32<=0.005,99,1+SUMPRODUCT(($L32:$S32>0.005)*(($L2:$S2>L$2)+($L2:$S2=L$2)*($L32:$S32<L32)+($L2:$S2=L$2)*($L32:$S32=L32)*($L1:$S1<L$1)))) | U32: =IF(M32<=0.005,99,1+SUMPRODUCT(($L32:$S32>0.005)*(($L2:$S2>M$2)+($L2:$S2=M$2)*($L32:$S32<M32)+($L2:$S2=M$2)*($L32:$S32=M32)*($L1:$S1<M$1)))) | V32: =IF(N32<=0.005,99,1+SUMPRODUCT(($L32:$S32>0.005)*(($L2:$S2>N$2)+($L2:$S2=N$2)*($L32:$S32<N32)+($L2:$S2=N$2)*($L32:$S32=N32)*($L1:$S1<N$1)))) | W32: =IF(O32<=0.005,99,1+SUMPRODUCT(($L32:$S32>0.005)*(($L2:$S2>O$2)+($L2:$S2=O$2)*($L32:$S32<O32)+($L2:$S2=O$2)*($L32:$S32=O32)*($L1:$S1<O$1)))) | X32: =IF(P32<=0.005,99,1+SUMPRODUCT(($L32:$S32>0.005)*(($L2:$S2>P$2)+($L2:$S2=P$2)*($L32:$S32<P32)+($L2:$S2=P$2)*($L32:$S32=P32)*($L1:$S1<P$1)))) | Y32: =IF(Q32<=0.005,99,1+SUMPRODUCT(($L32:$S32>0.005)*(($L2:$S2>Q$2)+($L2:$S2=Q$2)*($L32:$S32<Q32)+($L2:$S2=Q$2)*($L32:$S32=Q32)*($L1:$S1<Q$1)))) | Z32: =IF(R32<=0.005,99,1+SUMPRODUCT(($L32:$S32>0.005)*(($L2:$S2>R$2)+($L2:$S2=R$2)*($L32:$S32<R32)+($L2:$S2=R$2)*($L32:$S32=R32)*($L1:$S1<R$1)))) | AA32: =IF(S32<=0.005,99,1+SUMPRODUCT(($L32:$S32>0.005)*(($L2:$S2>S$2)+($L2:$S2=S$2)*($L32:$S32<S32)+($L2:$S2=S$2)*($L32:$S32=S32)*($L1:$S1<S$1)))) | AB32: =IF(L32-MIN(L32,MAX(0,$B32-SUMPRODUCT(($T32:$AA32<T32)*$L32:$S32)))<=0.005,0,L32-MIN(L32,MAX(0,$B32-SUMPRODUCT(($T32:$AA32<T32)*$L32:$S32)))) | AC32: =IF(M32-MIN(M32,MAX(0,$B32-SUMPRODUCT(($T32:$AA32<U32)*$L32:$S32)))<=0.005,0,M32-MIN(M32,MAX(0,$B32-SUMPRODUCT(($T32:$AA32<U32)*$L32:$S32)))) | AD32: =IF(N32-MIN(N32,MAX(0,$B32-SUMPRODUCT(($T32:$AA32<V32)*$L32:$S32)))<=0.005,0,N32-MIN(N32,MAX(0,$B32-SUMPRODUCT(($T32:$AA32<V32)*$L32:$S32)))) | AE32: =IF(O32-MIN(O32,MAX(0,$B32-SUMPRODUCT(($T32:$AA32<W32)*$L32:$S32)))<=0.005,0,O32-MIN(O32,MAX(0,$B32-SUMPRODUCT(($T32:$AA32<W32)*$L32:$S32)))) | AF32: =IF(P32-MIN(P32,MAX(0,$B32-SUMPRODUCT(($T32:$AA32<X32)*$L32:$S32)))<=0.005,0,P32-MIN(P32,MAX(0,$B32-SUMPRODUCT(($T32:$AA32<X32)*$L32:$S32)))) | AG32: =IF(Q32-MIN(Q32,MAX(0,$B32-SUMPRODUCT(($T32:$AA32<Y32)*$L32:$S32)))<=0.005,0,Q32-MIN(Q32,MAX(0,$B32-SUMPRODUCT(($T32:$AA32<Y32)*$L32:$S32)))) | AH32: =IF(R32-MIN(R32,MAX(0,$B32-SUMPRODUCT(($T32:$AA32<Z32)*$L32:$S32)))<=0.005,0,R32-MIN(R32,MAX(0,$B32-SUMPRODUCT(($T32:$AA32<Z32)*$L32:$S32)))) | AI32: =IF(S32-MIN(S32,MAX(0,$B32-SUMPRODUCT(($T32:$AA32<AA32)*$L32:$S32)))<=0.005,0,S32-MIN(S32,MAX(0,$B32-SUMPRODUCT(($T32:$AA32<AA32)*$L32:$S32))))
A33: 30 | B33: =Debts!$B$4-(SUM($D33:$K33)-SUM($L33:$S33)) | C33: =SUM($AB33:$AI33) | D33: =IF(N(AB32)>0,N(AB32)*(1+N(Debts!$C$7)/1200),0) | E33: =IF(N(AC32)>0,N(AC32)*(1+N(Debts!$C$8)/1200),0) | F33: =IF(N(AD32)>0,N(AD32)*(1+N(Debts!$C$9)/1200),0) | G33: =IF(N(AE32)>0,N(AE32)*(1+N(Debts!$C$10)/1200),0) | H33: =IF(N(AF32)>0,N(AF32)*(1+N(Debts!$C$11)/1200),0) | I33: =IF(N(AG32)>0,N(AG32)*(1+N(Debts!$C$12)/1200),0) | J33: =IF(N(AH32)>0,N(AH32)*(1+N(Debts!$C$13)/1200),0) | K33: =IF(N(AI32)>0,N(AI32)*(1+N(Debts!$C$14)/1200),0) | L33: =D33-MIN(N(Debts!$D$7),D33) | M33: =E33-MIN(N(Debts!$D$8),E33) | N33: =F33-MIN(N(Debts!$D$9),F33) | O33: =G33-MIN(N(Debts!$D$10),G33) | P33: =H33-MIN(N(Debts!$D$11),H33) | Q33: =I33-MIN(N(Debts!$D$12),I33) | R33: =J33-MIN(N(Debts!$D$13),J33) | S33: =K33-MIN(N(Debts!$D$14),K33) | T33: =IF(L33<=0.005,99,1+SUMPRODUCT(($L33:$S33>0.005)*(($L2:$S2>L$2)+($L2:$S2=L$2)*($L33:$S33<L33)+($L2:$S2=L$2)*($L33:$S33=L33)*($L1:$S1<L$1)))) | U33: =IF(M33<=0.005,99,1+SUMPRODUCT(($L33:$S33>0.005)*(($L2:$S2>M$2)+($L2:$S2=M$2)*($L33:$S33<M33)+($L2:$S2=M$2)*($L33:$S33=M33)*($L1:$S1<M$1)))) | V33: =IF(N33<=0.005,99,1+SUMPRODUCT(($L33:$S33>0.005)*(($L2:$S2>N$2)+($L2:$S2=N$2)*($L33:$S33<N33)+($L2:$S2=N$2)*($L33:$S33=N33)*($L1:$S1<N$1)))) | W33: =IF(O33<=0.005,99,1+SUMPRODUCT(($L33:$S33>0.005)*(($L2:$S2>O$2)+($L2:$S2=O$2)*($L33:$S33<O33)+($L2:$S2=O$2)*($L33:$S33=O33)*($L1:$S1<O$1)))) | X33: =IF(P33<=0.005,99,1+SUMPRODUCT(($L33:$S33>0.005)*(($L2:$S2>P$2)+($L2:$S2=P$2)*($L33:$S33<P33)+($L2:$S2=P$2)*($L33:$S33=P33)*($L1:$S1<P$1)))) | Y33: =IF(Q33<=0.005,99,1+SUMPRODUCT(($L33:$S33>0.005)*(($L2:$S2>Q$2)+($L2:$S2=Q$2)*($L33:$S33<Q33)+($L2:$S2=Q$2)*($L33:$S33=Q33)*($L1:$S1<Q$1)))) | Z33: =IF(R33<=0.005,99,1+SUMPRODUCT(($L33:$S33>0.005)*(($L2:$S2>R$2)+($L2:$S2=R$2)*($L33:$S33<R33)+($L2:$S2=R$2)*($L33:$S33=R33)*($L1:$S1<R$1)))) | AA33: =IF(S33<=0.005,99,1+SUMPRODUCT(($L33:$S33>0.005)*(($L2:$S2>S$2)+($L2:$S2=S$2)*($L33:$S33<S33)+($L2:$S2=S$2)*($L33:$S33=S33)*($L1:$S1<S$1)))) | AB33: =IF(L33-MIN(L33,MAX(0,$B33-SUMPRODUCT(($T33:$AA33<T33)*$L33:$S33)))<=0.005,0,L33-MIN(L33,MAX(0,$B33-SUMPRODUCT(($T33:$AA33<T33)*$L33:$S33)))) | AC33: =IF(M33-MIN(M33,MAX(0,$B33-SUMPRODUCT(($T33:$AA33<U33)*$L33:$S33)))<=0.005,0,M33-MIN(M33,MAX(0,$B33-SUMPRODUCT(($T33:$AA33<U33)*$L33:$S33)))) | AD33: =IF(N33-MIN(N33,MAX(0,$B33-SUMPRODUCT(($T33:$AA33<V33)*$L33:$S33)))<=0.005,0,N33-MIN(N33,MAX(0,$B33-SUMPRODUCT(($T33:$AA33<V33)*$L33:$S33)))) | AE33: =IF(O33-MIN(O33,MAX(0,$B33-SUMPRODUCT(($T33:$AA33<W33)*$L33:$S33)))<=0.005,0,O33-MIN(O33,MAX(0,$B33-SUMPRODUCT(($T33:$AA33<W33)*$L33:$S33)))) | AF33: =IF(P33-MIN(P33,MAX(0,$B33-SUMPRODUCT(($T33:$AA33<X33)*$L33:$S33)))<=0.005,0,P33-MIN(P33,MAX(0,$B33-SUMPRODUCT(($T33:$AA33<X33)*$L33:$S33)))) | AG33: =IF(Q33-MIN(Q33,MAX(0,$B33-SUMPRODUCT(($T33:$AA33<Y33)*$L33:$S33)))<=0.005,0,Q33-MIN(Q33,MAX(0,$B33-SUMPRODUCT(($T33:$AA33<Y33)*$L33:$S33)))) | AH33: =IF(R33-MIN(R33,MAX(0,$B33-SUMPRODUCT(($T33:$AA33<Z33)*$L33:$S33)))<=0.005,0,R33-MIN(R33,MAX(0,$B33-SUMPRODUCT(($T33:$AA33<Z33)*$L33:$S33)))) | AI33: =IF(S33-MIN(S33,MAX(0,$B33-SUMPRODUCT(($T33:$AA33<AA33)*$L33:$S33)))<=0.005,0,S33-MIN(S33,MAX(0,$B33-SUMPRODUCT(($T33:$AA33<AA33)*$L33:$S33))))
A34: 31 | B34: =Debts!$B$4-(SUM($D34:$K34)-SUM($L34:$S34)) | C34: =SUM($AB34:$AI34) | D34: =IF(N(AB33)>0,N(AB33)*(1+N(Debts!$C$7)/1200),0) | E34: =IF(N(AC33)>0,N(AC33)*(1+N(Debts!$C$8)/1200),0) | F34: =IF(N(AD33)>0,N(AD33)*(1+N(Debts!$C$9)/1200),0) | G34: =IF(N(AE33)>0,N(AE33)*(1+N(Debts!$C$10)/1200),0) | H34: =IF(N(AF33)>0,N(AF33)*(1+N(Debts!$C$11)/1200),0) | I34: =IF(N(AG33)>0,N(AG33)*(1+N(Debts!$C$12)/1200),0) | J34: =IF(N(AH33)>0,N(AH33)*(1+N(Debts!$C$13)/1200),0) | K34: =IF(N(AI33)>0,N(AI33)*(1+N(Debts!$C$14)/1200),0) | L34: =D34-MIN(N(Debts!$D$7),D34) | M34: =E34-MIN(N(Debts!$D$8),E34) | N34: =F34-MIN(N(Debts!$D$9),F34) | O34: =G34-MIN(N(Debts!$D$10),G34) | P34: =H34-MIN(N(Debts!$D$11),H34) | Q34: =I34-MIN(N(Debts!$D$12),I34) | R34: =J34-MIN(N(Debts!$D$13),J34) | S34: =K34-MIN(N(Debts!$D$14),K34) | T34: =IF(L34<=0.005,99,1+SUMPRODUCT(($L34:$S34>0.005)*(($L2:$S2>L$2)+($L2:$S2=L$2)*($L34:$S34<L34)+($L2:$S2=L$2)*($L34:$S34=L34)*($L1:$S1<L$1)))) | U34: =IF(M34<=0.005,99,1+SUMPRODUCT(($L34:$S34>0.005)*(($L2:$S2>M$2)+($L2:$S2=M$2)*($L34:$S34<M34)+($L2:$S2=M$2)*($L34:$S34=M34)*($L1:$S1<M$1)))) | V34: =IF(N34<=0.005,99,1+SUMPRODUCT(($L34:$S34>0.005)*(($L2:$S2>N$2)+($L2:$S2=N$2)*($L34:$S34<N34)+($L2:$S2=N$2)*($L34:$S34=N34)*($L1:$S1<N$1)))) | W34: =IF(O34<=0.005,99,1+SUMPRODUCT(($L34:$S34>0.005)*(($L2:$S2>O$2)+($L2:$S2=O$2)*($L34:$S34<O34)+($L2:$S2=O$2)*($L34:$S34=O34)*($L1:$S1<O$1)))) | X34: =IF(P34<=0.005,99,1+SUMPRODUCT(($L34:$S34>0.005)*(($L2:$S2>P$2)+($L2:$S2=P$2)*($L34:$S34<P34)+($L2:$S2=P$2)*($L34:$S34=P34)*($L1:$S1<P$1)))) | Y34: =IF(Q34<=0.005,99,1+SUMPRODUCT(($L34:$S34>0.005)*(($L2:$S2>Q$2)+($L2:$S2=Q$2)*($L34:$S34<Q34)+($L2:$S2=Q$2)*($L34:$S34=Q34)*($L1:$S1<Q$1)))) | Z34: =IF(R34<=0.005,99,1+SUMPRODUCT(($L34:$S34>0.005)*(($L2:$S2>R$2)+($L2:$S2=R$2)*($L34:$S34<R34)+($L2:$S2=R$2)*($L34:$S34=R34)*($L1:$S1<R$1)))) | AA34: =IF(S34<=0.005,99,1+SUMPRODUCT(($L34:$S34>0.005)*(($L2:$S2>S$2)+($L2:$S2=S$2)*($L34:$S34<S34)+($L2:$S2=S$2)*($L34:$S34=S34)*($L1:$S1<S$1)))) | AB34: =IF(L34-MIN(L34,MAX(0,$B34-SUMPRODUCT(($T34:$AA34<T34)*$L34:$S34)))<=0.005,0,L34-MIN(L34,MAX(0,$B34-SUMPRODUCT(($T34:$AA34<T34)*$L34:$S34)))) | AC34: =IF(M34-MIN(M34,MAX(0,$B34-SUMPRODUCT(($T34:$AA34<U34)*$L34:$S34)))<=0.005,0,M34-MIN(M34,MAX(0,$B34-SUMPRODUCT(($T34:$AA34<U34)*$L34:$S34)))) | AD34: =IF(N34-MIN(N34,MAX(0,$B34-SUMPRODUCT(($T34:$AA34<V34)*$L34:$S34)))<=0.005,0,N34-MIN(N34,MAX(0,$B34-SUMPRODUCT(($T34:$AA34<V34)*$L34:$S34)))) | AE34: =IF(O34-MIN(O34,MAX(0,$B34-SUMPRODUCT(($T34:$AA34<W34)*$L34:$S34)))<=0.005,0,O34-MIN(O34,MAX(0,$B34-SUMPRODUCT(($T34:$AA34<W34)*$L34:$S34)))) | AF34: =IF(P34-MIN(P34,MAX(0,$B34-SUMPRODUCT(($T34:$AA34<X34)*$L34:$S34)))<=0.005,0,P34-MIN(P34,MAX(0,$B34-SUMPRODUCT(($T34:$AA34<X34)*$L34:$S34)))) | AG34: =IF(Q34-MIN(Q34,MAX(0,$B34-SUMPRODUCT(($T34:$AA34<Y34)*$L34:$S34)))<=0.005,0,Q34-MIN(Q34,MAX(0,$B34-SUMPRODUCT(($T34:$AA34<Y34)*$L34:$S34)))) | AH34: =IF(R34-MIN(R34,MAX(0,$B34-SUMPRODUCT(($T34:$AA34<Z34)*$L34:$S34)))<=0.005,0,R34-MIN(R34,MAX(0,$B34-SUMPRODUCT(($T34:$AA34<Z34)*$L34:$S34)))) | AI34: =IF(S34-MIN(S34,MAX(0,$B34-SUMPRODUCT(($T34:$AA34<AA34)*$L34:$S34)))<=0.005,0,S34-MIN(S34,MAX(0,$B34-SUMPRODUCT(($T34:$AA34<AA34)*$L34:$S34))))
A35: 32 | B35: =Debts!$B$4-(SUM($D35:$K35)-SUM($L35:$S35)) | C35: =SUM($AB35:$AI35) | D35: =IF(N(AB34)>0,N(AB34)*(1+N(Debts!$C$7)/1200),0) | E35: =IF(N(AC34)>0,N(AC34)*(1+N(Debts!$C$8)/1200),0) | F35: =IF(N(AD34)>0,N(AD34)*(1+N(Debts!$C$9)/1200),0) | G35: =IF(N(AE34)>0,N(AE34)*(1+N(Debts!$C$10)/1200),0) | H35: =IF(N(AF34)>0,N(AF34)*(1+N(Debts!$C$11)/1200),0) | I35: =IF(N(AG34)>0,N(AG34)*(1+N(Debts!$C$12)/1200),0) | J35: =IF(N(AH34)>0,N(AH34)*(1+N(Debts!$C$13)/1200),0) | K35: =IF(N(AI34)>0,N(AI34)*(1+N(Debts!$C$14)/1200),0) | L35: =D35-MIN(N(Debts!$D$7),D35) | M35: =E35-MIN(N(Debts!$D$8),E35) | N35: =F35-MIN(N(Debts!$D$9),F35) | O35: =G35-MIN(N(Debts!$D$10),G35) | P35: =H35-MIN(N(Debts!$D$11),H35) | Q35: =I35-MIN(N(Debts!$D$12),I35) | R35: =J35-MIN(N(Debts!$D$13),J35) | S35: =K35-MIN(N(Debts!$D$14),K35) | T35: =IF(L35<=0.005,99,1+SUMPRODUCT(($L35:$S35>0.005)*(($L2:$S2>L$2)+($L2:$S2=L$2)*($L35:$S35<L35)+($L2:$S2=L$2)*($L35:$S35=L35)*($L1:$S1<L$1)))) | U35: =IF(M35<=0.005,99,1+SUMPRODUCT(($L35:$S35>0.005)*(($L2:$S2>M$2)+($L2:$S2=M$2)*($L35:$S35<M35)+($L2:$S2=M$2)*($L35:$S35=M35)*($L1:$S1<M$1)))) | V35: =IF(N35<=0.005,99,1+SUMPRODUCT(($L35:$S35>0.005)*(($L2:$S2>N$2)+($L2:$S2=N$2)*($L35:$S35<N35)+($L2:$S2=N$2)*($L35:$S35=N35)*($L1:$S1<N$1)))) | W35: =IF(O35<=0.005,99,1+SUMPRODUCT(($L35:$S35>0.005)*(($L2:$S2>O$2)+($L2:$S2=O$2)*($L35:$S35<O35)+($L2:$S2=O$2)*($L35:$S35=O35)*($L1:$S1<O$1)))) | X35: =IF(P35<=0.005,99,1+SUMPRODUCT(($L35:$S35>0.005)*(($L2:$S2>P$2)+($L2:$S2=P$2)*($L35:$S35<P35)+($L2:$S2=P$2)*($L35:$S35=P35)*($L1:$S1<P$1)))) | Y35: =IF(Q35<=0.005,99,1+SUMPRODUCT(($L35:$S35>0.005)*(($L2:$S2>Q$2)+($L2:$S2=Q$2)*($L35:$S35<Q35)+($L2:$S2=Q$2)*($L35:$S35=Q35)*($L1:$S1<Q$1)))) | Z35: =IF(R35<=0.005,99,1+SUMPRODUCT(($L35:$S35>0.005)*(($L2:$S2>R$2)+($L2:$S2=R$2)*($L35:$S35<R35)+($L2:$S2=R$2)*($L35:$S35=R35)*($L1:$S1<R$1)))) | AA35: =IF(S35<=0.005,99,1+SUMPRODUCT(($L35:$S35>0.005)*(($L2:$S2>S$2)+($L2:$S2=S$2)*($L35:$S35<S35)+($L2:$S2=S$2)*($L35:$S35=S35)*($L1:$S1<S$1)))) | AB35: =IF(L35-MIN(L35,MAX(0,$B35-SUMPRODUCT(($T35:$AA35<T35)*$L35:$S35)))<=0.005,0,L35-MIN(L35,MAX(0,$B35-SUMPRODUCT(($T35:$AA35<T35)*$L35:$S35)))) | AC35: =IF(M35-MIN(M35,MAX(0,$B35-SUMPRODUCT(($T35:$AA35<U35)*$L35:$S35)))<=0.005,0,M35-MIN(M35,MAX(0,$B35-SUMPRODUCT(($T35:$AA35<U35)*$L35:$S35)))) | AD35: =IF(N35-MIN(N35,MAX(0,$B35-SUMPRODUCT(($T35:$AA35<V35)*$L35:$S35)))<=0.005,0,N35-MIN(N35,MAX(0,$B35-SUMPRODUCT(($T35:$AA35<V35)*$L35:$S35)))) | AE35: =IF(O35-MIN(O35,MAX(0,$B35-SUMPRODUCT(($T35:$AA35<W35)*$L35:$S35)))<=0.005,0,O35-MIN(O35,MAX(0,$B35-SUMPRODUCT(($T35:$AA35<W35)*$L35:$S35)))) | AF35: =IF(P35-MIN(P35,MAX(0,$B35-SUMPRODUCT(($T35:$AA35<X35)*$L35:$S35)))<=0.005,0,P35-MIN(P35,MAX(0,$B35-SUMPRODUCT(($T35:$AA35<X35)*$L35:$S35)))) | AG35: =IF(Q35-MIN(Q35,MAX(0,$B35-SUMPRODUCT(($T35:$AA35<Y35)*$L35:$S35)))<=0.005,0,Q35-MIN(Q35,MAX(0,$B35-SUMPRODUCT(($T35:$AA35<Y35)*$L35:$S35)))) | AH35: =IF(R35-MIN(R35,MAX(0,$B35-SUMPRODUCT(($T35:$AA35<Z35)*$L35:$S35)))<=0.005,0,R35-MIN(R35,MAX(0,$B35-SUMPRODUCT(($T35:$AA35<Z35)*$L35:$S35)))) | AI35: =IF(S35-MIN(S35,MAX(0,$B35-SUMPRODUCT(($T35:$AA35<AA35)*$L35:$S35)))<=0.005,0,S35-MIN(S35,MAX(0,$B35-SUMPRODUCT(($T35:$AA35<AA35)*$L35:$S35))))
A36: 33 | B36: =Debts!$B$4-(SUM($D36:$K36)-SUM($L36:$S36)) | C36: =SUM($AB36:$AI36) | D36: =IF(N(AB35)>0,N(AB35)*(1+N(Debts!$C$7)/1200),0) | E36: =IF(N(AC35)>0,N(AC35)*(1+N(Debts!$C$8)/1200),0) | F36: =IF(N(AD35)>0,N(AD35)*(1+N(Debts!$C$9)/1200),0) | G36: =IF(N(AE35)>0,N(AE35)*(1+N(Debts!$C$10)/1200),0) | H36: =IF(N(AF35)>0,N(AF35)*(1+N(Debts!$C$11)/1200),0) | I36: =IF(N(AG35)>0,N(AG35)*(1+N(Debts!$C$12)/1200),0) | J36: =IF(N(AH35)>0,N(AH35)*(1+N(Debts!$C$13)/1200),0) | K36: =IF(N(AI35)>0,N(AI35)*(1+N(Debts!$C$14)/1200),0) | L36: =D36-MIN(N(Debts!$D$7),D36) | M36: =E36-MIN(N(Debts!$D$8),E36) | N36: =F36-MIN(N(Debts!$D$9),F36) | O36: =G36-MIN(N(Debts!$D$10),G36) | P36: =H36-MIN(N(Debts!$D$11),H36) | Q36: =I36-MIN(N(Debts!$D$12),I36) | R36: =J36-MIN(N(Debts!$D$13),J36) | S36: =K36-MIN(N(Debts!$D$14),K36) | T36: =IF(L36<=0.005,99,1+SUMPRODUCT(($L36:$S36>0.005)*(($L2:$S2>L$2)+($L2:$S2=L$2)*($L36:$S36<L36)+($L2:$S2=L$2)*($L36:$S36=L36)*($L1:$S1<L$1)))) | U36: =IF(M36<=0.005,99,1+SUMPRODUCT(($L36:$S36>0.005)*(($L2:$S2>M$2)+($L2:$S2=M$2)*($L36:$S36<M36)+($L2:$S2=M$2)*($L36:$S36=M36)*($L1:$S1<M$1)))) | V36: =IF(N36<=0.005,99,1+SUMPRODUCT(($L36:$S36>0.005)*(($L2:$S2>N$2)+($L2:$S2=N$2)*($L36:$S36<N36)+($L2:$S2=N$2)*($L36:$S36=N36)*($L1:$S1<N$1)))) | W36: =IF(O36<=0.005,99,1+SUMPRODUCT(($L36:$S36>0.005)*(($L2:$S2>O$2)+($L2:$S2=O$2)*($L36:$S36<O36)+($L2:$S2=O$2)*($L36:$S36=O36)*($L1:$S1<O$1)))) | X36: =IF(P36<=0.005,99,1+SUMPRODUCT(($L36:$S36>0.005)*(($L2:$S2>P$2)+($L2:$S2=P$2)*($L36:$S36<P36)+($L2:$S2=P$2)*($L36:$S36=P36)*($L1:$S1<P$1)))) | Y36: =IF(Q36<=0.005,99,1+SUMPRODUCT(($L36:$S36>0.005)*(($L2:$S2>Q$2)+($L2:$S2=Q$2)*($L36:$S36<Q36)+($L2:$S2=Q$2)*($L36:$S36=Q36)*($L1:$S1<Q$1)))) | Z36: =IF(R36<=0.005,99,1+SUMPRODUCT(($L36:$S36>0.005)*(($L2:$S2>R$2)+($L2:$S2=R$2)*($L36:$S36<R36)+($L2:$S2=R$2)*($L36:$S36=R36)*($L1:$S1<R$1)))) | AA36: =IF(S36<=0.005,99,1+SUMPRODUCT(($L36:$S36>0.005)*(($L2:$S2>S$2)+($L2:$S2=S$2)*($L36:$S36<S36)+($L2:$S2=S$2)*($L36:$S36=S36)*($L1:$S1<S$1)))) | AB36: =IF(L36-MIN(L36,MAX(0,$B36-SUMPRODUCT(($T36:$AA36<T36)*$L36:$S36)))<=0.005,0,L36-MIN(L36,MAX(0,$B36-SUMPRODUCT(($T36:$AA36<T36)*$L36:$S36)))) | AC36: =IF(M36-MIN(M36,MAX(0,$B36-SUMPRODUCT(($T36:$AA36<U36)*$L36:$S36)))<=0.005,0,M36-MIN(M36,MAX(0,$B36-SUMPRODUCT(($T36:$AA36<U36)*$L36:$S36)))) | AD36: =IF(N36-MIN(N36,MAX(0,$B36-SUMPRODUCT(($T36:$AA36<V36)*$L36:$S36)))<=0.005,0,N36-MIN(N36,MAX(0,$B36-SUMPRODUCT(($T36:$AA36<V36)*$L36:$S36)))) | AE36: =IF(O36-MIN(O36,MAX(0,$B36-SUMPRODUCT(($T36:$AA36<W36)*$L36:$S36)))<=0.005,0,O36-MIN(O36,MAX(0,$B36-SUMPRODUCT(($T36:$AA36<W36)*$L36:$S36)))) | AF36: =IF(P36-MIN(P36,MAX(0,$B36-SUMPRODUCT(($T36:$AA36<X36)*$L36:$S36)))<=0.005,0,P36-MIN(P36,MAX(0,$B36-SUMPRODUCT(($T36:$AA36<X36)*$L36:$S36)))) | AG36: =IF(Q36-MIN(Q36,MAX(0,$B36-SUMPRODUCT(($T36:$AA36<Y36)*$L36:$S36)))<=0.005,0,Q36-MIN(Q36,MAX(0,$B36-SUMPRODUCT(($T36:$AA36<Y36)*$L36:$S36)))) | AH36: =IF(R36-MIN(R36,MAX(0,$B36-SUMPRODUCT(($T36:$AA36<Z36)*$L36:$S36)))<=0.005,0,R36-MIN(R36,MAX(0,$B36-SUMPRODUCT(($T36:$AA36<Z36)*$L36:$S36)))) | AI36: =IF(S36-MIN(S36,MAX(0,$B36-SUMPRODUCT(($T36:$AA36<AA36)*$L36:$S36)))<=0.005,0,S36-MIN(S36,MAX(0,$B36-SUMPRODUCT(($T36:$AA36<AA36)*$L36:$S36))))
A37: 34 | B37: =Debts!$B$4-(SUM($D37:$K37)-SUM($L37:$S37)) | C37: =SUM($AB37:$AI37) | D37: =IF(N(AB36)>0,N(AB36)*(1+N(Debts!$C$7)/1200),0) | E37: =IF(N(AC36)>0,N(AC36)*(1+N(Debts!$C$8)/1200),0) | F37: =IF(N(AD36)>0,N(AD36)*(1+N(Debts!$C$9)/1200),0) | G37: =IF(N(AE36)>0,N(AE36)*(1+N(Debts!$C$10)/1200),0) | H37: =IF(N(AF36)>0,N(AF36)*(1+N(Debts!$C$11)/1200),0) | I37: =IF(N(AG36)>0,N(AG36)*(1+N(Debts!$C$12)/1200),0) | J37: =IF(N(AH36)>0,N(AH36)*(1+N(Debts!$C$13)/1200),0) | K37: =IF(N(AI36)>0,N(AI36)*(1+N(Debts!$C$14)/1200),0) | L37: =D37-MIN(N(Debts!$D$7),D37) | M37: =E37-MIN(N(Debts!$D$8),E37) | N37: =F37-MIN(N(Debts!$D$9),F37) | O37: =G37-MIN(N(Debts!$D$10),G37) | P37: =H37-MIN(N(Debts!$D$11),H37) | Q37: =I37-MIN(N(Debts!$D$12),I37) | R37: =J37-MIN(N(Debts!$D$13),J37) | S37: =K37-MIN(N(Debts!$D$14),K37) | T37: =IF(L37<=0.005,99,1+SUMPRODUCT(($L37:$S37>0.005)*(($L2:$S2>L$2)+($L2:$S2=L$2)*($L37:$S37<L37)+($L2:$S2=L$2)*($L37:$S37=L37)*($L1:$S1<L$1)))) | U37: =IF(M37<=0.005,99,1+SUMPRODUCT(($L37:$S37>0.005)*(($L2:$S2>M$2)+($L2:$S2=M$2)*($L37:$S37<M37)+($L2:$S2=M$2)*($L37:$S37=M37)*($L1:$S1<M$1)))) | V37: =IF(N37<=0.005,99,1+SUMPRODUCT(($L37:$S37>0.005)*(($L2:$S2>N$2)+($L2:$S2=N$2)*($L37:$S37<N37)+($L2:$S2=N$2)*($L37:$S37=N37)*($L1:$S1<N$1)))) | W37: =IF(O37<=0.005,99,1+SUMPRODUCT(($L37:$S37>0.005)*(($L2:$S2>O$2)+($L2:$S2=O$2)*($L37:$S37<O37)+($L2:$S2=O$2)*($L37:$S37=O37)*($L1:$S1<O$1)))) | X37: =IF(P37<=0.005,99,1+SUMPRODUCT(($L37:$S37>0.005)*(($L2:$S2>P$2)+($L2:$S2=P$2)*($L37:$S37<P37)+($L2:$S2=P$2)*($L37:$S37=P37)*($L1:$S1<P$1)))) | Y37: =IF(Q37<=0.005,99,1+SUMPRODUCT(($L37:$S37>0.005)*(($L2:$S2>Q$2)+($L2:$S2=Q$2)*($L37:$S37<Q37)+($L2:$S2=Q$2)*($L37:$S37=Q37)*($L1:$S1<Q$1)))) | Z37: =IF(R37<=0.005,99,1+SUMPRODUCT(($L37:$S37>0.005)*(($L2:$S2>R$2)+($L2:$S2=R$2)*($L37:$S37<R37)+($L2:$S2=R$2)*($L37:$S37=R37)*($L1:$S1<R$1)))) | AA37: =IF(S37<=0.005,99,1+SUMPRODUCT(($L37:$S37>0.005)*(($L2:$S2>S$2)+($L2:$S2=S$2)*($L37:$S37<S37)+($L2:$S2=S$2)*($L37:$S37=S37)*($L1:$S1<S$1)))) | AB37: =IF(L37-MIN(L37,MAX(0,$B37-SUMPRODUCT(($T37:$AA37<T37)*$L37:$S37)))<=0.005,0,L37-MIN(L37,MAX(0,$B37-SUMPRODUCT(($T37:$AA37<T37)*$L37:$S37)))) | AC37: =IF(M37-MIN(M37,MAX(0,$B37-SUMPRODUCT(($T37:$AA37<U37)*$L37:$S37)))<=0.005,0,M37-MIN(M37,MAX(0,$B37-SUMPRODUCT(($T37:$AA37<U37)*$L37:$S37)))) | AD37: =IF(N37-MIN(N37,MAX(0,$B37-SUMPRODUCT(($T37:$AA37<V37)*$L37:$S37)))<=0.005,0,N37-MIN(N37,MAX(0,$B37-SUMPRODUCT(($T37:$AA37<V37)*$L37:$S37)))) | AE37: =IF(O37-MIN(O37,MAX(0,$B37-SUMPRODUCT(($T37:$AA37<W37)*$L37:$S37)))<=0.005,0,O37-MIN(O37,MAX(0,$B37-SUMPRODUCT(($T37:$AA37<W37)*$L37:$S37)))) | AF37: =IF(P37-MIN(P37,MAX(0,$B37-SUMPRODUCT(($T37:$AA37<X37)*$L37:$S37)))<=0.005,0,P37-MIN(P37,MAX(0,$B37-SUMPRODUCT(($T37:$AA37<X37)*$L37:$S37)))) | AG37: =IF(Q37-MIN(Q37,MAX(0,$B37-SUMPRODUCT(($T37:$AA37<Y37)*$L37:$S37)))<=0.005,0,Q37-MIN(Q37,MAX(0,$B37-SUMPRODUCT(($T37:$AA37<Y37)*$L37:$S37)))) | AH37: =IF(R37-MIN(R37,MAX(0,$B37-SUMPRODUCT(($T37:$AA37<Z37)*$L37:$S37)))<=0.005,0,R37-MIN(R37,MAX(0,$B37-SUMPRODUCT(($T37:$AA37<Z37)*$L37:$S37)))) | AI37: =IF(S37-MIN(S37,MAX(0,$B37-SUMPRODUCT(($T37:$AA37<AA37)*$L37:$S37)))<=0.005,0,S37-MIN(S37,MAX(0,$B37-SUMPRODUCT(($T37:$AA37<AA37)*$L37:$S37))))
A38: 35 | B38: =Debts!$B$4-(SUM($D38:$K38)-SUM($L38:$S38)) | C38: =SUM($AB38:$AI38) | D38: =IF(N(AB37)>0,N(AB37)*(1+N(Debts!$C$7)/1200),0) | E38: =IF(N(AC37)>0,N(AC37)*(1+N(Debts!$C$8)/1200),0) | F38: =IF(N(AD37)>0,N(AD37)*(1+N(Debts!$C$9)/1200),0) | G38: =IF(N(AE37)>0,N(AE37)*(1+N(Debts!$C$10)/1200),0) | H38: =IF(N(AF37)>0,N(AF37)*(1+N(Debts!$C$11)/1200),0) | I38: =IF(N(AG37)>0,N(AG37)*(1+N(Debts!$C$12)/1200),0) | J38: =IF(N(AH37)>0,N(AH37)*(1+N(Debts!$C$13)/1200),0) | K38: =IF(N(AI37)>0,N(AI37)*(1+N(Debts!$C$14)/1200),0) | L38: =D38-MIN(N(Debts!$D$7),D38) | M38: =E38-MIN(N(Debts!$D$8),E38) | N38: =F38-MIN(N(Debts!$D$9),F38) | O38: =G38-MIN(N(Debts!$D$10),G38) | P38: =H38-MIN(N(Debts!$D$11),H38) | Q38: =I38-MIN(N(Debts!$D$12),I38) | R38: =J38-MIN(N(Debts!$D$13),J38) | S38: =K38-MIN(N(Debts!$D$14),K38) | T38: =IF(L38<=0.005,99,1+SUMPRODUCT(($L38:$S38>0.005)*(($L2:$S2>L$2)+($L2:$S2=L$2)*($L38:$S38<L38)+($L2:$S2=L$2)*($L38:$S38=L38)*($L1:$S1<L$1)))) | U38: =IF(M38<=0.005,99,1+SUMPRODUCT(($L38:$S38>0.005)*(($L2:$S2>M$2)+($L2:$S2=M$2)*($L38:$S38<M38)+($L2:$S2=M$2)*($L38:$S38=M38)*($L1:$S1<M$1)))) | V38: =IF(N38<=0.005,99,1+SUMPRODUCT(($L38:$S38>0.005)*(($L2:$S2>N$2)+($L2:$S2=N$2)*($L38:$S38<N38)+($L2:$S2=N$2)*($L38:$S38=N38)*($L1:$S1<N$1)))) | W38: =IF(O38<=0.005,99,1+SUMPRODUCT(($L38:$S38>0.005)*(($L2:$S2>O$2)+($L2:$S2=O$2)*($L38:$S38<O38)+($L2:$S2=O$2)*($L38:$S38=O38)*($L1:$S1<O$1)))) | X38: =IF(P38<=0.005,99,1+SUMPRODUCT(($L38:$S38>0.005)*(($L2:$S2>P$2)+($L2:$S2=P$2)*($L38:$S38<P38)+($L2:$S2=P$2)*($L38:$S38=P38)*($L1:$S1<P$1)))) | Y38: =IF(Q38<=0.005,99,1+SUMPRODUCT(($L38:$S38>0.005)*(($L2:$S2>Q$2)+($L2:$S2=Q$2)*($L38:$S38<Q38)+($L2:$S2=Q$2)*($L38:$S38=Q38)*($L1:$S1<Q$1)))) | Z38: =IF(R38<=0.005,99,1+SUMPRODUCT(($L38:$S38>0.005)*(($L2:$S2>R$2)+($L2:$S2=R$2)*($L38:$S38<R38)+($L2:$S2=R$2)*($L38:$S38=R38)*($L1:$S1<R$1)))) | AA38: =IF(S38<=0.005,99,1+SUMPRODUCT(($L38:$S38>0.005)*(($L2:$S2>S$2)+($L2:$S2=S$2)*($L38:$S38<S38)+($L2:$S2=S$2)*($L38:$S38=S38)*($L1:$S1<S$1)))) | AB38: =IF(L38-MIN(L38,MAX(0,$B38-SUMPRODUCT(($T38:$AA38<T38)*$L38:$S38)))<=0.005,0,L38-MIN(L38,MAX(0,$B38-SUMPRODUCT(($T38:$AA38<T38)*$L38:$S38)))) | AC38: =IF(M38-MIN(M38,MAX(0,$B38-SUMPRODUCT(($T38:$AA38<U38)*$L38:$S38)))<=0.005,0,M38-MIN(M38,MAX(0,$B38-SUMPRODUCT(($T38:$AA38<U38)*$L38:$S38)))) | AD38: =IF(N38-MIN(N38,MAX(0,$B38-SUMPRODUCT(($T38:$AA38<V38)*$L38:$S38)))<=0.005,0,N38-MIN(N38,MAX(0,$B38-SUMPRODUCT(($T38:$AA38<V38)*$L38:$S38)))) | AE38: =IF(O38-MIN(O38,MAX(0,$B38-SUMPRODUCT(($T38:$AA38<W38)*$L38:$S38)))<=0.005,0,O38-MIN(O38,MAX(0,$B38-SUMPRODUCT(($T38:$AA38<W38)*$L38:$S38)))) | AF38: =IF(P38-MIN(P38,MAX(0,$B38-SUMPRODUCT(($T38:$AA38<X38)*$L38:$S38)))<=0.005,0,P38-MIN(P38,MAX(0,$B38-SUMPRODUCT(($T38:$AA38<X38)*$L38:$S38)))) | AG38: =IF(Q38-MIN(Q38,MAX(0,$B38-SUMPRODUCT(($T38:$AA38<Y38)*$L38:$S38)))<=0.005,0,Q38-MIN(Q38,MAX(0,$B38-SUMPRODUCT(($T38:$AA38<Y38)*$L38:$S38)))) | AH38: =IF(R38-MIN(R38,MAX(0,$B38-SUMPRODUCT(($T38:$AA38<Z38)*$L38:$S38)))<=0.005,0,R38-MIN(R38,MAX(0,$B38-SUMPRODUCT(($T38:$AA38<Z38)*$L38:$S38)))) | AI38: =IF(S38-MIN(S38,MAX(0,$B38-SUMPRODUCT(($T38:$AA38<AA38)*$L38:$S38)))<=0.005,0,S38-MIN(S38,MAX(0,$B38-SUMPRODUCT(($T38:$AA38<AA38)*$L38:$S38))))
A39: 36 | B39: =Debts!$B$4-(SUM($D39:$K39)-SUM($L39:$S39)) | C39: =SUM($AB39:$AI39) | D39: =IF(N(AB38)>0,N(AB38)*(1+N(Debts!$C$7)/1200),0) | E39: =IF(N(AC38)>0,N(AC38)*(1+N(Debts!$C$8)/1200),0) | F39: =IF(N(AD38)>0,N(AD38)*(1+N(Debts!$C$9)/1200),0) | G39: =IF(N(AE38)>0,N(AE38)*(1+N(Debts!$C$10)/1200),0) | H39: =IF(N(AF38)>0,N(AF38)*(1+N(Debts!$C$11)/1200),0) | I39: =IF(N(AG38)>0,N(AG38)*(1+N(Debts!$C$12)/1200),0) | J39: =IF(N(AH38)>0,N(AH38)*(1+N(Debts!$C$13)/1200),0) | K39: =IF(N(AI38)>0,N(AI38)*(1+N(Debts!$C$14)/1200),0) | L39: =D39-MIN(N(Debts!$D$7),D39) | M39: =E39-MIN(N(Debts!$D$8),E39) | N39: =F39-MIN(N(Debts!$D$9),F39) | O39: =G39-MIN(N(Debts!$D$10),G39) | P39: =H39-MIN(N(Debts!$D$11),H39) | Q39: =I39-MIN(N(Debts!$D$12),I39) | R39: =J39-MIN(N(Debts!$D$13),J39) | S39: =K39-MIN(N(Debts!$D$14),K39) | T39: =IF(L39<=0.005,99,1+SUMPRODUCT(($L39:$S39>0.005)*(($L2:$S2>L$2)+($L2:$S2=L$2)*($L39:$S39<L39)+($L2:$S2=L$2)*($L39:$S39=L39)*($L1:$S1<L$1)))) | U39: =IF(M39<=0.005,99,1+SUMPRODUCT(($L39:$S39>0.005)*(($L2:$S2>M$2)+($L2:$S2=M$2)*($L39:$S39<M39)+($L2:$S2=M$2)*($L39:$S39=M39)*($L1:$S1<M$1)))) | V39: =IF(N39<=0.005,99,1+SUMPRODUCT(($L39:$S39>0.005)*(($L2:$S2>N$2)+($L2:$S2=N$2)*($L39:$S39<N39)+($L2:$S2=N$2)*($L39:$S39=N39)*($L1:$S1<N$1)))) | W39: =IF(O39<=0.005,99,1+SUMPRODUCT(($L39:$S39>0.005)*(($L2:$S2>O$2)+($L2:$S2=O$2)*($L39:$S39<O39)+($L2:$S2=O$2)*($L39:$S39=O39)*($L1:$S1<O$1)))) | X39: =IF(P39<=0.005,99,1+SUMPRODUCT(($L39:$S39>0.005)*(($L2:$S2>P$2)+($L2:$S2=P$2)*($L39:$S39<P39)+($L2:$S2=P$2)*($L39:$S39=P39)*($L1:$S1<P$1)))) | Y39: =IF(Q39<=0.005,99,1+SUMPRODUCT(($L39:$S39>0.005)*(($L2:$S2>Q$2)+($L2:$S2=Q$2)*($L39:$S39<Q39)+($L2:$S2=Q$2)*($L39:$S39=Q39)*($L1:$S1<Q$1)))) | Z39: =IF(R39<=0.005,99,1+SUMPRODUCT(($L39:$S39>0.005)*(($L2:$S2>R$2)+($L2:$S2=R$2)*($L39:$S39<R39)+($L2:$S2=R$2)*($L39:$S39=R39)*($L1:$S1<R$1)))) | AA39: =IF(S39<=0.005,99,1+SUMPRODUCT(($L39:$S39>0.005)*(($L2:$S2>S$2)+($L2:$S2=S$2)*($L39:$S39<S39)+($L2:$S2=S$2)*($L39:$S39=S39)*($L1:$S1<S$1)))) | AB39: =IF(L39-MIN(L39,MAX(0,$B39-SUMPRODUCT(($T39:$AA39<T39)*$L39:$S39)))<=0.005,0,L39-MIN(L39,MAX(0,$B39-SUMPRODUCT(($T39:$AA39<T39)*$L39:$S39)))) | AC39: =IF(M39-MIN(M39,MAX(0,$B39-SUMPRODUCT(($T39:$AA39<U39)*$L39:$S39)))<=0.005,0,M39-MIN(M39,MAX(0,$B39-SUMPRODUCT(($T39:$AA39<U39)*$L39:$S39)))) | AD39: =IF(N39-MIN(N39,MAX(0,$B39-SUMPRODUCT(($T39:$AA39<V39)*$L39:$S39)))<=0.005,0,N39-MIN(N39,MAX(0,$B39-SUMPRODUCT(($T39:$AA39<V39)*$L39:$S39)))) | AE39: =IF(O39-MIN(O39,MAX(0,$B39-SUMPRODUCT(($T39:$AA39<W39)*$L39:$S39)))<=0.005,0,O39-MIN(O39,MAX(0,$B39-SUMPRODUCT(($T39:$AA39<W39)*$L39:$S39)))) | AF39: =IF(P39-MIN(P39,MAX(0,$B39-SUMPRODUCT(($T39:$AA39<X39)*$L39:$S39)))<=0.005,0,P39-MIN(P39,MAX(0,$B39-SUMPRODUCT(($T39:$AA39<X39)*$L39:$S39)))) | AG39: =IF(Q39-MIN(Q39,MAX(0,$B39-SUMPRODUCT(($T39:$AA39<Y39)*$L39:$S39)))<=0.005,0,Q39-MIN(Q39,MAX(0,$B39-SUMPRODUCT(($T39:$AA39<Y39)*$L39:$S39)))) | AH39: =IF(R39-MIN(R39,MAX(0,$B39-SUMPRODUCT(($T39:$AA39<Z39)*$L39:$S39)))<=0.005,0,R39-MIN(R39,MAX(0,$B39-SUMPRODUCT(($T39:$AA39<Z39)*$L39:$S39)))) | AI39: =IF(S39-MIN(S39,MAX(0,$B39-SUMPRODUCT(($T39:$AA39<AA39)*$L39:$S39)))<=0.005,0,S39-MIN(S39,MAX(0,$B39-SUMPRODUCT(($T39:$AA39<AA39)*$L39:$S39))))
A40: 37 | B40: =Debts!$B$4-(SUM($D40:$K40)-SUM($L40:$S40)) | C40: =SUM($AB40:$AI40) | D40: =IF(N(AB39)>0,N(AB39)*(1+N(Debts!$C$7)/1200),0) | E40: =IF(N(AC39)>0,N(AC39)*(1+N(Debts!$C$8)/1200),0) | F40: =IF(N(AD39)>0,N(AD39)*(1+N(Debts!$C$9)/1200),0) | G40: =IF(N(AE39)>0,N(AE39)*(1+N(Debts!$C$10)/1200),0) | H40: =IF(N(AF39)>0,N(AF39)*(1+N(Debts!$C$11)/1200),0) | I40: =IF(N(AG39)>0,N(AG39)*(1+N(Debts!$C$12)/1200),0) | J40: =IF(N(AH39)>0,N(AH39)*(1+N(Debts!$C$13)/1200),0) | K40: =IF(N(AI39)>0,N(AI39)*(1+N(Debts!$C$14)/1200),0) | L40: =D40-MIN(N(Debts!$D$7),D40) | M40: =E40-MIN(N(Debts!$D$8),E40) | N40: =F40-MIN(N(Debts!$D$9),F40) | O40: =G40-MIN(N(Debts!$D$10),G40) | P40: =H40-MIN(N(Debts!$D$11),H40) | Q40: =I40-MIN(N(Debts!$D$12),I40) | R40: =J40-MIN(N(Debts!$D$13),J40) | S40: =K40-MIN(N(Debts!$D$14),K40) | T40: =IF(L40<=0.005,99,1+SUMPRODUCT(($L40:$S40>0.005)*(($L2:$S2>L$2)+($L2:$S2=L$2)*($L40:$S40<L40)+($L2:$S2=L$2)*($L40:$S40=L40)*($L1:$S1<L$1)))) | U40: =IF(M40<=0.005,99,1+SUMPRODUCT(($L40:$S40>0.005)*(($L2:$S2>M$2)+($L2:$S2=M$2)*($L40:$S40<M40)+($L2:$S2=M$2)*($L40:$S40=M40)*($L1:$S1<M$1)))) | V40: =IF(N40<=0.005,99,1+SUMPRODUCT(($L40:$S40>0.005)*(($L2:$S2>N$2)+($L2:$S2=N$2)*($L40:$S40<N40)+($L2:$S2=N$2)*($L40:$S40=N40)*($L1:$S1<N$1)))) | W40: =IF(O40<=0.005,99,1+SUMPRODUCT(($L40:$S40>0.005)*(($L2:$S2>O$2)+($L2:$S2=O$2)*($L40:$S40<O40)+($L2:$S2=O$2)*($L40:$S40=O40)*($L1:$S1<O$1)))) | X40: =IF(P40<=0.005,99,1+SUMPRODUCT(($L40:$S40>0.005)*(($L2:$S2>P$2)+($L2:$S2=P$2)*($L40:$S40<P40)+($L2:$S2=P$2)*($L40:$S40=P40)*($L1:$S1<P$1)))) | Y40: =IF(Q40<=0.005,99,1+SUMPRODUCT(($L40:$S40>0.005)*(($L2:$S2>Q$2)+($L2:$S2=Q$2)*($L40:$S40<Q40)+($L2:$S2=Q$2)*($L40:$S40=Q40)*($L1:$S1<Q$1)))) | Z40: =IF(R40<=0.005,99,1+SUMPRODUCT(($L40:$S40>0.005)*(($L2:$S2>R$2)+($L2:$S2=R$2)*($L40:$S40<R40)+($L2:$S2=R$2)*($L40:$S40=R40)*($L1:$S1<R$1)))) | AA40: =IF(S40<=0.005,99,1+SUMPRODUCT(($L40:$S40>0.005)*(($L2:$S2>S$2)+($L2:$S2=S$2)*($L40:$S40<S40)+($L2:$S2=S$2)*($L40:$S40=S40)*($L1:$S1<S$1)))) | AB40: =IF(L40-MIN(L40,MAX(0,$B40-SUMPRODUCT(($T40:$AA40<T40)*$L40:$S40)))<=0.005,0,L40-MIN(L40,MAX(0,$B40-SUMPRODUCT(($T40:$AA40<T40)*$L40:$S40)))) | AC40: =IF(M40-MIN(M40,MAX(0,$B40-SUMPRODUCT(($T40:$AA40<U40)*$L40:$S40)))<=0.005,0,M40-MIN(M40,MAX(0,$B40-SUMPRODUCT(($T40:$AA40<U40)*$L40:$S40)))) | AD40: =IF(N40-MIN(N40,MAX(0,$B40-SUMPRODUCT(($T40:$AA40<V40)*$L40:$S40)))<=0.005,0,N40-MIN(N40,MAX(0,$B40-SUMPRODUCT(($T40:$AA40<V40)*$L40:$S40)))) | AE40: =IF(O40-MIN(O40,MAX(0,$B40-SUMPRODUCT(($T40:$AA40<W40)*$L40:$S40)))<=0.005,0,O40-MIN(O40,MAX(0,$B40-SUMPRODUCT(($T40:$AA40<W40)*$L40:$S40)))) | AF40: =IF(P40-MIN(P40,MAX(0,$B40-SUMPRODUCT(($T40:$AA40<X40)*$L40:$S40)))<=0.005,0,P40-MIN(P40,MAX(0,$B40-SUMPRODUCT(($T40:$AA40<X40)*$L40:$S40)))) | AG40: =IF(Q40-MIN(Q40,MAX(0,$B40-SUMPRODUCT(($T40:$AA40<Y40)*$L40:$S40)))<=0.005,0,Q40-MIN(Q40,MAX(0,$B40-SUMPRODUCT(($T40:$AA40<Y40)*$L40:$S40)))) | AH40: =IF(R40-MIN(R40,MAX(0,$B40-SUMPRODUCT(($T40:$AA40<Z40)*$L40:$S40)))<=0.005,0,R40-MIN(R40,MAX(0,$B40-SUMPRODUCT(($T40:$AA40<Z40)*$L40:$S40)))) | AI40: =IF(S40-MIN(S40,MAX(0,$B40-SUMPRODUCT(($T40:$AA40<AA40)*$L40:$S40)))<=0.005,0,S40-MIN(S40,MAX(0,$B40-SUMPRODUCT(($T40:$AA40<AA40)*$L40:$S40))))
A41: 38 | B41: =Debts!$B$4-(SUM($D41:$K41)-SUM($L41:$S41)) | C41: =SUM($AB41:$AI41) | D41: =IF(N(AB40)>0,N(AB40)*(1+N(Debts!$C$7)/1200),0) | E41: =IF(N(AC40)>0,N(AC40)*(1+N(Debts!$C$8)/1200),0) | F41: =IF(N(AD40)>0,N(AD40)*(1+N(Debts!$C$9)/1200),0) | G41: =IF(N(AE40)>0,N(AE40)*(1+N(Debts!$C$10)/1200),0) | H41: =IF(N(AF40)>0,N(AF40)*(1+N(Debts!$C$11)/1200),0) | I41: =IF(N(AG40)>0,N(AG40)*(1+N(Debts!$C$12)/1200),0) | J41: =IF(N(AH40)>0,N(AH40)*(1+N(Debts!$C$13)/1200),0) | K41: =IF(N(AI40)>0,N(AI40)*(1+N(Debts!$C$14)/1200),0) | L41: =D41-MIN(N(Debts!$D$7),D41) | M41: =E41-MIN(N(Debts!$D$8),E41) | N41: =F41-MIN(N(Debts!$D$9),F41) | O41: =G41-MIN(N(Debts!$D$10),G41) | P41: =H41-MIN(N(Debts!$D$11),H41) | Q41: =I41-MIN(N(Debts!$D$12),I41) | R41: =J41-MIN(N(Debts!$D$13),J41) | S41: =K41-MIN(N(Debts!$D$14),K41) | T41: =IF(L41<=0.005,99,1+SUMPRODUCT(($L41:$S41>0.005)*(($L2:$S2>L$2)+($L2:$S2=L$2)*($L41:$S41<L41)+($L2:$S2=L$2)*($L41:$S41=L41)*($L1:$S1<L$1)))) | U41: =IF(M41<=0.005,99,1+SUMPRODUCT(($L41:$S41>0.005)*(($L2:$S2>M$2)+($L2:$S2=M$2)*($L41:$S41<M41)+($L2:$S2=M$2)*($L41:$S41=M41)*($L1:$S1<M$1)))) | V41: =IF(N41<=0.005,99,1+SUMPRODUCT(($L41:$S41>0.005)*(($L2:$S2>N$2)+($L2:$S2=N$2)*($L41:$S41<N41)+($L2:$S2=N$2)*($L41:$S41=N41)*($L1:$S1<N$1)))) | W41: =IF(O41<=0.005,99,1+SUMPRODUCT(($L41:$S41>0.005)*(($L2:$S2>O$2)+($L2:$S2=O$2)*($L41:$S41<O41)+($L2:$S2=O$2)*($L41:$S41=O41)*($L1:$S1<O$1)))) | X41: =IF(P41<=0.005,99,1+SUMPRODUCT(($L41:$S41>0.005)*(($L2:$S2>P$2)+($L2:$S2=P$2)*($L41:$S41<P41)+($L2:$S2=P$2)*($L41:$S41=P41)*($L1:$S1<P$1)))) | Y41: =IF(Q41<=0.005,99,1+SUMPRODUCT(($L41:$S41>0.005)*(($L2:$S2>Q$2)+($L2:$S2=Q$2)*($L41:$S41<Q41)+($L2:$S2=Q$2)*($L41:$S41=Q41)*($L1:$S1<Q$1)))) | Z41: =IF(R41<=0.005,99,1+SUMPRODUCT(($L41:$S41>0.005)*(($L2:$S2>R$2)+($L2:$S2=R$2)*($L41:$S41<R41)+($L2:$S2=R$2)*($L41:$S41=R41)*($L1:$S1<R$1)))) | AA41: =IF(S41<=0.005,99,1+SUMPRODUCT(($L41:$S41>0.005)*(($L2:$S2>S$2)+($L2:$S2=S$2)*($L41:$S41<S41)+($L2:$S2=S$2)*($L41:$S41=S41)*($L1:$S1<S$1)))) | AB41: =IF(L41-MIN(L41,MAX(0,$B41-SUMPRODUCT(($T41:$AA41<T41)*$L41:$S41)))<=0.005,0,L41-MIN(L41,MAX(0,$B41-SUMPRODUCT(($T41:$AA41<T41)*$L41:$S41)))) | AC41: =IF(M41-MIN(M41,MAX(0,$B41-SUMPRODUCT(($T41:$AA41<U41)*$L41:$S41)))<=0.005,0,M41-MIN(M41,MAX(0,$B41-SUMPRODUCT(($T41:$AA41<U41)*$L41:$S41)))) | AD41: =IF(N41-MIN(N41,MAX(0,$B41-SUMPRODUCT(($T41:$AA41<V41)*$L41:$S41)))<=0.005,0,N41-MIN(N41,MAX(0,$B41-SUMPRODUCT(($T41:$AA41<V41)*$L41:$S41)))) | AE41: =IF(O41-MIN(O41,MAX(0,$B41-SUMPRODUCT(($T41:$AA41<W41)*$L41:$S41)))<=0.005,0,O41-MIN(O41,MAX(0,$B41-SUMPRODUCT(($T41:$AA41<W41)*$L41:$S41)))) | AF41: =IF(P41-MIN(P41,MAX(0,$B41-SUMPRODUCT(($T41:$AA41<X41)*$L41:$S41)))<=0.005,0,P41-MIN(P41,MAX(0,$B41-SUMPRODUCT(($T41:$AA41<X41)*$L41:$S41)))) | AG41: =IF(Q41-MIN(Q41,MAX(0,$B41-SUMPRODUCT(($T41:$AA41<Y41)*$L41:$S41)))<=0.005,0,Q41-MIN(Q41,MAX(0,$B41-SUMPRODUCT(($T41:$AA41<Y41)*$L41:$S41)))) | AH41: =IF(R41-MIN(R41,MAX(0,$B41-SUMPRODUCT(($T41:$AA41<Z41)*$L41:$S41)))<=0.005,0,R41-MIN(R41,MAX(0,$B41-SUMPRODUCT(($T41:$AA41<Z41)*$L41:$S41)))) | AI41: =IF(S41-MIN(S41,MAX(0,$B41-SUMPRODUCT(($T41:$AA41<AA41)*$L41:$S41)))<=0.005,0,S41-MIN(S41,MAX(0,$B41-SUMPRODUCT(($T41:$AA41<AA41)*$L41:$S41))))
A42: 39 | B42: =Debts!$B$4-(SUM($D42:$K42)-SUM($L42:$S42)) | C42: =SUM($AB42:$AI42) | D42: =IF(N(AB41)>0,N(AB41)*(1+N(Debts!$C$7)/1200),0) | E42: =IF(N(AC41)>0,N(AC41)*(1+N(Debts!$C$8)/1200),0) | F42: =IF(N(AD41)>0,N(AD41)*(1+N(Debts!$C$9)/1200),0) | G42: =IF(N(AE41)>0,N(AE41)*(1+N(Debts!$C$10)/1200),0) | H42: =IF(N(AF41)>0,N(AF41)*(1+N(Debts!$C$11)/1200),0) | I42: =IF(N(AG41)>0,N(AG41)*(1+N(Debts!$C$12)/1200),0) | J42: =IF(N(AH41)>0,N(AH41)*(1+N(Debts!$C$13)/1200),0) | K42: =IF(N(AI41)>0,N(AI41)*(1+N(Debts!$C$14)/1200),0) | L42: =D42-MIN(N(Debts!$D$7),D42) | M42: =E42-MIN(N(Debts!$D$8),E42) | N42: =F42-MIN(N(Debts!$D$9),F42) | O42: =G42-MIN(N(Debts!$D$10),G42) | P42: =H42-MIN(N(Debts!$D$11),H42) | Q42: =I42-MIN(N(Debts!$D$12),I42) | R42: =J42-MIN(N(Debts!$D$13),J42) | S42: =K42-MIN(N(Debts!$D$14),K42) | T42: =IF(L42<=0.005,99,1+SUMPRODUCT(($L42:$S42>0.005)*(($L2:$S2>L$2)+($L2:$S2=L$2)*($L42:$S42<L42)+($L2:$S2=L$2)*($L42:$S42=L42)*($L1:$S1<L$1)))) | U42: =IF(M42<=0.005,99,1+SUMPRODUCT(($L42:$S42>0.005)*(($L2:$S2>M$2)+($L2:$S2=M$2)*($L42:$S42<M42)+($L2:$S2=M$2)*($L42:$S42=M42)*($L1:$S1<M$1)))) | V42: =IF(N42<=0.005,99,1+SUMPRODUCT(($L42:$S42>0.005)*(($L2:$S2>N$2)+($L2:$S2=N$2)*($L42:$S42<N42)+($L2:$S2=N$2)*($L42:$S42=N42)*($L1:$S1<N$1)))) | W42: =IF(O42<=0.005,99,1+SUMPRODUCT(($L42:$S42>0.005)*(($L2:$S2>O$2)+($L2:$S2=O$2)*($L42:$S42<O42)+($L2:$S2=O$2)*($L42:$S42=O42)*($L1:$S1<O$1)))) | X42: =IF(P42<=0.005,99,1+SUMPRODUCT(($L42:$S42>0.005)*(($L2:$S2>P$2)+($L2:$S2=P$2)*($L42:$S42<P42)+($L2:$S2=P$2)*($L42:$S42=P42)*($L1:$S1<P$1)))) | Y42: =IF(Q42<=0.005,99,1+SUMPRODUCT(($L42:$S42>0.005)*(($L2:$S2>Q$2)+($L2:$S2=Q$2)*($L42:$S42<Q42)+($L2:$S2=Q$2)*($L42:$S42=Q42)*($L1:$S1<Q$1)))) | Z42: =IF(R42<=0.005,99,1+SUMPRODUCT(($L42:$S42>0.005)*(($L2:$S2>R$2)+($L2:$S2=R$2)*($L42:$S42<R42)+($L2:$S2=R$2)*($L42:$S42=R42)*($L1:$S1<R$1)))) | AA42: =IF(S42<=0.005,99,1+SUMPRODUCT(($L42:$S42>0.005)*(($L2:$S2>S$2)+($L2:$S2=S$2)*($L42:$S42<S42)+($L2:$S2=S$2)*($L42:$S42=S42)*($L1:$S1<S$1)))) | AB42: =IF(L42-MIN(L42,MAX(0,$B42-SUMPRODUCT(($T42:$AA42<T42)*$L42:$S42)))<=0.005,0,L42-MIN(L42,MAX(0,$B42-SUMPRODUCT(($T42:$AA42<T42)*$L42:$S42)))) | AC42: =IF(M42-MIN(M42,MAX(0,$B42-SUMPRODUCT(($T42:$AA42<U42)*$L42:$S42)))<=0.005,0,M42-MIN(M42,MAX(0,$B42-SUMPRODUCT(($T42:$AA42<U42)*$L42:$S42)))) | AD42: =IF(N42-MIN(N42,MAX(0,$B42-SUMPRODUCT(($T42:$AA42<V42)*$L42:$S42)))<=0.005,0,N42-MIN(N42,MAX(0,$B42-SUMPRODUCT(($T42:$AA42<V42)*$L42:$S42)))) | AE42: =IF(O42-MIN(O42,MAX(0,$B42-SUMPRODUCT(($T42:$AA42<W42)*$L42:$S42)))<=0.005,0,O42-MIN(O42,MAX(0,$B42-SUMPRODUCT(($T42:$AA42<W42)*$L42:$S42)))) | AF42: =IF(P42-MIN(P42,MAX(0,$B42-SUMPRODUCT(($T42:$AA42<X42)*$L42:$S42)))<=0.005,0,P42-MIN(P42,MAX(0,$B42-SUMPRODUCT(($T42:$AA42<X42)*$L42:$S42)))) | AG42: =IF(Q42-MIN(Q42,MAX(0,$B42-SUMPRODUCT(($T42:$AA42<Y42)*$L42:$S42)))<=0.005,0,Q42-MIN(Q42,MAX(0,$B42-SUMPRODUCT(($T42:$AA42<Y42)*$L42:$S42)))) | AH42: =IF(R42-MIN(R42,MAX(0,$B42-SUMPRODUCT(($T42:$AA42<Z42)*$L42:$S42)))<=0.005,0,R42-MIN(R42,MAX(0,$B42-SUMPRODUCT(($T42:$AA42<Z42)*$L42:$S42)))) | AI42: =IF(S42-MIN(S42,MAX(0,$B42-SUMPRODUCT(($T42:$AA42<AA42)*$L42:$S42)))<=0.005,0,S42-MIN(S42,MAX(0,$B42-SUMPRODUCT(($T42:$AA42<AA42)*$L42:$S42))))
A43: 40 | B43: =Debts!$B$4-(SUM($D43:$K43)-SUM($L43:$S43)) | C43: =SUM($AB43:$AI43) | D43: =IF(N(AB42)>0,N(AB42)*(1+N(Debts!$C$7)/1200),0) | E43: =IF(N(AC42)>0,N(AC42)*(1+N(Debts!$C$8)/1200),0) | F43: =IF(N(AD42)>0,N(AD42)*(1+N(Debts!$C$9)/1200),0) | G43: =IF(N(AE42)>0,N(AE42)*(1+N(Debts!$C$10)/1200),0) | H43: =IF(N(AF42)>0,N(AF42)*(1+N(Debts!$C$11)/1200),0) | I43: =IF(N(AG42)>0,N(AG42)*(1+N(Debts!$C$12)/1200),0) | J43: =IF(N(AH42)>0,N(AH42)*(1+N(Debts!$C$13)/1200),0) | K43: =IF(N(AI42)>0,N(AI42)*(1+N(Debts!$C$14)/1200),0) | L43: =D43-MIN(N(Debts!$D$7),D43) | M43: =E43-MIN(N(Debts!$D$8),E43) | N43: =F43-MIN(N(Debts!$D$9),F43) | O43: =G43-MIN(N(Debts!$D$10),G43) | P43: =H43-MIN(N(Debts!$D$11),H43) | Q43: =I43-MIN(N(Debts!$D$12),I43) | R43: =J43-MIN(N(Debts!$D$13),J43) | S43: =K43-MIN(N(Debts!$D$14),K43) | T43: =IF(L43<=0.005,99,1+SUMPRODUCT(($L43:$S43>0.005)*(($L2:$S2>L$2)+($L2:$S2=L$2)*($L43:$S43<L43)+($L2:$S2=L$2)*($L43:$S43=L43)*($L1:$S1<L$1)))) | U43: =IF(M43<=0.005,99,1+SUMPRODUCT(($L43:$S43>0.005)*(($L2:$S2>M$2)+($L2:$S2=M$2)*($L43:$S43<M43)+($L2:$S2=M$2)*($L43:$S43=M43)*($L1:$S1<M$1)))) | V43: =IF(N43<=0.005,99,1+SUMPRODUCT(($L43:$S43>0.005)*(($L2:$S2>N$2)+($L2:$S2=N$2)*($L43:$S43<N43)+($L2:$S2=N$2)*($L43:$S43=N43)*($L1:$S1<N$1)))) | W43: =IF(O43<=0.005,99,1+SUMPRODUCT(($L43:$S43>0.005)*(($L2:$S2>O$2)+($L2:$S2=O$2)*($L43:$S43<O43)+($L2:$S2=O$2)*($L43:$S43=O43)*($L1:$S1<O$1)))) | X43: =IF(P43<=0.005,99,1+SUMPRODUCT(($L43:$S43>0.005)*(($L2:$S2>P$2)+($L2:$S2=P$2)*($L43:$S43<P43)+($L2:$S2=P$2)*($L43:$S43=P43)*($L1:$S1<P$1)))) | Y43: =IF(Q43<=0.005,99,1+SUMPRODUCT(($L43:$S43>0.005)*(($L2:$S2>Q$2)+($L2:$S2=Q$2)*($L43:$S43<Q43)+($L2:$S2=Q$2)*($L43:$S43=Q43)*($L1:$S1<Q$1)))) | Z43: =IF(R43<=0.005,99,1+SUMPRODUCT(($L43:$S43>0.005)*(($L2:$S2>R$2)+($L2:$S2=R$2)*($L43:$S43<R43)+($L2:$S2=R$2)*($L43:$S43=R43)*($L1:$S1<R$1)))) | AA43: =IF(S43<=0.005,99,1+SUMPRODUCT(($L43:$S43>0.005)*(($L2:$S2>S$2)+($L2:$S2=S$2)*($L43:$S43<S43)+($L2:$S2=S$2)*($L43:$S43=S43)*($L1:$S1<S$1)))) | AB43: =IF(L43-MIN(L43,MAX(0,$B43-SUMPRODUCT(($T43:$AA43<T43)*$L43:$S43)))<=0.005,0,L43-MIN(L43,MAX(0,$B43-SUMPRODUCT(($T43:$AA43<T43)*$L43:$S43)))) | AC43: =IF(M43-MIN(M43,MAX(0,$B43-SUMPRODUCT(($T43:$AA43<U43)*$L43:$S43)))<=0.005,0,M43-MIN(M43,MAX(0,$B43-SUMPRODUCT(($T43:$AA43<U43)*$L43:$S43)))) | AD43: =IF(N43-MIN(N43,MAX(0,$B43-SUMPRODUCT(($T43:$AA43<V43)*$L43:$S43)))<=0.005,0,N43-MIN(N43,MAX(0,$B43-SUMPRODUCT(($T43:$AA43<V43)*$L43:$S43)))) | AE43: =IF(O43-MIN(O43,MAX(0,$B43-SUMPRODUCT(($T43:$AA43<W43)*$L43:$S43)))<=0.005,0,O43-MIN(O43,MAX(0,$B43-SUMPRODUCT(($T43:$AA43<W43)*$L43:$S43)))) | AF43: =IF(P43-MIN(P43,MAX(0,$B43-SUMPRODUCT(($T43:$AA43<X43)*$L43:$S43)))<=0.005,0,P43-MIN(P43,MAX(0,$B43-SUMPRODUCT(($T43:$AA43<X43)*$L43:$S43)))) | AG43: =IF(Q43-MIN(Q43,MAX(0,$B43-SUMPRODUCT(($T43:$AA43<Y43)*$L43:$S43)))<=0.005,0,Q43-MIN(Q43,MAX(0,$B43-SUMPRODUCT(($T43:$AA43<Y43)*$L43:$S43)))) | AH43: =IF(R43-MIN(R43,MAX(0,$B43-SUMPRODUCT(($T43:$AA43<Z43)*$L43:$S43)))<=0.005,0,R43-MIN(R43,MAX(0,$B43-SUMPRODUCT(($T43:$AA43<Z43)*$L43:$S43)))) | AI43: =IF(S43-MIN(S43,MAX(0,$B43-SUMPRODUCT(($T43:$AA43<AA43)*$L43:$S43)))<=0.005,0,S43-MIN(S43,MAX(0,$B43-SUMPRODUCT(($T43:$AA43<AA43)*$L43:$S43))))
A44: 41 | B44: =Debts!$B$4-(SUM($D44:$K44)-SUM($L44:$S44)) | C44: =SUM($AB44:$AI44) | D44: =IF(N(AB43)>0,N(AB43)*(1+N(Debts!$C$7)/1200),0) | E44: =IF(N(AC43)>0,N(AC43)*(1+N(Debts!$C$8)/1200),0) | F44: =IF(N(AD43)>0,N(AD43)*(1+N(Debts!$C$9)/1200),0) | G44: =IF(N(AE43)>0,N(AE43)*(1+N(Debts!$C$10)/1200),0) | H44: =IF(N(AF43)>0,N(AF43)*(1+N(Debts!$C$11)/1200),0) | I44: =IF(N(AG43)>0,N(AG43)*(1+N(Debts!$C$12)/1200),0) | J44: =IF(N(AH43)>0,N(AH43)*(1+N(Debts!$C$13)/1200),0) | K44: =IF(N(AI43)>0,N(AI43)*(1+N(Debts!$C$14)/1200),0) | L44: =D44-MIN(N(Debts!$D$7),D44) | M44: =E44-MIN(N(Debts!$D$8),E44) | N44: =F44-MIN(N(Debts!$D$9),F44) | O44: =G44-MIN(N(Debts!$D$10),G44) | P44: =H44-MIN(N(Debts!$D$11),H44) | Q44: =I44-MIN(N(Debts!$D$12),I44) | R44: =J44-MIN(N(Debts!$D$13),J44) | S44: =K44-MIN(N(Debts!$D$14),K44) | T44: =IF(L44<=0.005,99,1+SUMPRODUCT(($L44:$S44>0.005)*(($L2:$S2>L$2)+($L2:$S2=L$2)*($L44:$S44<L44)+($L2:$S2=L$2)*($L44:$S44=L44)*($L1:$S1<L$1)))) | U44: =IF(M44<=0.005,99,1+SUMPRODUCT(($L44:$S44>0.005)*(($L2:$S2>M$2)+($L2:$S2=M$2)*($L44:$S44<M44)+($L2:$S2=M$2)*($L44:$S44=M44)*($L1:$S1<M$1)))) | V44: =IF(N44<=0.005,99,1+SUMPRODUCT(($L44:$S44>0.005)*(($L2:$S2>N$2)+($L2:$S2=N$2)*($L44:$S44<N44)+($L2:$S2=N$2)*($L44:$S44=N44)*($L1:$S1<N$1)))) | W44: =IF(O44<=0.005,99,1+SUMPRODUCT(($L44:$S44>0.005)*(($L2:$S2>O$2)+($L2:$S2=O$2)*($L44:$S44<O44)+($L2:$S2=O$2)*($L44:$S44=O44)*($L1:$S1<O$1)))) | X44: =IF(P44<=0.005,99,1+SUMPRODUCT(($L44:$S44>0.005)*(($L2:$S2>P$2)+($L2:$S2=P$2)*($L44:$S44<P44)+($L2:$S2=P$2)*($L44:$S44=P44)*($L1:$S1<P$1)))) | Y44: =IF(Q44<=0.005,99,1+SUMPRODUCT(($L44:$S44>0.005)*(($L2:$S2>Q$2)+($L2:$S2=Q$2)*($L44:$S44<Q44)+($L2:$S2=Q$2)*($L44:$S44=Q44)*($L1:$S1<Q$1)))) | Z44: =IF(R44<=0.005,99,1+SUMPRODUCT(($L44:$S44>0.005)*(($L2:$S2>R$2)+($L2:$S2=R$2)*($L44:$S44<R44)+($L2:$S2=R$2)*($L44:$S44=R44)*($L1:$S1<R$1)))) | AA44: =IF(S44<=0.005,99,1+SUMPRODUCT(($L44:$S44>0.005)*(($L2:$S2>S$2)+($L2:$S2=S$2)*($L44:$S44<S44)+($L2:$S2=S$2)*($L44:$S44=S44)*($L1:$S1<S$1)))) | AB44: =IF(L44-MIN(L44,MAX(0,$B44-SUMPRODUCT(($T44:$AA44<T44)*$L44:$S44)))<=0.005,0,L44-MIN(L44,MAX(0,$B44-SUMPRODUCT(($T44:$AA44<T44)*$L44:$S44)))) | AC44: =IF(M44-MIN(M44,MAX(0,$B44-SUMPRODUCT(($T44:$AA44<U44)*$L44:$S44)))<=0.005,0,M44-MIN(M44,MAX(0,$B44-SUMPRODUCT(($T44:$AA44<U44)*$L44:$S44)))) | AD44: =IF(N44-MIN(N44,MAX(0,$B44-SUMPRODUCT(($T44:$AA44<V44)*$L44:$S44)))<=0.005,0,N44-MIN(N44,MAX(0,$B44-SUMPRODUCT(($T44:$AA44<V44)*$L44:$S44)))) | AE44: =IF(O44-MIN(O44,MAX(0,$B44-SUMPRODUCT(($T44:$AA44<W44)*$L44:$S44)))<=0.005,0,O44-MIN(O44,MAX(0,$B44-SUMPRODUCT(($T44:$AA44<W44)*$L44:$S44)))) | AF44: =IF(P44-MIN(P44,MAX(0,$B44-SUMPRODUCT(($T44:$AA44<X44)*$L44:$S44)))<=0.005,0,P44-MIN(P44,MAX(0,$B44-SUMPRODUCT(($T44:$AA44<X44)*$L44:$S44)))) | AG44: =IF(Q44-MIN(Q44,MAX(0,$B44-SUMPRODUCT(($T44:$AA44<Y44)*$L44:$S44)))<=0.005,0,Q44-MIN(Q44,MAX(0,$B44-SUMPRODUCT(($T44:$AA44<Y44)*$L44:$S44)))) | AH44: =IF(R44-MIN(R44,MAX(0,$B44-SUMPRODUCT(($T44:$AA44<Z44)*$L44:$S44)))<=0.005,0,R44-MIN(R44,MAX(0,$B44-SUMPRODUCT(($T44:$AA44<Z44)*$L44:$S44)))) | AI44: =IF(S44-MIN(S44,MAX(0,$B44-SUMPRODUCT(($T44:$AA44<AA44)*$L44:$S44)))<=0.005,0,S44-MIN(S44,MAX(0,$B44-SUMPRODUCT(($T44:$AA44<AA44)*$L44:$S44))))
A45: 42 | B45: =Debts!$B$4-(SUM($D45:$K45)-SUM($L45:$S45)) | C45: =SUM($AB45:$AI45) | D45: =IF(N(AB44)>0,N(AB44)*(1+N(Debts!$C$7)/1200),0) | E45: =IF(N(AC44)>0,N(AC44)*(1+N(Debts!$C$8)/1200),0) | F45: =IF(N(AD44)>0,N(AD44)*(1+N(Debts!$C$9)/1200),0) | G45: =IF(N(AE44)>0,N(AE44)*(1+N(Debts!$C$10)/1200),0) | H45: =IF(N(AF44)>0,N(AF44)*(1+N(Debts!$C$11)/1200),0) | I45: =IF(N(AG44)>0,N(AG44)*(1+N(Debts!$C$12)/1200),0) | J45: =IF(N(AH44)>0,N(AH44)*(1+N(Debts!$C$13)/1200),0) | K45: =IF(N(AI44)>0,N(AI44)*(1+N(Debts!$C$14)/1200),0) | L45: =D45-MIN(N(Debts!$D$7),D45) | M45: =E45-MIN(N(Debts!$D$8),E45) | N45: =F45-MIN(N(Debts!$D$9),F45) | O45: =G45-MIN(N(Debts!$D$10),G45) | P45: =H45-MIN(N(Debts!$D$11),H45) | Q45: =I45-MIN(N(Debts!$D$12),I45) | R45: =J45-MIN(N(Debts!$D$13),J45) | S45: =K45-MIN(N(Debts!$D$14),K45) | T45: =IF(L45<=0.005,99,1+SUMPRODUCT(($L45:$S45>0.005)*(($L2:$S2>L$2)+($L2:$S2=L$2)*($L45:$S45<L45)+($L2:$S2=L$2)*($L45:$S45=L45)*($L1:$S1<L$1)))) | U45: =IF(M45<=0.005,99,1+SUMPRODUCT(($L45:$S45>0.005)*(($L2:$S2>M$2)+($L2:$S2=M$2)*($L45:$S45<M45)+($L2:$S2=M$2)*($L45:$S45=M45)*($L1:$S1<M$1)))) | V45: =IF(N45<=0.005,99,1+SUMPRODUCT(($L45:$S45>0.005)*(($L2:$S2>N$2)+($L2:$S2=N$2)*($L45:$S45<N45)+($L2:$S2=N$2)*($L45:$S45=N45)*($L1:$S1<N$1)))) | W45: =IF(O45<=0.005,99,1+SUMPRODUCT(($L45:$S45>0.005)*(($L2:$S2>O$2)+($L2:$S2=O$2)*($L45:$S45<O45)+($L2:$S2=O$2)*($L45:$S45=O45)*($L1:$S1<O$1)))) | X45: =IF(P45<=0.005,99,1+SUMPRODUCT(($L45:$S45>0.005)*(($L2:$S2>P$2)+($L2:$S2=P$2)*($L45:$S45<P45)+($L2:$S2=P$2)*($L45:$S45=P45)*($L1:$S1<P$1)))) | Y45: =IF(Q45<=0.005,99,1+SUMPRODUCT(($L45:$S45>0.005)*(($L2:$S2>Q$2)+($L2:$S2=Q$2)*($L45:$S45<Q45)+($L2:$S2=Q$2)*($L45:$S45=Q45)*($L1:$S1<Q$1)))) | Z45: =IF(R45<=0.005,99,1+SUMPRODUCT(($L45:$S45>0.005)*(($L2:$S2>R$2)+($L2:$S2=R$2)*($L45:$S45<R45)+($L2:$S2=R$2)*($L45:$S45=R45)*($L1:$S1<R$1)))) | AA45: =IF(S45<=0.005,99,1+SUMPRODUCT(($L45:$S45>0.005)*(($L2:$S2>S$2)+($L2:$S2=S$2)*($L45:$S45<S45)+($L2:$S2=S$2)*($L45:$S45=S45)*($L1:$S1<S$1)))) | AB45: =IF(L45-MIN(L45,MAX(0,$B45-SUMPRODUCT(($T45:$AA45<T45)*$L45:$S45)))<=0.005,0,L45-MIN(L45,MAX(0,$B45-SUMPRODUCT(($T45:$AA45<T45)*$L45:$S45)))) | AC45: =IF(M45-MIN(M45,MAX(0,$B45-SUMPRODUCT(($T45:$AA45<U45)*$L45:$S45)))<=0.005,0,M45-MIN(M45,MAX(0,$B45-SUMPRODUCT(($T45:$AA45<U45)*$L45:$S45)))) | AD45: =IF(N45-MIN(N45,MAX(0,$B45-SUMPRODUCT(($T45:$AA45<V45)*$L45:$S45)))<=0.005,0,N45-MIN(N45,MAX(0,$B45-SUMPRODUCT(($T45:$AA45<V45)*$L45:$S45)))) | AE45: =IF(O45-MIN(O45,MAX(0,$B45-SUMPRODUCT(($T45:$AA45<W45)*$L45:$S45)))<=0.005,0,O45-MIN(O45,MAX(0,$B45-SUMPRODUCT(($T45:$AA45<W45)*$L45:$S45)))) | AF45: =IF(P45-MIN(P45,MAX(0,$B45-SUMPRODUCT(($T45:$AA45<X45)*$L45:$S45)))<=0.005,0,P45-MIN(P45,MAX(0,$B45-SUMPRODUCT(($T45:$AA45<X45)*$L45:$S45)))) | AG45: =IF(Q45-MIN(Q45,MAX(0,$B45-SUMPRODUCT(($T45:$AA45<Y45)*$L45:$S45)))<=0.005,0,Q45-MIN(Q45,MAX(0,$B45-SUMPRODUCT(($T45:$AA45<Y45)*$L45:$S45)))) | AH45: =IF(R45-MIN(R45,MAX(0,$B45-SUMPRODUCT(($T45:$AA45<Z45)*$L45:$S45)))<=0.005,0,R45-MIN(R45,MAX(0,$B45-SUMPRODUCT(($T45:$AA45<Z45)*$L45:$S45)))) | AI45: =IF(S45-MIN(S45,MAX(0,$B45-SUMPRODUCT(($T45:$AA45<AA45)*$L45:$S45)))<=0.005,0,S45-MIN(S45,MAX(0,$B45-SUMPRODUCT(($T45:$AA45<AA45)*$L45:$S45))))
A46: 43 | B46: =Debts!$B$4-(SUM($D46:$K46)-SUM($L46:$S46)) | C46: =SUM($AB46:$AI46) | D46: =IF(N(AB45)>0,N(AB45)*(1+N(Debts!$C$7)/1200),0) | E46: =IF(N(AC45)>0,N(AC45)*(1+N(Debts!$C$8)/1200),0) | F46: =IF(N(AD45)>0,N(AD45)*(1+N(Debts!$C$9)/1200),0) | G46: =IF(N(AE45)>0,N(AE45)*(1+N(Debts!$C$10)/1200),0) | H46: =IF(N(AF45)>0,N(AF45)*(1+N(Debts!$C$11)/1200),0) | I46: =IF(N(AG45)>0,N(AG45)*(1+N(Debts!$C$12)/1200),0) | J46: =IF(N(AH45)>0,N(AH45)*(1+N(Debts!$C$13)/1200),0) | K46: =IF(N(AI45)>0,N(AI45)*(1+N(Debts!$C$14)/1200),0) | L46: =D46-MIN(N(Debts!$D$7),D46) | M46: =E46-MIN(N(Debts!$D$8),E46) | N46: =F46-MIN(N(Debts!$D$9),F46) | O46: =G46-MIN(N(Debts!$D$10),G46) | P46: =H46-MIN(N(Debts!$D$11),H46) | Q46: =I46-MIN(N(Debts!$D$12),I46) | R46: =J46-MIN(N(Debts!$D$13),J46) | S46: =K46-MIN(N(Debts!$D$14),K46) | T46: =IF(L46<=0.005,99,1+SUMPRODUCT(($L46:$S46>0.005)*(($L2:$S2>L$2)+($L2:$S2=L$2)*($L46:$S46<L46)+($L2:$S2=L$2)*($L46:$S46=L46)*($L1:$S1<L$1)))) | U46: =IF(M46<=0.005,99,1+SUMPRODUCT(($L46:$S46>0.005)*(($L2:$S2>M$2)+($L2:$S2=M$2)*($L46:$S46<M46)+($L2:$S2=M$2)*($L46:$S46=M46)*($L1:$S1<M$1)))) | V46: =IF(N46<=0.005,99,1+SUMPRODUCT(($L46:$S46>0.005)*(($L2:$S2>N$2)+($L2:$S2=N$2)*($L46:$S46<N46)+($L2:$S2=N$2)*($L46:$S46=N46)*($L1:$S1<N$1)))) | W46: =IF(O46<=0.005,99,1+SUMPRODUCT(($L46:$S46>0.005)*(($L2:$S2>O$2)+($L2:$S2=O$2)*($L46:$S46<O46)+($L2:$S2=O$2)*($L46:$S46=O46)*($L1:$S1<O$1)))) | X46: =IF(P46<=0.005,99,1+SUMPRODUCT(($L46:$S46>0.005)*(($L2:$S2>P$2)+($L2:$S2=P$2)*($L46:$S46<P46)+($L2:$S2=P$2)*($L46:$S46=P46)*($L1:$S1<P$1)))) | Y46: =IF(Q46<=0.005,99,1+SUMPRODUCT(($L46:$S46>0.005)*(($L2:$S2>Q$2)+($L2:$S2=Q$2)*($L46:$S46<Q46)+($L2:$S2=Q$2)*($L46:$S46=Q46)*($L1:$S1<Q$1)))) | Z46: =IF(R46<=0.005,99,1+SUMPRODUCT(($L46:$S46>0.005)*(($L2:$S2>R$2)+($L2:$S2=R$2)*($L46:$S46<R46)+($L2:$S2=R$2)*($L46:$S46=R46)*($L1:$S1<R$1)))) | AA46: =IF(S46<=0.005,99,1+SUMPRODUCT(($L46:$S46>0.005)*(($L2:$S2>S$2)+($L2:$S2=S$2)*($L46:$S46<S46)+($L2:$S2=S$2)*($L46:$S46=S46)*($L1:$S1<S$1)))) | AB46: =IF(L46-MIN(L46,MAX(0,$B46-SUMPRODUCT(($T46:$AA46<T46)*$L46:$S46)))<=0.005,0,L46-MIN(L46,MAX(0,$B46-SUMPRODUCT(($T46:$AA46<T46)*$L46:$S46)))) | AC46: =IF(M46-MIN(M46,MAX(0,$B46-SUMPRODUCT(($T46:$AA46<U46)*$L46:$S46)))<=0.005,0,M46-MIN(M46,MAX(0,$B46-SUMPRODUCT(($T46:$AA46<U46)*$L46:$S46)))) | AD46: =IF(N46-MIN(N46,MAX(0,$B46-SUMPRODUCT(($T46:$AA46<V46)*$L46:$S46)))<=0.005,0,N46-MIN(N46,MAX(0,$B46-SUMPRODUCT(($T46:$AA46<V46)*$L46:$S46)))) | AE46: =IF(O46-MIN(O46,MAX(0,$B46-SUMPRODUCT(($T46:$AA46<W46)*$L46:$S46)))<=0.005,0,O46-MIN(O46,MAX(0,$B46-SUMPRODUCT(($T46:$AA46<W46)*$L46:$S46)))) | AF46: =IF(P46-MIN(P46,MAX(0,$B46-SUMPRODUCT(($T46:$AA46<X46)*$L46:$S46)))<=0.005,0,P46-MIN(P46,MAX(0,$B46-SUMPRODUCT(($T46:$AA46<X46)*$L46:$S46)))) | AG46: =IF(Q46-MIN(Q46,MAX(0,$B46-SUMPRODUCT(($T46:$AA46<Y46)*$L46:$S46)))<=0.005,0,Q46-MIN(Q46,MAX(0,$B46-SUMPRODUCT(($T46:$AA46<Y46)*$L46:$S46)))) | AH46: =IF(R46-MIN(R46,MAX(0,$B46-SUMPRODUCT(($T46:$AA46<Z46)*$L46:$S46)))<=0.005,0,R46-MIN(R46,MAX(0,$B46-SUMPRODUCT(($T46:$AA46<Z46)*$L46:$S46)))) | AI46: =IF(S46-MIN(S46,MAX(0,$B46-SUMPRODUCT(($T46:$AA46<AA46)*$L46:$S46)))<=0.005,0,S46-MIN(S46,MAX(0,$B46-SUMPRODUCT(($T46:$AA46<AA46)*$L46:$S46))))
A47: 44 | B47: =Debts!$B$4-(SUM($D47:$K47)-SUM($L47:$S47)) | C47: =SUM($AB47:$AI47) | D47: =IF(N(AB46)>0,N(AB46)*(1+N(Debts!$C$7)/1200),0) | E47: =IF(N(AC46)>0,N(AC46)*(1+N(Debts!$C$8)/1200),0) | F47: =IF(N(AD46)>0,N(AD46)*(1+N(Debts!$C$9)/1200),0) | G47: =IF(N(AE46)>0,N(AE46)*(1+N(Debts!$C$10)/1200),0) | H47: =IF(N(AF46)>0,N(AF46)*(1+N(Debts!$C$11)/1200),0) | I47: =IF(N(AG46)>0,N(AG46)*(1+N(Debts!$C$12)/1200),0) | J47: =IF(N(AH46)>0,N(AH46)*(1+N(Debts!$C$13)/1200),0) | K47: =IF(N(AI46)>0,N(AI46)*(1+N(Debts!$C$14)/1200),0) | L47: =D47-MIN(N(Debts!$D$7),D47) | M47: =E47-MIN(N(Debts!$D$8),E47) | N47: =F47-MIN(N(Debts!$D$9),F47) | O47: =G47-MIN(N(Debts!$D$10),G47) | P47: =H47-MIN(N(Debts!$D$11),H47) | Q47: =I47-MIN(N(Debts!$D$12),I47) | R47: =J47-MIN(N(Debts!$D$13),J47) | S47: =K47-MIN(N(Debts!$D$14),K47) | T47: =IF(L47<=0.005,99,1+SUMPRODUCT(($L47:$S47>0.005)*(($L2:$S2>L$2)+($L2:$S2=L$2)*($L47:$S47<L47)+($L2:$S2=L$2)*($L47:$S47=L47)*($L1:$S1<L$1)))) | U47: =IF(M47<=0.005,99,1+SUMPRODUCT(($L47:$S47>0.005)*(($L2:$S2>M$2)+($L2:$S2=M$2)*($L47:$S47<M47)+($L2:$S2=M$2)*($L47:$S47=M47)*($L1:$S1<M$1)))) | V47: =IF(N47<=0.005,99,1+SUMPRODUCT(($L47:$S47>0.005)*(($L2:$S2>N$2)+($L2:$S2=N$2)*($L47:$S47<N47)+($L2:$S2=N$2)*($L47:$S47=N47)*($L1:$S1<N$1)))) | W47: =IF(O47<=0.005,99,1+SUMPRODUCT(($L47:$S47>0.005)*(($L2:$S2>O$2)+($L2:$S2=O$2)*($L47:$S47<O47)+($L2:$S2=O$2)*($L47:$S47=O47)*($L1:$S1<O$1)))) | X47: =IF(P47<=0.005,99,1+SUMPRODUCT(($L47:$S47>0.005)*(($L2:$S2>P$2)+($L2:$S2=P$2)*($L47:$S47<P47)+($L2:$S2=P$2)*($L47:$S47=P47)*($L1:$S1<P$1)))) | Y47: =IF(Q47<=0.005,99,1+SUMPRODUCT(($L47:$S47>0.005)*(($L2:$S2>Q$2)+($L2:$S2=Q$2)*($L47:$S47<Q47)+($L2:$S2=Q$2)*($L47:$S47=Q47)*($L1:$S1<Q$1)))) | Z47: =IF(R47<=0.005,99,1+SUMPRODUCT(($L47:$S47>0.005)*(($L2:$S2>R$2)+($L2:$S2=R$2)*($L47:$S47<R47)+($L2:$S2=R$2)*($L47:$S47=R47)*($L1:$S1<R$1)))) | AA47: =IF(S47<=0.005,99,1+SUMPRODUCT(($L47:$S47>0.005)*(($L2:$S2>S$2)+($L2:$S2=S$2)*($L47:$S47<S47)+($L2:$S2=S$2)*($L47:$S47=S47)*($L1:$S1<S$1)))) | AB47: =IF(L47-MIN(L47,MAX(0,$B47-SUMPRODUCT(($T47:$AA47<T47)*$L47:$S47)))<=0.005,0,L47-MIN(L47,MAX(0,$B47-SUMPRODUCT(($T47:$AA47<T47)*$L47:$S47)))) | AC47: =IF(M47-MIN(M47,MAX(0,$B47-SUMPRODUCT(($T47:$AA47<U47)*$L47:$S47)))<=0.005,0,M47-MIN(M47,MAX(0,$B47-SUMPRODUCT(($T47:$AA47<U47)*$L47:$S47)))) | AD47: =IF(N47-MIN(N47,MAX(0,$B47-SUMPRODUCT(($T47:$AA47<V47)*$L47:$S47)))<=0.005,0,N47-MIN(N47,MAX(0,$B47-SUMPRODUCT(($T47:$AA47<V47)*$L47:$S47)))) | AE47: =IF(O47-MIN(O47,MAX(0,$B47-SUMPRODUCT(($T47:$AA47<W47)*$L47:$S47)))<=0.005,0,O47-MIN(O47,MAX(0,$B47-SUMPRODUCT(($T47:$AA47<W47)*$L47:$S47)))) | AF47: =IF(P47-MIN(P47,MAX(0,$B47-SUMPRODUCT(($T47:$AA47<X47)*$L47:$S47)))<=0.005,0,P47-MIN(P47,MAX(0,$B47-SUMPRODUCT(($T47:$AA47<X47)*$L47:$S47)))) | AG47: =IF(Q47-MIN(Q47,MAX(0,$B47-SUMPRODUCT(($T47:$AA47<Y47)*$L47:$S47)))<=0.005,0,Q47-MIN(Q47,MAX(0,$B47-SUMPRODUCT(($T47:$AA47<Y47)*$L47:$S47)))) | AH47: =IF(R47-MIN(R47,MAX(0,$B47-SUMPRODUCT(($T47:$AA47<Z47)*$L47:$S47)))<=0.005,0,R47-MIN(R47,MAX(0,$B47-SUMPRODUCT(($T47:$AA47<Z47)*$L47:$S47)))) | AI47: =IF(S47-MIN(S47,MAX(0,$B47-SUMPRODUCT(($T47:$AA47<AA47)*$L47:$S47)))<=0.005,0,S47-MIN(S47,MAX(0,$B47-SUMPRODUCT(($T47:$AA47<AA47)*$L47:$S47))))
A48: 45 | B48: =Debts!$B$4-(SUM($D48:$K48)-SUM($L48:$S48)) | C48: =SUM($AB48:$AI48) | D48: =IF(N(AB47)>0,N(AB47)*(1+N(Debts!$C$7)/1200),0) | E48: =IF(N(AC47)>0,N(AC47)*(1+N(Debts!$C$8)/1200),0) | F48: =IF(N(AD47)>0,N(AD47)*(1+N(Debts!$C$9)/1200),0) | G48: =IF(N(AE47)>0,N(AE47)*(1+N(Debts!$C$10)/1200),0) | H48: =IF(N(AF47)>0,N(AF47)*(1+N(Debts!$C$11)/1200),0) | I48: =IF(N(AG47)>0,N(AG47)*(1+N(Debts!$C$12)/1200),0) | J48: =IF(N(AH47)>0,N(AH47)*(1+N(Debts!$C$13)/1200),0) | K48: =IF(N(AI47)>0,N(AI47)*(1+N(Debts!$C$14)/1200),0) | L48: =D48-MIN(N(Debts!$D$7),D48) | M48: =E48-MIN(N(Debts!$D$8),E48) | N48: =F48-MIN(N(Debts!$D$9),F48) | O48: =G48-MIN(N(Debts!$D$10),G48) | P48: =H48-MIN(N(Debts!$D$11),H48) | Q48: =I48-MIN(N(Debts!$D$12),I48) | R48: =J48-MIN(N(Debts!$D$13),J48) | S48: =K48-MIN(N(Debts!$D$14),K48) | T48: =IF(L48<=0.005,99,1+SUMPRODUCT(($L48:$S48>0.005)*(($L2:$S2>L$2)+($L2:$S2=L$2)*($L48:$S48<L48)+($L2:$S2=L$2)*($L48:$S48=L48)*($L1:$S1<L$1)))) | U48: =IF(M48<=0.005,99,1+SUMPRODUCT(($L48:$S48>0.005)*(($L2:$S2>M$2)+($L2:$S2=M$2)*($L48:$S48<M48)+($L2:$S2=M$2)*($L48:$S48=M48)*($L1:$S1<M$1)))) | V48: =IF(N48<=0.005,99,1+SUMPRODUCT(($L48:$S48>0.005)*(($L2:$S2>N$2)+($L2:$S2=N$2)*($L48:$S48<N48)+($L2:$S2=N$2)*($L48:$S48=N48)*($L1:$S1<N$1)))) | W48: =IF(O48<=0.005,99,1+SUMPRODUCT(($L48:$S48>0.005)*(($L2:$S2>O$2)+($L2:$S2=O$2)*($L48:$S48<O48)+($L2:$S2=O$2)*($L48:$S48=O48)*($L1:$S1<O$1)))) | X48: =IF(P48<=0.005,99,1+SUMPRODUCT(($L48:$S48>0.005)*(($L2:$S2>P$2)+($L2:$S2=P$2)*($L48:$S48<P48)+($L2:$S2=P$2)*($L48:$S48=P48)*($L1:$S1<P$1)))) | Y48: =IF(Q48<=0.005,99,1+SUMPRODUCT(($L48:$S48>0.005)*(($L2:$S2>Q$2)+($L2:$S2=Q$2)*($L48:$S48<Q48)+($L2:$S2=Q$2)*($L48:$S48=Q48)*($L1:$S1<Q$1)))) | Z48: =IF(R48<=0.005,99,1+SUMPRODUCT(($L48:$S48>0.005)*(($L2:$S2>R$2)+($L2:$S2=R$2)*($L48:$S48<R48)+($L2:$S2=R$2)*($L48:$S48=R48)*($L1:$S1<R$1)))) | AA48: =IF(S48<=0.005,99,1+SUMPRODUCT(($L48:$S48>0.005)*(($L2:$S2>S$2)+($L2:$S2=S$2)*($L48:$S48<S48)+($L2:$S2=S$2)*($L48:$S48=S48)*($L1:$S1<S$1)))) | AB48: =IF(L48-MIN(L48,MAX(0,$B48-SUMPRODUCT(($T48:$AA48<T48)*$L48:$S48)))<=0.005,0,L48-MIN(L48,MAX(0,$B48-SUMPRODUCT(($T48:$AA48<T48)*$L48:$S48)))) | AC48: =IF(M48-MIN(M48,MAX(0,$B48-SUMPRODUCT(($T48:$AA48<U48)*$L48:$S48)))<=0.005,0,M48-MIN(M48,MAX(0,$B48-SUMPRODUCT(($T48:$AA48<U48)*$L48:$S48)))) | AD48: =IF(N48-MIN(N48,MAX(0,$B48-SUMPRODUCT(($T48:$AA48<V48)*$L48:$S48)))<=0.005,0,N48-MIN(N48,MAX(0,$B48-SUMPRODUCT(($T48:$AA48<V48)*$L48:$S48)))) | AE48: =IF(O48-MIN(O48,MAX(0,$B48-SUMPRODUCT(($T48:$AA48<W48)*$L48:$S48)))<=0.005,0,O48-MIN(O48,MAX(0,$B48-SUMPRODUCT(($T48:$AA48<W48)*$L48:$S48)))) | AF48: =IF(P48-MIN(P48,MAX(0,$B48-SUMPRODUCT(($T48:$AA48<X48)*$L48:$S48)))<=0.005,0,P48-MIN(P48,MAX(0,$B48-SUMPRODUCT(($T48:$AA48<X48)*$L48:$S48)))) | AG48: =IF(Q48-MIN(Q48,MAX(0,$B48-SUMPRODUCT(($T48:$AA48<Y48)*$L48:$S48)))<=0.005,0,Q48-MIN(Q48,MAX(0,$B48-SUMPRODUCT(($T48:$AA48<Y48)*$L48:$S48)))) | AH48: =IF(R48-MIN(R48,MAX(0,$B48-SUMPRODUCT(($T48:$AA48<Z48)*$L48:$S48)))<=0.005,0,R48-MIN(R48,MAX(0,$B48-SUMPRODUCT(($T48:$AA48<Z48)*$L48:$S48)))) | AI48: =IF(S48-MIN(S48,MAX(0,$B48-SUMPRODUCT(($T48:$AA48<AA48)*$L48:$S48)))<=0.005,0,S48-MIN(S48,MAX(0,$B48-SUMPRODUCT(($T48:$AA48<AA48)*$L48:$S48))))
A49: 46 | B49: =Debts!$B$4-(SUM($D49:$K49)-SUM($L49:$S49)) | C49: =SUM($AB49:$AI49) | D49: =IF(N(AB48)>0,N(AB48)*(1+N(Debts!$C$7)/1200),0) | E49: =IF(N(AC48)>0,N(AC48)*(1+N(Debts!$C$8)/1200),0) | F49: =IF(N(AD48)>0,N(AD48)*(1+N(Debts!$C$9)/1200),0) | G49: =IF(N(AE48)>0,N(AE48)*(1+N(Debts!$C$10)/1200),0) | H49: =IF(N(AF48)>0,N(AF48)*(1+N(Debts!$C$11)/1200),0) | I49: =IF(N(AG48)>0,N(AG48)*(1+N(Debts!$C$12)/1200),0) | J49: =IF(N(AH48)>0,N(AH48)*(1+N(Debts!$C$13)/1200),0) | K49: =IF(N(AI48)>0,N(AI48)*(1+N(Debts!$C$14)/1200),0) | L49: =D49-MIN(N(Debts!$D$7),D49) | M49: =E49-MIN(N(Debts!$D$8),E49) | N49: =F49-MIN(N(Debts!$D$9),F49) | O49: =G49-MIN(N(Debts!$D$10),G49) | P49: =H49-MIN(N(Debts!$D$11),H49) | Q49: =I49-MIN(N(Debts!$D$12),I49) | R49: =J49-MIN(N(Debts!$D$13),J49) | S49: =K49-MIN(N(Debts!$D$14),K49) | T49: =IF(L49<=0.005,99,1+SUMPRODUCT(($L49:$S49>0.005)*(($L2:$S2>L$2)+($L2:$S2=L$2)*($L49:$S49<L49)+($L2:$S2=L$2)*($L49:$S49=L49)*($L1:$S1<L$1)))) | U49: =IF(M49<=0.005,99,1+SUMPRODUCT(($L49:$S49>0.005)*(($L2:$S2>M$2)+($L2:$S2=M$2)*($L49:$S49<M49)+($L2:$S2=M$2)*($L49:$S49=M49)*($L1:$S1<M$1)))) | V49: =IF(N49<=0.005,99,1+SUMPRODUCT(($L49:$S49>0.005)*(($L2:$S2>N$2)+($L2:$S2=N$2)*($L49:$S49<N49)+($L2:$S2=N$2)*($L49:$S49=N49)*($L1:$S1<N$1)))) | W49: =IF(O49<=0.005,99,1+SUMPRODUCT(($L49:$S49>0.005)*(($L2:$S2>O$2)+($L2:$S2=O$2)*($L49:$S49<O49)+($L2:$S2=O$2)*($L49:$S49=O49)*($L1:$S1<O$1)))) | X49: =IF(P49<=0.005,99,1+SUMPRODUCT(($L49:$S49>0.005)*(($L2:$S2>P$2)+($L2:$S2=P$2)*($L49:$S49<P49)+($L2:$S2=P$2)*($L49:$S49=P49)*($L1:$S1<P$1)))) | Y49: =IF(Q49<=0.005,99,1+SUMPRODUCT(($L49:$S49>0.005)*(($L2:$S2>Q$2)+($L2:$S2=Q$2)*($L49:$S49<Q49)+($L2:$S2=Q$2)*($L49:$S49=Q49)*($L1:$S1<Q$1)))) | Z49: =IF(R49<=0.005,99,1+SUMPRODUCT(($L49:$S49>0.005)*(($L2:$S2>R$2)+($L2:$S2=R$2)*($L49:$S49<R49)+($L2:$S2=R$2)*($L49:$S49=R49)*($L1:$S1<R$1)))) | AA49: =IF(S49<=0.005,99,1+SUMPRODUCT(($L49:$S49>0.005)*(($L2:$S2>S$2)+($L2:$S2=S$2)*($L49:$S49<S49)+($L2:$S2=S$2)*($L49:$S49=S49)*($L1:$S1<S$1)))) | AB49: =IF(L49-MIN(L49,MAX(0,$B49-SUMPRODUCT(($T49:$AA49<T49)*$L49:$S49)))<=0.005,0,L49-MIN(L49,MAX(0,$B49-SUMPRODUCT(($T49:$AA49<T49)*$L49:$S49)))) | AC49: =IF(M49-MIN(M49,MAX(0,$B49-SUMPRODUCT(($T49:$AA49<U49)*$L49:$S49)))<=0.005,0,M49-MIN(M49,MAX(0,$B49-SUMPRODUCT(($T49:$AA49<U49)*$L49:$S49)))) | AD49: =IF(N49-MIN(N49,MAX(0,$B49-SUMPRODUCT(($T49:$AA49<V49)*$L49:$S49)))<=0.005,0,N49-MIN(N49,MAX(0,$B49-SUMPRODUCT(($T49:$AA49<V49)*$L49:$S49)))) | AE49: =IF(O49-MIN(O49,MAX(0,$B49-SUMPRODUCT(($T49:$AA49<W49)*$L49:$S49)))<=0.005,0,O49-MIN(O49,MAX(0,$B49-SUMPRODUCT(($T49:$AA49<W49)*$L49:$S49)))) | AF49: =IF(P49-MIN(P49,MAX(0,$B49-SUMPRODUCT(($T49:$AA49<X49)*$L49:$S49)))<=0.005,0,P49-MIN(P49,MAX(0,$B49-SUMPRODUCT(($T49:$AA49<X49)*$L49:$S49)))) | AG49: =IF(Q49-MIN(Q49,MAX(0,$B49-SUMPRODUCT(($T49:$AA49<Y49)*$L49:$S49)))<=0.005,0,Q49-MIN(Q49,MAX(0,$B49-SUMPRODUCT(($T49:$AA49<Y49)*$L49:$S49)))) | AH49: =IF(R49-MIN(R49,MAX(0,$B49-SUMPRODUCT(($T49:$AA49<Z49)*$L49:$S49)))<=0.005,0,R49-MIN(R49,MAX(0,$B49-SUMPRODUCT(($T49:$AA49<Z49)*$L49:$S49)))) | AI49: =IF(S49-MIN(S49,MAX(0,$B49-SUMPRODUCT(($T49:$AA49<AA49)*$L49:$S49)))<=0.005,0,S49-MIN(S49,MAX(0,$B49-SUMPRODUCT(($T49:$AA49<AA49)*$L49:$S49))))
A50: 47 | B50: =Debts!$B$4-(SUM($D50:$K50)-SUM($L50:$S50)) | C50: =SUM($AB50:$AI50) | D50: =IF(N(AB49)>0,N(AB49)*(1+N(Debts!$C$7)/1200),0) | E50: =IF(N(AC49)>0,N(AC49)*(1+N(Debts!$C$8)/1200),0) | F50: =IF(N(AD49)>0,N(AD49)*(1+N(Debts!$C$9)/1200),0) | G50: =IF(N(AE49)>0,N(AE49)*(1+N(Debts!$C$10)/1200),0) | H50: =IF(N(AF49)>0,N(AF49)*(1+N(Debts!$C$11)/1200),0) | I50: =IF(N(AG49)>0,N(AG49)*(1+N(Debts!$C$12)/1200),0) | J50: =IF(N(AH49)>0,N(AH49)*(1+N(Debts!$C$13)/1200),0) | K50: =IF(N(AI49)>0,N(AI49)*(1+N(Debts!$C$14)/1200),0) | L50: =D50-MIN(N(Debts!$D$7),D50) | M50: =E50-MIN(N(Debts!$D$8),E50) | N50: =F50-MIN(N(Debts!$D$9),F50) | O50: =G50-MIN(N(Debts!$D$10),G50) | P50: =H50-MIN(N(Debts!$D$11),H50) | Q50: =I50-MIN(N(Debts!$D$12),I50) | R50: =J50-MIN(N(Debts!$D$13),J50) | S50: =K50-MIN(N(Debts!$D$14),K50) | T50: =IF(L50<=0.005,99,1+SUMPRODUCT(($L50:$S50>0.005)*(($L2:$S2>L$2)+($L2:$S2=L$2)*($L50:$S50<L50)+($L2:$S2=L$2)*($L50:$S50=L50)*($L1:$S1<L$1)))) | U50: =IF(M50<=0.005,99,1+SUMPRODUCT(($L50:$S50>0.005)*(($L2:$S2>M$2)+($L2:$S2=M$2)*($L50:$S50<M50)+($L2:$S2=M$2)*($L50:$S50=M50)*($L1:$S1<M$1)))) | V50: =IF(N50<=0.005,99,1+SUMPRODUCT(($L50:$S50>0.005)*(($L2:$S2>N$2)+($L2:$S2=N$2)*($L50:$S50<N50)+($L2:$S2=N$2)*($L50:$S50=N50)*($L1:$S1<N$1)))) | W50: =IF(O50<=0.005,99,1+SUMPRODUCT(($L50:$S50>0.005)*(($L2:$S2>O$2)+($L2:$S2=O$2)*($L50:$S50<O50)+($L2:$S2=O$2)*($L50:$S50=O50)*($L1:$S1<O$1)))) | X50: =IF(P50<=0.005,99,1+SUMPRODUCT(($L50:$S50>0.005)*(($L2:$S2>P$2)+($L2:$S2=P$2)*($L50:$S50<P50)+($L2:$S2=P$2)*($L50:$S50=P50)*($L1:$S1<P$1)))) | Y50: =IF(Q50<=0.005,99,1+SUMPRODUCT(($L50:$S50>0.005)*(($L2:$S2>Q$2)+($L2:$S2=Q$2)*($L50:$S50<Q50)+($L2:$S2=Q$2)*($L50:$S50=Q50)*($L1:$S1<Q$1)))) | Z50: =IF(R50<=0.005,99,1+SUMPRODUCT(($L50:$S50>0.005)*(($L2:$S2>R$2)+($L2:$S2=R$2)*($L50:$S50<R50)+($L2:$S2=R$2)*($L50:$S50=R50)*($L1:$S1<R$1)))) | AA50: =IF(S50<=0.005,99,1+SUMPRODUCT(($L50:$S50>0.005)*(($L2:$S2>S$2)+($L2:$S2=S$2)*($L50:$S50<S50)+($L2:$S2=S$2)*($L50:$S50=S50)*($L1:$S1<S$1)))) | AB50: =IF(L50-MIN(L50,MAX(0,$B50-SUMPRODUCT(($T50:$AA50<T50)*$L50:$S50)))<=0.005,0,L50-MIN(L50,MAX(0,$B50-SUMPRODUCT(($T50:$AA50<T50)*$L50:$S50)))) | AC50: =IF(M50-MIN(M50,MAX(0,$B50-SUMPRODUCT(($T50:$AA50<U50)*$L50:$S50)))<=0.005,0,M50-MIN(M50,MAX(0,$B50-SUMPRODUCT(($T50:$AA50<U50)*$L50:$S50)))) | AD50: =IF(N50-MIN(N50,MAX(0,$B50-SUMPRODUCT(($T50:$AA50<V50)*$L50:$S50)))<=0.005,0,N50-MIN(N50,MAX(0,$B50-SUMPRODUCT(($T50:$AA50<V50)*$L50:$S50)))) | AE50: =IF(O50-MIN(O50,MAX(0,$B50-SUMPRODUCT(($T50:$AA50<W50)*$L50:$S50)))<=0.005,0,O50-MIN(O50,MAX(0,$B50-SUMPRODUCT(($T50:$AA50<W50)*$L50:$S50)))) | AF50: =IF(P50-MIN(P50,MAX(0,$B50-SUMPRODUCT(($T50:$AA50<X50)*$L50:$S50)))<=0.005,0,P50-MIN(P50,MAX(0,$B50-SUMPRODUCT(($T50:$AA50<X50)*$L50:$S50)))) | AG50: =IF(Q50-MIN(Q50,MAX(0,$B50-SUMPRODUCT(($T50:$AA50<Y50)*$L50:$S50)))<=0.005,0,Q50-MIN(Q50,MAX(0,$B50-SUMPRODUCT(($T50:$AA50<Y50)*$L50:$S50)))) | AH50: =IF(R50-MIN(R50,MAX(0,$B50-SUMPRODUCT(($T50:$AA50<Z50)*$L50:$S50)))<=0.005,0,R50-MIN(R50,MAX(0,$B50-SUMPRODUCT(($T50:$AA50<Z50)*$L50:$S50)))) | AI50: =IF(S50-MIN(S50,MAX(0,$B50-SUMPRODUCT(($T50:$AA50<AA50)*$L50:$S50)))<=0.005,0,S50-MIN(S50,MAX(0,$B50-SUMPRODUCT(($T50:$AA50<AA50)*$L50:$S50))))
A51: 48 | B51: =Debts!$B$4-(SUM($D51:$K51)-SUM($L51:$S51)) | C51: =SUM($AB51:$AI51) | D51: =IF(N(AB50)>0,N(AB50)*(1+N(Debts!$C$7)/1200),0) | E51: =IF(N(AC50)>0,N(AC50)*(1+N(Debts!$C$8)/1200),0) | F51: =IF(N(AD50)>0,N(AD50)*(1+N(Debts!$C$9)/1200),0) | G51: =IF(N(AE50)>0,N(AE50)*(1+N(Debts!$C$10)/1200),0) | H51: =IF(N(AF50)>0,N(AF50)*(1+N(Debts!$C$11)/1200),0) | I51: =IF(N(AG50)>0,N(AG50)*(1+N(Debts!$C$12)/1200),0) | J51: =IF(N(AH50)>0,N(AH50)*(1+N(Debts!$C$13)/1200),0) | K51: =IF(N(AI50)>0,N(AI50)*(1+N(Debts!$C$14)/1200),0) | L51: =D51-MIN(N(Debts!$D$7),D51) | M51: =E51-MIN(N(Debts!$D$8),E51) | N51: =F51-MIN(N(Debts!$D$9),F51) | O51: =G51-MIN(N(Debts!$D$10),G51) | P51: =H51-MIN(N(Debts!$D$11),H51) | Q51: =I51-MIN(N(Debts!$D$12),I51) | R51: =J51-MIN(N(Debts!$D$13),J51) | S51: =K51-MIN(N(Debts!$D$14),K51) | T51: =IF(L51<=0.005,99,1+SUMPRODUCT(($L51:$S51>0.005)*(($L2:$S2>L$2)+($L2:$S2=L$2)*($L51:$S51<L51)+($L2:$S2=L$2)*($L51:$S51=L51)*($L1:$S1<L$1)))) | U51: =IF(M51<=0.005,99,1+SUMPRODUCT(($L51:$S51>0.005)*(($L2:$S2>M$2)+($L2:$S2=M$2)*($L51:$S51<M51)+($L2:$S2=M$2)*($L51:$S51=M51)*($L1:$S1<M$1)))) | V51: =IF(N51<=0.005,99,1+SUMPRODUCT(($L51:$S51>0.005)*(($L2:$S2>N$2)+($L2:$S2=N$2)*($L51:$S51<N51)+($L2:$S2=N$2)*($L51:$S51=N51)*($L1:$S1<N$1)))) | W51: =IF(O51<=0.005,99,1+SUMPRODUCT(($L51:$S51>0.005)*(($L2:$S2>O$2)+($L2:$S2=O$2)*($L51:$S51<O51)+($L2:$S2=O$2)*($L51:$S51=O51)*($L1:$S1<O$1)))) | X51: =IF(P51<=0.005,99,1+SUMPRODUCT(($L51:$S51>0.005)*(($L2:$S2>P$2)+($L2:$S2=P$2)*($L51:$S51<P51)+($L2:$S2=P$2)*($L51:$S51=P51)*($L1:$S1<P$1)))) | Y51: =IF(Q51<=0.005,99,1+SUMPRODUCT(($L51:$S51>0.005)*(($L2:$S2>Q$2)+($L2:$S2=Q$2)*($L51:$S51<Q51)+($L2:$S2=Q$2)*($L51:$S51=Q51)*($L1:$S1<Q$1)))) | Z51: =IF(R51<=0.005,99,1+SUMPRODUCT(($L51:$S51>0.005)*(($L2:$S2>R$2)+($L2:$S2=R$2)*($L51:$S51<R51)+($L2:$S2=R$2)*($L51:$S51=R51)*($L1:$S1<R$1)))) | AA51: =IF(S51<=0.005,99,1+SUMPRODUCT(($L51:$S51>0.005)*(($L2:$S2>S$2)+($L2:$S2=S$2)*($L51:$S51<S51)+($L2:$S2=S$2)*($L51:$S51=S51)*($L1:$S1<S$1)))) | AB51: =IF(L51-MIN(L51,MAX(0,$B51-SUMPRODUCT(($T51:$AA51<T51)*$L51:$S51)))<=0.005,0,L51-MIN(L51,MAX(0,$B51-SUMPRODUCT(($T51:$AA51<T51)*$L51:$S51)))) | AC51: =IF(M51-MIN(M51,MAX(0,$B51-SUMPRODUCT(($T51:$AA51<U51)*$L51:$S51)))<=0.005,0,M51-MIN(M51,MAX(0,$B51-SUMPRODUCT(($T51:$AA51<U51)*$L51:$S51)))) | AD51: =IF(N51-MIN(N51,MAX(0,$B51-SUMPRODUCT(($T51:$AA51<V51)*$L51:$S51)))<=0.005,0,N51-MIN(N51,MAX(0,$B51-SUMPRODUCT(($T51:$AA51<V51)*$L51:$S51)))) | AE51: =IF(O51-MIN(O51,MAX(0,$B51-SUMPRODUCT(($T51:$AA51<W51)*$L51:$S51)))<=0.005,0,O51-MIN(O51,MAX(0,$B51-SUMPRODUCT(($T51:$AA51<W51)*$L51:$S51)))) | AF51: =IF(P51-MIN(P51,MAX(0,$B51-SUMPRODUCT(($T51:$AA51<X51)*$L51:$S51)))<=0.005,0,P51-MIN(P51,MAX(0,$B51-SUMPRODUCT(($T51:$AA51<X51)*$L51:$S51)))) | AG51: =IF(Q51-MIN(Q51,MAX(0,$B51-SUMPRODUCT(($T51:$AA51<Y51)*$L51:$S51)))<=0.005,0,Q51-MIN(Q51,MAX(0,$B51-SUMPRODUCT(($T51:$AA51<Y51)*$L51:$S51)))) | AH51: =IF(R51-MIN(R51,MAX(0,$B51-SUMPRODUCT(($T51:$AA51<Z51)*$L51:$S51)))<=0.005,0,R51-MIN(R51,MAX(0,$B51-SUMPRODUCT(($T51:$AA51<Z51)*$L51:$S51)))) | AI51: =IF(S51-MIN(S51,MAX(0,$B51-SUMPRODUCT(($T51:$AA51<AA51)*$L51:$S51)))<=0.005,0,S51-MIN(S51,MAX(0,$B51-SUMPRODUCT(($T51:$AA51<AA51)*$L51:$S51))))
A52: 49 | B52: =Debts!$B$4-(SUM($D52:$K52)-SUM($L52:$S52)) | C52: =SUM($AB52:$AI52) | D52: =IF(N(AB51)>0,N(AB51)*(1+N(Debts!$C$7)/1200),0) | E52: =IF(N(AC51)>0,N(AC51)*(1+N(Debts!$C$8)/1200),0) | F52: =IF(N(AD51)>0,N(AD51)*(1+N(Debts!$C$9)/1200),0) | G52: =IF(N(AE51)>0,N(AE51)*(1+N(Debts!$C$10)/1200),0) | H52: =IF(N(AF51)>0,N(AF51)*(1+N(Debts!$C$11)/1200),0) | I52: =IF(N(AG51)>0,N(AG51)*(1+N(Debts!$C$12)/1200),0) | J52: =IF(N(AH51)>0,N(AH51)*(1+N(Debts!$C$13)/1200),0) | K52: =IF(N(AI51)>0,N(AI51)*(1+N(Debts!$C$14)/1200),0) | L52: =D52-MIN(N(Debts!$D$7),D52) | M52: =E52-MIN(N(Debts!$D$8),E52) | N52: =F52-MIN(N(Debts!$D$9),F52) | O52: =G52-MIN(N(Debts!$D$10),G52) | P52: =H52-MIN(N(Debts!$D$11),H52) | Q52: =I52-MIN(N(Debts!$D$12),I52) | R52: =J52-MIN(N(Debts!$D$13),J52) | S52: =K52-MIN(N(Debts!$D$14),K52) | T52: =IF(L52<=0.005,99,1+SUMPRODUCT(($L52:$S52>0.005)*(($L2:$S2>L$2)+($L2:$S2=L$2)*($L52:$S52<L52)+($L2:$S2=L$2)*($L52:$S52=L52)*($L1:$S1<L$1)))) | U52: =IF(M52<=0.005,99,1+SUMPRODUCT(($L52:$S52>0.005)*(($L2:$S2>M$2)+($L2:$S2=M$2)*($L52:$S52<M52)+($L2:$S2=M$2)*($L52:$S52=M52)*($L1:$S1<M$1)))) | V52: =IF(N52<=0.005,99,1+SUMPRODUCT(($L52:$S52>0.005)*(($L2:$S2>N$2)+($L2:$S2=N$2)*($L52:$S52<N52)+($L2:$S2=N$2)*($L52:$S52=N52)*($L1:$S1<N$1)))) | W52: =IF(O52<=0.005,99,1+SUMPRODUCT(($L52:$S52>0.005)*(($L2:$S2>O$2)+($L2:$S2=O$2)*($L52:$S52<O52)+($L2:$S2=O$2)*($L52:$S52=O52)*($L1:$S1<O$1)))) | X52: =IF(P52<=0.005,99,1+SUMPRODUCT(($L52:$S52>0.005)*(($L2:$S2>P$2)+($L2:$S2=P$2)*($L52:$S52<P52)+($L2:$S2=P$2)*($L52:$S52=P52)*($L1:$S1<P$1)))) | Y52: =IF(Q52<=0.005,99,1+SUMPRODUCT(($L52:$S52>0.005)*(($L2:$S2>Q$2)+($L2:$S2=Q$2)*($L52:$S52<Q52)+($L2:$S2=Q$2)*($L52:$S52=Q52)*($L1:$S1<Q$1)))) | Z52: =IF(R52<=0.005,99,1+SUMPRODUCT(($L52:$S52>0.005)*(($L2:$S2>R$2)+($L2:$S2=R$2)*($L52:$S52<R52)+($L2:$S2=R$2)*($L52:$S52=R52)*($L1:$S1<R$1)))) | AA52: =IF(S52<=0.005,99,1+SUMPRODUCT(($L52:$S52>0.005)*(($L2:$S2>S$2)+($L2:$S2=S$2)*($L52:$S52<S52)+($L2:$S2=S$2)*($L52:$S52=S52)*($L1:$S1<S$1)))) | AB52: =IF(L52-MIN(L52,MAX(0,$B52-SUMPRODUCT(($T52:$AA52<T52)*$L52:$S52)))<=0.005,0,L52-MIN(L52,MAX(0,$B52-SUMPRODUCT(($T52:$AA52<T52)*$L52:$S52)))) | AC52: =IF(M52-MIN(M52,MAX(0,$B52-SUMPRODUCT(($T52:$AA52<U52)*$L52:$S52)))<=0.005,0,M52-MIN(M52,MAX(0,$B52-SUMPRODUCT(($T52:$AA52<U52)*$L52:$S52)))) | AD52: =IF(N52-MIN(N52,MAX(0,$B52-SUMPRODUCT(($T52:$AA52<V52)*$L52:$S52)))<=0.005,0,N52-MIN(N52,MAX(0,$B52-SUMPRODUCT(($T52:$AA52<V52)*$L52:$S52)))) | AE52: =IF(O52-MIN(O52,MAX(0,$B52-SUMPRODUCT(($T52:$AA52<W52)*$L52:$S52)))<=0.005,0,O52-MIN(O52,MAX(0,$B52-SUMPRODUCT(($T52:$AA52<W52)*$L52:$S52)))) | AF52: =IF(P52-MIN(P52,MAX(0,$B52-SUMPRODUCT(($T52:$AA52<X52)*$L52:$S52)))<=0.005,0,P52-MIN(P52,MAX(0,$B52-SUMPRODUCT(($T52:$AA52<X52)*$L52:$S52)))) | AG52: =IF(Q52-MIN(Q52,MAX(0,$B52-SUMPRODUCT(($T52:$AA52<Y52)*$L52:$S52)))<=0.005,0,Q52-MIN(Q52,MAX(0,$B52-SUMPRODUCT(($T52:$AA52<Y52)*$L52:$S52)))) | AH52: =IF(R52-MIN(R52,MAX(0,$B52-SUMPRODUCT(($T52:$AA52<Z52)*$L52:$S52)))<=0.005,0,R52-MIN(R52,MAX(0,$B52-SUMPRODUCT(($T52:$AA52<Z52)*$L52:$S52)))) | AI52: =IF(S52-MIN(S52,MAX(0,$B52-SUMPRODUCT(($T52:$AA52<AA52)*$L52:$S52)))<=0.005,0,S52-MIN(S52,MAX(0,$B52-SUMPRODUCT(($T52:$AA52<AA52)*$L52:$S52))))
A53: 50 | B53: =Debts!$B$4-(SUM($D53:$K53)-SUM($L53:$S53)) | C53: =SUM($AB53:$AI53) | D53: =IF(N(AB52)>0,N(AB52)*(1+N(Debts!$C$7)/1200),0) | E53: =IF(N(AC52)>0,N(AC52)*(1+N(Debts!$C$8)/1200),0) | F53: =IF(N(AD52)>0,N(AD52)*(1+N(Debts!$C$9)/1200),0) | G53: =IF(N(AE52)>0,N(AE52)*(1+N(Debts!$C$10)/1200),0) | H53: =IF(N(AF52)>0,N(AF52)*(1+N(Debts!$C$11)/1200),0) | I53: =IF(N(AG52)>0,N(AG52)*(1+N(Debts!$C$12)/1200),0) | J53: =IF(N(AH52)>0,N(AH52)*(1+N(Debts!$C$13)/1200),0) | K53: =IF(N(AI52)>0,N(AI52)*(1+N(Debts!$C$14)/1200),0) | L53: =D53-MIN(N(Debts!$D$7),D53) | M53: =E53-MIN(N(Debts!$D$8),E53) | N53: =F53-MIN(N(Debts!$D$9),F53) | O53: =G53-MIN(N(Debts!$D$10),G53) | P53: =H53-MIN(N(Debts!$D$11),H53) | Q53: =I53-MIN(N(Debts!$D$12),I53) | R53: =J53-MIN(N(Debts!$D$13),J53) | S53: =K53-MIN(N(Debts!$D$14),K53) | T53: =IF(L53<=0.005,99,1+SUMPRODUCT(($L53:$S53>0.005)*(($L2:$S2>L$2)+($L2:$S2=L$2)*($L53:$S53<L53)+($L2:$S2=L$2)*($L53:$S53=L53)*($L1:$S1<L$1)))) | U53: =IF(M53<=0.005,99,1+SUMPRODUCT(($L53:$S53>0.005)*(($L2:$S2>M$2)+($L2:$S2=M$2)*($L53:$S53<M53)+($L2:$S2=M$2)*($L53:$S53=M53)*($L1:$S1<M$1)))) | V53: =IF(N53<=0.005,99,1+SUMPRODUCT(($L53:$S53>0.005)*(($L2:$S2>N$2)+($L2:$S2=N$2)*($L53:$S53<N53)+($L2:$S2=N$2)*($L53:$S53=N53)*($L1:$S1<N$1)))) | W53: =IF(O53<=0.005,99,1+SUMPRODUCT(($L53:$S53>0.005)*(($L2:$S2>O$2)+($L2:$S2=O$2)*($L53:$S53<O53)+($L2:$S2=O$2)*($L53:$S53=O53)*($L1:$S1<O$1)))) | X53: =IF(P53<=0.005,99,1+SUMPRODUCT(($L53:$S53>0.005)*(($L2:$S2>P$2)+($L2:$S2=P$2)*($L53:$S53<P53)+($L2:$S2=P$2)*($L53:$S53=P53)*($L1:$S1<P$1)))) | Y53: =IF(Q53<=0.005,99,1+SUMPRODUCT(($L53:$S53>0.005)*(($L2:$S2>Q$2)+($L2:$S2=Q$2)*($L53:$S53<Q53)+($L2:$S2=Q$2)*($L53:$S53=Q53)*($L1:$S1<Q$1)))) | Z53: =IF(R53<=0.005,99,1+SUMPRODUCT(($L53:$S53>0.005)*(($L2:$S2>R$2)+($L2:$S2=R$2)*($L53:$S53<R53)+($L2:$S2=R$2)*($L53:$S53=R53)*($L1:$S1<R$1)))) | AA53: =IF(S53<=0.005,99,1+SUMPRODUCT(($L53:$S53>0.005)*(($L2:$S2>S$2)+($L2:$S2=S$2)*($L53:$S53<S53)+($L2:$S2=S$2)*($L53:$S53=S53)*($L1:$S1<S$1)))) | AB53: =IF(L53-MIN(L53,MAX(0,$B53-SUMPRODUCT(($T53:$AA53<T53)*$L53:$S53)))<=0.005,0,L53-MIN(L53,MAX(0,$B53-SUMPRODUCT(($T53:$AA53<T53)*$L53:$S53)))) | AC53: =IF(M53-MIN(M53,MAX(0,$B53-SUMPRODUCT(($T53:$AA53<U53)*$L53:$S53)))<=0.005,0,M53-MIN(M53,MAX(0,$B53-SUMPRODUCT(($T53:$AA53<U53)*$L53:$S53)))) | AD53: =IF(N53-MIN(N53,MAX(0,$B53-SUMPRODUCT(($T53:$AA53<V53)*$L53:$S53)))<=0.005,0,N53-MIN(N53,MAX(0,$B53-SUMPRODUCT(($T53:$AA53<V53)*$L53:$S53)))) | AE53: =IF(O53-MIN(O53,MAX(0,$B53-SUMPRODUCT(($T53:$AA53<W53)*$L53:$S53)))<=0.005,0,O53-MIN(O53,MAX(0,$B53-SUMPRODUCT(($T53:$AA53<W53)*$L53:$S53)))) | AF53: =IF(P53-MIN(P53,MAX(0,$B53-SUMPRODUCT(($T53:$AA53<X53)*$L53:$S53)))<=0.005,0,P53-MIN(P53,MAX(0,$B53-SUMPRODUCT(($T53:$AA53<X53)*$L53:$S53)))) | AG53: =IF(Q53-MIN(Q53,MAX(0,$B53-SUMPRODUCT(($T53:$AA53<Y53)*$L53:$S53)))<=0.005,0,Q53-MIN(Q53,MAX(0,$B53-SUMPRODUCT(($T53:$AA53<Y53)*$L53:$S53)))) | AH53: =IF(R53-MIN(R53,MAX(0,$B53-SUMPRODUCT(($T53:$AA53<Z53)*$L53:$S53)))<=0.005,0,R53-MIN(R53,MAX(0,$B53-SUMPRODUCT(($T53:$AA53<Z53)*$L53:$S53)))) | AI53: =IF(S53-MIN(S53,MAX(0,$B53-SUMPRODUCT(($T53:$AA53<AA53)*$L53:$S53)))<=0.005,0,S53-MIN(S53,MAX(0,$B53-SUMPRODUCT(($T53:$AA53<AA53)*$L53:$S53))))
A54: 51 | B54: =Debts!$B$4-(SUM($D54:$K54)-SUM($L54:$S54)) | C54: =SUM($AB54:$AI54) | D54: =IF(N(AB53)>0,N(AB53)*(1+N(Debts!$C$7)/1200),0) | E54: =IF(N(AC53)>0,N(AC53)*(1+N(Debts!$C$8)/1200),0) | F54: =IF(N(AD53)>0,N(AD53)*(1+N(Debts!$C$9)/1200),0) | G54: =IF(N(AE53)>0,N(AE53)*(1+N(Debts!$C$10)/1200),0) | H54: =IF(N(AF53)>0,N(AF53)*(1+N(Debts!$C$11)/1200),0) | I54: =IF(N(AG53)>0,N(AG53)*(1+N(Debts!$C$12)/1200),0) | J54: =IF(N(AH53)>0,N(AH53)*(1+N(Debts!$C$13)/1200),0) | K54: =IF(N(AI53)>0,N(AI53)*(1+N(Debts!$C$14)/1200),0) | L54: =D54-MIN(N(Debts!$D$7),D54) | M54: =E54-MIN(N(Debts!$D$8),E54) | N54: =F54-MIN(N(Debts!$D$9),F54) | O54: =G54-MIN(N(Debts!$D$10),G54) | P54: =H54-MIN(N(Debts!$D$11),H54) | Q54: =I54-MIN(N(Debts!$D$12),I54) | R54: =J54-MIN(N(Debts!$D$13),J54) | S54: =K54-MIN(N(Debts!$D$14),K54) | T54: =IF(L54<=0.005,99,1+SUMPRODUCT(($L54:$S54>0.005)*(($L2:$S2>L$2)+($L2:$S2=L$2)*($L54:$S54<L54)+($L2:$S2=L$2)*($L54:$S54=L54)*($L1:$S1<L$1)))) | U54: =IF(M54<=0.005,99,1+SUMPRODUCT(($L54:$S54>0.005)*(($L2:$S2>M$2)+($L2:$S2=M$2)*($L54:$S54<M54)+($L2:$S2=M$2)*($L54:$S54=M54)*($L1:$S1<M$1)))) | V54: =IF(N54<=0.005,99,1+SUMPRODUCT(($L54:$S54>0.005)*(($L2:$S2>N$2)+($L2:$S2=N$2)*($L54:$S54<N54)+($L2:$S2=N$2)*($L54:$S54=N54)*($L1:$S1<N$1)))) | W54: =IF(O54<=0.005,99,1+SUMPRODUCT(($L54:$S54>0.005)*(($L2:$S2>O$2)+($L2:$S2=O$2)*($L54:$S54<O54)+($L2:$S2=O$2)*($L54:$S54=O54)*($L1:$S1<O$1)))) | X54: =IF(P54<=0.005,99,1+SUMPRODUCT(($L54:$S54>0.005)*(($L2:$S2>P$2)+($L2:$S2=P$2)*($L54:$S54<P54)+($L2:$S2=P$2)*($L54:$S54=P54)*($L1:$S1<P$1)))) | Y54: =IF(Q54<=0.005,99,1+SUMPRODUCT(($L54:$S54>0.005)*(($L2:$S2>Q$2)+($L2:$S2=Q$2)*($L54:$S54<Q54)+($L2:$S2=Q$2)*($L54:$S54=Q54)*($L1:$S1<Q$1)))) | Z54: =IF(R54<=0.005,99,1+SUMPRODUCT(($L54:$S54>0.005)*(($L2:$S2>R$2)+($L2:$S2=R$2)*($L54:$S54<R54)+($L2:$S2=R$2)*($L54:$S54=R54)*($L1:$S1<R$1)))) | AA54: =IF(S54<=0.005,99,1+SUMPRODUCT(($L54:$S54>0.005)*(($L2:$S2>S$2)+($L2:$S2=S$2)*($L54:$S54<S54)+($L2:$S2=S$2)*($L54:$S54=S54)*($L1:$S1<S$1)))) | AB54: =IF(L54-MIN(L54,MAX(0,$B54-SUMPRODUCT(($T54:$AA54<T54)*$L54:$S54)))<=0.005,0,L54-MIN(L54,MAX(0,$B54-SUMPRODUCT(($T54:$AA54<T54)*$L54:$S54)))) | AC54: =IF(M54-MIN(M54,MAX(0,$B54-SUMPRODUCT(($T54:$AA54<U54)*$L54:$S54)))<=0.005,0,M54-MIN(M54,MAX(0,$B54-SUMPRODUCT(($T54:$AA54<U54)*$L54:$S54)))) | AD54: =IF(N54-MIN(N54,MAX(0,$B54-SUMPRODUCT(($T54:$AA54<V54)*$L54:$S54)))<=0.005,0,N54-MIN(N54,MAX(0,$B54-SUMPRODUCT(($T54:$AA54<V54)*$L54:$S54)))) | AE54: =IF(O54-MIN(O54,MAX(0,$B54-SUMPRODUCT(($T54:$AA54<W54)*$L54:$S54)))<=0.005,0,O54-MIN(O54,MAX(0,$B54-SUMPRODUCT(($T54:$AA54<W54)*$L54:$S54)))) | AF54: =IF(P54-MIN(P54,MAX(0,$B54-SUMPRODUCT(($T54:$AA54<X54)*$L54:$S54)))<=0.005,0,P54-MIN(P54,MAX(0,$B54-SUMPRODUCT(($T54:$AA54<X54)*$L54:$S54)))) | AG54: =IF(Q54-MIN(Q54,MAX(0,$B54-SUMPRODUCT(($T54:$AA54<Y54)*$L54:$S54)))<=0.005,0,Q54-MIN(Q54,MAX(0,$B54-SUMPRODUCT(($T54:$AA54<Y54)*$L54:$S54)))) | AH54: =IF(R54-MIN(R54,MAX(0,$B54-SUMPRODUCT(($T54:$AA54<Z54)*$L54:$S54)))<=0.005,0,R54-MIN(R54,MAX(0,$B54-SUMPRODUCT(($T54:$AA54<Z54)*$L54:$S54)))) | AI54: =IF(S54-MIN(S54,MAX(0,$B54-SUMPRODUCT(($T54:$AA54<AA54)*$L54:$S54)))<=0.005,0,S54-MIN(S54,MAX(0,$B54-SUMPRODUCT(($T54:$AA54<AA54)*$L54:$S54))))
A55: 52 | B55: =Debts!$B$4-(SUM($D55:$K55)-SUM($L55:$S55)) | C55: =SUM($AB55:$AI55) | D55: =IF(N(AB54)>0,N(AB54)*(1+N(Debts!$C$7)/1200),0) | E55: =IF(N(AC54)>0,N(AC54)*(1+N(Debts!$C$8)/1200),0) | F55: =IF(N(AD54)>0,N(AD54)*(1+N(Debts!$C$9)/1200),0) | G55: =IF(N(AE54)>0,N(AE54)*(1+N(Debts!$C$10)/1200),0) | H55: =IF(N(AF54)>0,N(AF54)*(1+N(Debts!$C$11)/1200),0) | I55: =IF(N(AG54)>0,N(AG54)*(1+N(Debts!$C$12)/1200),0) | J55: =IF(N(AH54)>0,N(AH54)*(1+N(Debts!$C$13)/1200),0) | K55: =IF(N(AI54)>0,N(AI54)*(1+N(Debts!$C$14)/1200),0) | L55: =D55-MIN(N(Debts!$D$7),D55) | M55: =E55-MIN(N(Debts!$D$8),E55) | N55: =F55-MIN(N(Debts!$D$9),F55) | O55: =G55-MIN(N(Debts!$D$10),G55) | P55: =H55-MIN(N(Debts!$D$11),H55) | Q55: =I55-MIN(N(Debts!$D$12),I55) | R55: =J55-MIN(N(Debts!$D$13),J55) | S55: =K55-MIN(N(Debts!$D$14),K55) | T55: =IF(L55<=0.005,99,1+SUMPRODUCT(($L55:$S55>0.005)*(($L2:$S2>L$2)+($L2:$S2=L$2)*($L55:$S55<L55)+($L2:$S2=L$2)*($L55:$S55=L55)*($L1:$S1<L$1)))) | U55: =IF(M55<=0.005,99,1+SUMPRODUCT(($L55:$S55>0.005)*(($L2:$S2>M$2)+($L2:$S2=M$2)*($L55:$S55<M55)+($L2:$S2=M$2)*($L55:$S55=M55)*($L1:$S1<M$1)))) | V55: =IF(N55<=0.005,99,1+SUMPRODUCT(($L55:$S55>0.005)*(($L2:$S2>N$2)+($L2:$S2=N$2)*($L55:$S55<N55)+($L2:$S2=N$2)*($L55:$S55=N55)*($L1:$S1<N$1)))) | W55: =IF(O55<=0.005,99,1+SUMPRODUCT(($L55:$S55>0.005)*(($L2:$S2>O$2)+($L2:$S2=O$2)*($L55:$S55<O55)+($L2:$S2=O$2)*($L55:$S55=O55)*($L1:$S1<O$1)))) | X55: =IF(P55<=0.005,99,1+SUMPRODUCT(($L55:$S55>0.005)*(($L2:$S2>P$2)+($L2:$S2=P$2)*($L55:$S55<P55)+($L2:$S2=P$2)*($L55:$S55=P55)*($L1:$S1<P$1)))) | Y55: =IF(Q55<=0.005,99,1+SUMPRODUCT(($L55:$S55>0.005)*(($L2:$S2>Q$2)+($L2:$S2=Q$2)*($L55:$S55<Q55)+($L2:$S2=Q$2)*($L55:$S55=Q55)*($L1:$S1<Q$1)))) | Z55: =IF(R55<=0.005,99,1+SUMPRODUCT(($L55:$S55>0.005)*(($L2:$S2>R$2)+($L2:$S2=R$2)*($L55:$S55<R55)+($L2:$S2=R$2)*($L55:$S55=R55)*($L1:$S1<R$1)))) | AA55: =IF(S55<=0.005,99,1+SUMPRODUCT(($L55:$S55>0.005)*(($L2:$S2>S$2)+($L2:$S2=S$2)*($L55:$S55<S55)+($L2:$S2=S$2)*($L55:$S55=S55)*($L1:$S1<S$1)))) | AB55: =IF(L55-MIN(L55,MAX(0,$B55-SUMPRODUCT(($T55:$AA55<T55)*$L55:$S55)))<=0.005,0,L55-MIN(L55,MAX(0,$B55-SUMPRODUCT(($T55:$AA55<T55)*$L55:$S55)))) | AC55: =IF(M55-MIN(M55,MAX(0,$B55-SUMPRODUCT(($T55:$AA55<U55)*$L55:$S55)))<=0.005,0,M55-MIN(M55,MAX(0,$B55-SUMPRODUCT(($T55:$AA55<U55)*$L55:$S55)))) | AD55: =IF(N55-MIN(N55,MAX(0,$B55-SUMPRODUCT(($T55:$AA55<V55)*$L55:$S55)))<=0.005,0,N55-MIN(N55,MAX(0,$B55-SUMPRODUCT(($T55:$AA55<V55)*$L55:$S55)))) | AE55: =IF(O55-MIN(O55,MAX(0,$B55-SUMPRODUCT(($T55:$AA55<W55)*$L55:$S55)))<=0.005,0,O55-MIN(O55,MAX(0,$B55-SUMPRODUCT(($T55:$AA55<W55)*$L55:$S55)))) | AF55: =IF(P55-MIN(P55,MAX(0,$B55-SUMPRODUCT(($T55:$AA55<X55)*$L55:$S55)))<=0.005,0,P55-MIN(P55,MAX(0,$B55-SUMPRODUCT(($T55:$AA55<X55)*$L55:$S55)))) | AG55: =IF(Q55-MIN(Q55,MAX(0,$B55-SUMPRODUCT(($T55:$AA55<Y55)*$L55:$S55)))<=0.005,0,Q55-MIN(Q55,MAX(0,$B55-SUMPRODUCT(($T55:$AA55<Y55)*$L55:$S55)))) | AH55: =IF(R55-MIN(R55,MAX(0,$B55-SUMPRODUCT(($T55:$AA55<Z55)*$L55:$S55)))<=0.005,0,R55-MIN(R55,MAX(0,$B55-SUMPRODUCT(($T55:$AA55<Z55)*$L55:$S55)))) | AI55: =IF(S55-MIN(S55,MAX(0,$B55-SUMPRODUCT(($T55:$AA55<AA55)*$L55:$S55)))<=0.005,0,S55-MIN(S55,MAX(0,$B55-SUMPRODUCT(($T55:$AA55<AA55)*$L55:$S55))))
A56: 53 | B56: =Debts!$B$4-(SUM($D56:$K56)-SUM($L56:$S56)) | C56: =SUM($AB56:$AI56) | D56: =IF(N(AB55)>0,N(AB55)*(1+N(Debts!$C$7)/1200),0) | E56: =IF(N(AC55)>0,N(AC55)*(1+N(Debts!$C$8)/1200),0) | F56: =IF(N(AD55)>0,N(AD55)*(1+N(Debts!$C$9)/1200),0) | G56: =IF(N(AE55)>0,N(AE55)*(1+N(Debts!$C$10)/1200),0) | H56: =IF(N(AF55)>0,N(AF55)*(1+N(Debts!$C$11)/1200),0) | I56: =IF(N(AG55)>0,N(AG55)*(1+N(Debts!$C$12)/1200),0) | J56: =IF(N(AH55)>0,N(AH55)*(1+N(Debts!$C$13)/1200),0) | K56: =IF(N(AI55)>0,N(AI55)*(1+N(Debts!$C$14)/1200),0) | L56: =D56-MIN(N(Debts!$D$7),D56) | M56: =E56-MIN(N(Debts!$D$8),E56) | N56: =F56-MIN(N(Debts!$D$9),F56) | O56: =G56-MIN(N(Debts!$D$10),G56) | P56: =H56-MIN(N(Debts!$D$11),H56) | Q56: =I56-MIN(N(Debts!$D$12),I56) | R56: =J56-MIN(N(Debts!$D$13),J56) | S56: =K56-MIN(N(Debts!$D$14),K56) | T56: =IF(L56<=0.005,99,1+SUMPRODUCT(($L56:$S56>0.005)*(($L2:$S2>L$2)+($L2:$S2=L$2)*($L56:$S56<L56)+($L2:$S2=L$2)*($L56:$S56=L56)*($L1:$S1<L$1)))) | U56: =IF(M56<=0.005,99,1+SUMPRODUCT(($L56:$S56>0.005)*(($L2:$S2>M$2)+($L2:$S2=M$2)*($L56:$S56<M56)+($L2:$S2=M$2)*($L56:$S56=M56)*($L1:$S1<M$1)))) | V56: =IF(N56<=0.005,99,1+SUMPRODUCT(($L56:$S56>0.005)*(($L2:$S2>N$2)+($L2:$S2=N$2)*($L56:$S56<N56)+($L2:$S2=N$2)*($L56:$S56=N56)*($L1:$S1<N$1)))) | W56: =IF(O56<=0.005,99,1+SUMPRODUCT(($L56:$S56>0.005)*(($L2:$S2>O$2)+($L2:$S2=O$2)*($L56:$S56<O56)+($L2:$S2=O$2)*($L56:$S56=O56)*($L1:$S1<O$1)))) | X56: =IF(P56<=0.005,99,1+SUMPRODUCT(($L56:$S56>0.005)*(($L2:$S2>P$2)+($L2:$S2=P$2)*($L56:$S56<P56)+($L2:$S2=P$2)*($L56:$S56=P56)*($L1:$S1<P$1)))) | Y56: =IF(Q56<=0.005,99,1+SUMPRODUCT(($L56:$S56>0.005)*(($L2:$S2>Q$2)+($L2:$S2=Q$2)*($L56:$S56<Q56)+($L2:$S2=Q$2)*($L56:$S56=Q56)*($L1:$S1<Q$1)))) | Z56: =IF(R56<=0.005,99,1+SUMPRODUCT(($L56:$S56>0.005)*(($L2:$S2>R$2)+($L2:$S2=R$2)*($L56:$S56<R56)+($L2:$S2=R$2)*($L56:$S56=R56)*($L1:$S1<R$1)))) | AA56: =IF(S56<=0.005,99,1+SUMPRODUCT(($L56:$S56>0.005)*(($L2:$S2>S$2)+($L2:$S2=S$2)*($L56:$S56<S56)+($L2:$S2=S$2)*($L56:$S56=S56)*($L1:$S1<S$1)))) | AB56: =IF(L56-MIN(L56,MAX(0,$B56-SUMPRODUCT(($T56:$AA56<T56)*$L56:$S56)))<=0.005,0,L56-MIN(L56,MAX(0,$B56-SUMPRODUCT(($T56:$AA56<T56)*$L56:$S56)))) | AC56: =IF(M56-MIN(M56,MAX(0,$B56-SUMPRODUCT(($T56:$AA56<U56)*$L56:$S56)))<=0.005,0,M56-MIN(M56,MAX(0,$B56-SUMPRODUCT(($T56:$AA56<U56)*$L56:$S56)))) | AD56: =IF(N56-MIN(N56,MAX(0,$B56-SUMPRODUCT(($T56:$AA56<V56)*$L56:$S56)))<=0.005,0,N56-MIN(N56,MAX(0,$B56-SUMPRODUCT(($T56:$AA56<V56)*$L56:$S56)))) | AE56: =IF(O56-MIN(O56,MAX(0,$B56-SUMPRODUCT(($T56:$AA56<W56)*$L56:$S56)))<=0.005,0,O56-MIN(O56,MAX(0,$B56-SUMPRODUCT(($T56:$AA56<W56)*$L56:$S56)))) | AF56: =IF(P56-MIN(P56,MAX(0,$B56-SUMPRODUCT(($T56:$AA56<X56)*$L56:$S56)))<=0.005,0,P56-MIN(P56,MAX(0,$B56-SUMPRODUCT(($T56:$AA56<X56)*$L56:$S56)))) | AG56: =IF(Q56-MIN(Q56,MAX(0,$B56-SUMPRODUCT(($T56:$AA56<Y56)*$L56:$S56)))<=0.005,0,Q56-MIN(Q56,MAX(0,$B56-SUMPRODUCT(($T56:$AA56<Y56)*$L56:$S56)))) | AH56: =IF(R56-MIN(R56,MAX(0,$B56-SUMPRODUCT(($T56:$AA56<Z56)*$L56:$S56)))<=0.005,0,R56-MIN(R56,MAX(0,$B56-SUMPRODUCT(($T56:$AA56<Z56)*$L56:$S56)))) | AI56: =IF(S56-MIN(S56,MAX(0,$B56-SUMPRODUCT(($T56:$AA56<AA56)*$L56:$S56)))<=0.005,0,S56-MIN(S56,MAX(0,$B56-SUMPRODUCT(($T56:$AA56<AA56)*$L56:$S56))))
A57: 54 | B57: =Debts!$B$4-(SUM($D57:$K57)-SUM($L57:$S57)) | C57: =SUM($AB57:$AI57) | D57: =IF(N(AB56)>0,N(AB56)*(1+N(Debts!$C$7)/1200),0) | E57: =IF(N(AC56)>0,N(AC56)*(1+N(Debts!$C$8)/1200),0) | F57: =IF(N(AD56)>0,N(AD56)*(1+N(Debts!$C$9)/1200),0) | G57: =IF(N(AE56)>0,N(AE56)*(1+N(Debts!$C$10)/1200),0) | H57: =IF(N(AF56)>0,N(AF56)*(1+N(Debts!$C$11)/1200),0) | I57: =IF(N(AG56)>0,N(AG56)*(1+N(Debts!$C$12)/1200),0) | J57: =IF(N(AH56)>0,N(AH56)*(1+N(Debts!$C$13)/1200),0) | K57: =IF(N(AI56)>0,N(AI56)*(1+N(Debts!$C$14)/1200),0) | L57: =D57-MIN(N(Debts!$D$7),D57) | M57: =E57-MIN(N(Debts!$D$8),E57) | N57: =F57-MIN(N(Debts!$D$9),F57) | O57: =G57-MIN(N(Debts!$D$10),G57) | P57: =H57-MIN(N(Debts!$D$11),H57) | Q57: =I57-MIN(N(Debts!$D$12),I57) | R57: =J57-MIN(N(Debts!$D$13),J57) | S57: =K57-MIN(N(Debts!$D$14),K57) | T57: =IF(L57<=0.005,99,1+SUMPRODUCT(($L57:$S57>0.005)*(($L2:$S2>L$2)+($L2:$S2=L$2)*($L57:$S57<L57)+($L2:$S2=L$2)*($L57:$S57=L57)*($L1:$S1<L$1)))) | U57: =IF(M57<=0.005,99,1+SUMPRODUCT(($L57:$S57>0.005)*(($L2:$S2>M$2)+($L2:$S2=M$2)*($L57:$S57<M57)+($L2:$S2=M$2)*($L57:$S57=M57)*($L1:$S1<M$1)))) | V57: =IF(N57<=0.005,99,1+SUMPRODUCT(($L57:$S57>0.005)*(($L2:$S2>N$2)+($L2:$S2=N$2)*($L57:$S57<N57)+($L2:$S2=N$2)*($L57:$S57=N57)*($L1:$S1<N$1)))) | W57: =IF(O57<=0.005,99,1+SUMPRODUCT(($L57:$S57>0.005)*(($L2:$S2>O$2)+($L2:$S2=O$2)*($L57:$S57<O57)+($L2:$S2=O$2)*($L57:$S57=O57)*($L1:$S1<O$1)))) | X57: =IF(P57<=0.005,99,1+SUMPRODUCT(($L57:$S57>0.005)*(($L2:$S2>P$2)+($L2:$S2=P$2)*($L57:$S57<P57)+($L2:$S2=P$2)*($L57:$S57=P57)*($L1:$S1<P$1)))) | Y57: =IF(Q57<=0.005,99,1+SUMPRODUCT(($L57:$S57>0.005)*(($L2:$S2>Q$2)+($L2:$S2=Q$2)*($L57:$S57<Q57)+($L2:$S2=Q$2)*($L57:$S57=Q57)*($L1:$S1<Q$1)))) | Z57: =IF(R57<=0.005,99,1+SUMPRODUCT(($L57:$S57>0.005)*(($L2:$S2>R$2)+($L2:$S2=R$2)*($L57:$S57<R57)+($L2:$S2=R$2)*($L57:$S57=R57)*($L1:$S1<R$1)))) | AA57: =IF(S57<=0.005,99,1+SUMPRODUCT(($L57:$S57>0.005)*(($L2:$S2>S$2)+($L2:$S2=S$2)*($L57:$S57<S57)+($L2:$S2=S$2)*($L57:$S57=S57)*($L1:$S1<S$1)))) | AB57: =IF(L57-MIN(L57,MAX(0,$B57-SUMPRODUCT(($T57:$AA57<T57)*$L57:$S57)))<=0.005,0,L57-MIN(L57,MAX(0,$B57-SUMPRODUCT(($T57:$AA57<T57)*$L57:$S57)))) | AC57: =IF(M57-MIN(M57,MAX(0,$B57-SUMPRODUCT(($T57:$AA57<U57)*$L57:$S57)))<=0.005,0,M57-MIN(M57,MAX(0,$B57-SUMPRODUCT(($T57:$AA57<U57)*$L57:$S57)))) | AD57: =IF(N57-MIN(N57,MAX(0,$B57-SUMPRODUCT(($T57:$AA57<V57)*$L57:$S57)))<=0.005,0,N57-MIN(N57,MAX(0,$B57-SUMPRODUCT(($T57:$AA57<V57)*$L57:$S57)))) | AE57: =IF(O57-MIN(O57,MAX(0,$B57-SUMPRODUCT(($T57:$AA57<W57)*$L57:$S57)))<=0.005,0,O57-MIN(O57,MAX(0,$B57-SUMPRODUCT(($T57:$AA57<W57)*$L57:$S57)))) | AF57: =IF(P57-MIN(P57,MAX(0,$B57-SUMPRODUCT(($T57:$AA57<X57)*$L57:$S57)))<=0.005,0,P57-MIN(P57,MAX(0,$B57-SUMPRODUCT(($T57:$AA57<X57)*$L57:$S57)))) | AG57: =IF(Q57-MIN(Q57,MAX(0,$B57-SUMPRODUCT(($T57:$AA57<Y57)*$L57:$S57)))<=0.005,0,Q57-MIN(Q57,MAX(0,$B57-SUMPRODUCT(($T57:$AA57<Y57)*$L57:$S57)))) | AH57: =IF(R57-MIN(R57,MAX(0,$B57-SUMPRODUCT(($T57:$AA57<Z57)*$L57:$S57)))<=0.005,0,R57-MIN(R57,MAX(0,$B57-SUMPRODUCT(($T57:$AA57<Z57)*$L57:$S57)))) | AI57: =IF(S57-MIN(S57,MAX(0,$B57-SUMPRODUCT(($T57:$AA57<AA57)*$L57:$S57)))<=0.005,0,S57-MIN(S57,MAX(0,$B57-SUMPRODUCT(($T57:$AA57<AA57)*$L57:$S57))))
A58: 55 | B58: =Debts!$B$4-(SUM($D58:$K58)-SUM($L58:$S58)) | C58: =SUM($AB58:$AI58) | D58: =IF(N(AB57)>0,N(AB57)*(1+N(Debts!$C$7)/1200),0) | E58: =IF(N(AC57)>0,N(AC57)*(1+N(Debts!$C$8)/1200),0) | F58: =IF(N(AD57)>0,N(AD57)*(1+N(Debts!$C$9)/1200),0) | G58: =IF(N(AE57)>0,N(AE57)*(1+N(Debts!$C$10)/1200),0) | H58: =IF(N(AF57)>0,N(AF57)*(1+N(Debts!$C$11)/1200),0) | I58: =IF(N(AG57)>0,N(AG57)*(1+N(Debts!$C$12)/1200),0) | J58: =IF(N(AH57)>0,N(AH57)*(1+N(Debts!$C$13)/1200),0) | K58: =IF(N(AI57)>0,N(AI57)*(1+N(Debts!$C$14)/1200),0) | L58: =D58-MIN(N(Debts!$D$7),D58) | M58: =E58-MIN(N(Debts!$D$8),E58) | N58: =F58-MIN(N(Debts!$D$9),F58) | O58: =G58-MIN(N(Debts!$D$10),G58) | P58: =H58-MIN(N(Debts!$D$11),H58) | Q58: =I58-MIN(N(Debts!$D$12),I58) | R58: =J58-MIN(N(Debts!$D$13),J58) | S58: =K58-MIN(N(Debts!$D$14),K58) | T58: =IF(L58<=0.005,99,1+SUMPRODUCT(($L58:$S58>0.005)*(($L2:$S2>L$2)+($L2:$S2=L$2)*($L58:$S58<L58)+($L2:$S2=L$2)*($L58:$S58=L58)*($L1:$S1<L$1)))) | U58: =IF(M58<=0.005,99,1+SUMPRODUCT(($L58:$S58>0.005)*(($L2:$S2>M$2)+($L2:$S2=M$2)*($L58:$S58<M58)+($L2:$S2=M$2)*($L58:$S58=M58)*($L1:$S1<M$1)))) | V58: =IF(N58<=0.005,99,1+SUMPRODUCT(($L58:$S58>0.005)*(($L2:$S2>N$2)+($L2:$S2=N$2)*($L58:$S58<N58)+($L2:$S2=N$2)*($L58:$S58=N58)*($L1:$S1<N$1)))) | W58: =IF(O58<=0.005,99,1+SUMPRODUCT(($L58:$S58>0.005)*(($L2:$S2>O$2)+($L2:$S2=O$2)*($L58:$S58<O58)+($L2:$S2=O$2)*($L58:$S58=O58)*($L1:$S1<O$1)))) | X58: =IF(P58<=0.005,99,1+SUMPRODUCT(($L58:$S58>0.005)*(($L2:$S2>P$2)+($L2:$S2=P$2)*($L58:$S58<P58)+($L2:$S2=P$2)*($L58:$S58=P58)*($L1:$S1<P$1)))) | Y58: =IF(Q58<=0.005,99,1+SUMPRODUCT(($L58:$S58>0.005)*(($L2:$S2>Q$2)+($L2:$S2=Q$2)*($L58:$S58<Q58)+($L2:$S2=Q$2)*($L58:$S58=Q58)*($L1:$S1<Q$1)))) | Z58: =IF(R58<=0.005,99,1+SUMPRODUCT(($L58:$S58>0.005)*(($L2:$S2>R$2)+($L2:$S2=R$2)*($L58:$S58<R58)+($L2:$S2=R$2)*($L58:$S58=R58)*($L1:$S1<R$1)))) | AA58: =IF(S58<=0.005,99,1+SUMPRODUCT(($L58:$S58>0.005)*(($L2:$S2>S$2)+($L2:$S2=S$2)*($L58:$S58<S58)+($L2:$S2=S$2)*($L58:$S58=S58)*($L1:$S1<S$1)))) | AB58: =IF(L58-MIN(L58,MAX(0,$B58-SUMPRODUCT(($T58:$AA58<T58)*$L58:$S58)))<=0.005,0,L58-MIN(L58,MAX(0,$B58-SUMPRODUCT(($T58:$AA58<T58)*$L58:$S58)))) | AC58: =IF(M58-MIN(M58,MAX(0,$B58-SUMPRODUCT(($T58:$AA58<U58)*$L58:$S58)))<=0.005,0,M58-MIN(M58,MAX(0,$B58-SUMPRODUCT(($T58:$AA58<U58)*$L58:$S58)))) | AD58: =IF(N58-MIN(N58,MAX(0,$B58-SUMPRODUCT(($T58:$AA58<V58)*$L58:$S58)))<=0.005,0,N58-MIN(N58,MAX(0,$B58-SUMPRODUCT(($T58:$AA58<V58)*$L58:$S58)))) | AE58: =IF(O58-MIN(O58,MAX(0,$B58-SUMPRODUCT(($T58:$AA58<W58)*$L58:$S58)))<=0.005,0,O58-MIN(O58,MAX(0,$B58-SUMPRODUCT(($T58:$AA58<W58)*$L58:$S58)))) | AF58: =IF(P58-MIN(P58,MAX(0,$B58-SUMPRODUCT(($T58:$AA58<X58)*$L58:$S58)))<=0.005,0,P58-MIN(P58,MAX(0,$B58-SUMPRODUCT(($T58:$AA58<X58)*$L58:$S58)))) | AG58: =IF(Q58-MIN(Q58,MAX(0,$B58-SUMPRODUCT(($T58:$AA58<Y58)*$L58:$S58)))<=0.005,0,Q58-MIN(Q58,MAX(0,$B58-SUMPRODUCT(($T58:$AA58<Y58)*$L58:$S58)))) | AH58: =IF(R58-MIN(R58,MAX(0,$B58-SUMPRODUCT(($T58:$AA58<Z58)*$L58:$S58)))<=0.005,0,R58-MIN(R58,MAX(0,$B58-SUMPRODUCT(($T58:$AA58<Z58)*$L58:$S58)))) | AI58: =IF(S58-MIN(S58,MAX(0,$B58-SUMPRODUCT(($T58:$AA58<AA58)*$L58:$S58)))<=0.005,0,S58-MIN(S58,MAX(0,$B58-SUMPRODUCT(($T58:$AA58<AA58)*$L58:$S58))))
A59: 56 | B59: =Debts!$B$4-(SUM($D59:$K59)-SUM($L59:$S59)) | C59: =SUM($AB59:$AI59) | D59: =IF(N(AB58)>0,N(AB58)*(1+N(Debts!$C$7)/1200),0) | E59: =IF(N(AC58)>0,N(AC58)*(1+N(Debts!$C$8)/1200),0) | F59: =IF(N(AD58)>0,N(AD58)*(1+N(Debts!$C$9)/1200),0) | G59: =IF(N(AE58)>0,N(AE58)*(1+N(Debts!$C$10)/1200),0) | H59: =IF(N(AF58)>0,N(AF58)*(1+N(Debts!$C$11)/1200),0) | I59: =IF(N(AG58)>0,N(AG58)*(1+N(Debts!$C$12)/1200),0) | J59: =IF(N(AH58)>0,N(AH58)*(1+N(Debts!$C$13)/1200),0) | K59: =IF(N(AI58)>0,N(AI58)*(1+N(Debts!$C$14)/1200),0) | L59: =D59-MIN(N(Debts!$D$7),D59) | M59: =E59-MIN(N(Debts!$D$8),E59) | N59: =F59-MIN(N(Debts!$D$9),F59) | O59: =G59-MIN(N(Debts!$D$10),G59) | P59: =H59-MIN(N(Debts!$D$11),H59) | Q59: =I59-MIN(N(Debts!$D$12),I59) | R59: =J59-MIN(N(Debts!$D$13),J59) | S59: =K59-MIN(N(Debts!$D$14),K59) | T59: =IF(L59<=0.005,99,1+SUMPRODUCT(($L59:$S59>0.005)*(($L2:$S2>L$2)+($L2:$S2=L$2)*($L59:$S59<L59)+($L2:$S2=L$2)*($L59:$S59=L59)*($L1:$S1<L$1)))) | U59: =IF(M59<=0.005,99,1+SUMPRODUCT(($L59:$S59>0.005)*(($L2:$S2>M$2)+($L2:$S2=M$2)*($L59:$S59<M59)+($L2:$S2=M$2)*($L59:$S59=M59)*($L1:$S1<M$1)))) | V59: =IF(N59<=0.005,99,1+SUMPRODUCT(($L59:$S59>0.005)*(($L2:$S2>N$2)+($L2:$S2=N$2)*($L59:$S59<N59)+($L2:$S2=N$2)*($L59:$S59=N59)*($L1:$S1<N$1)))) | W59: =IF(O59<=0.005,99,1+SUMPRODUCT(($L59:$S59>0.005)*(($L2:$S2>O$2)+($L2:$S2=O$2)*($L59:$S59<O59)+($L2:$S2=O$2)*($L59:$S59=O59)*($L1:$S1<O$1)))) | X59: =IF(P59<=0.005,99,1+SUMPRODUCT(($L59:$S59>0.005)*(($L2:$S2>P$2)+($L2:$S2=P$2)*($L59:$S59<P59)+($L2:$S2=P$2)*($L59:$S59=P59)*($L1:$S1<P$1)))) | Y59: =IF(Q59<=0.005,99,1+SUMPRODUCT(($L59:$S59>0.005)*(($L2:$S2>Q$2)+($L2:$S2=Q$2)*($L59:$S59<Q59)+($L2:$S2=Q$2)*($L59:$S59=Q59)*($L1:$S1<Q$1)))) | Z59: =IF(R59<=0.005,99,1+SUMPRODUCT(($L59:$S59>0.005)*(($L2:$S2>R$2)+($L2:$S2=R$2)*($L59:$S59<R59)+($L2:$S2=R$2)*($L59:$S59=R59)*($L1:$S1<R$1)))) | AA59: =IF(S59<=0.005,99,1+SUMPRODUCT(($L59:$S59>0.005)*(($L2:$S2>S$2)+($L2:$S2=S$2)*($L59:$S59<S59)+($L2:$S2=S$2)*($L59:$S59=S59)*($L1:$S1<S$1)))) | AB59: =IF(L59-MIN(L59,MAX(0,$B59-SUMPRODUCT(($T59:$AA59<T59)*$L59:$S59)))<=0.005,0,L59-MIN(L59,MAX(0,$B59-SUMPRODUCT(($T59:$AA59<T59)*$L59:$S59)))) | AC59: =IF(M59-MIN(M59,MAX(0,$B59-SUMPRODUCT(($T59:$AA59<U59)*$L59:$S59)))<=0.005,0,M59-MIN(M59,MAX(0,$B59-SUMPRODUCT(($T59:$AA59<U59)*$L59:$S59)))) | AD59: =IF(N59-MIN(N59,MAX(0,$B59-SUMPRODUCT(($T59:$AA59<V59)*$L59:$S59)))<=0.005,0,N59-MIN(N59,MAX(0,$B59-SUMPRODUCT(($T59:$AA59<V59)*$L59:$S59)))) | AE59: =IF(O59-MIN(O59,MAX(0,$B59-SUMPRODUCT(($T59:$AA59<W59)*$L59:$S59)))<=0.005,0,O59-MIN(O59,MAX(0,$B59-SUMPRODUCT(($T59:$AA59<W59)*$L59:$S59)))) | AF59: =IF(P59-MIN(P59,MAX(0,$B59-SUMPRODUCT(($T59:$AA59<X59)*$L59:$S59)))<=0.005,0,P59-MIN(P59,MAX(0,$B59-SUMPRODUCT(($T59:$AA59<X59)*$L59:$S59)))) | AG59: =IF(Q59-MIN(Q59,MAX(0,$B59-SUMPRODUCT(($T59:$AA59<Y59)*$L59:$S59)))<=0.005,0,Q59-MIN(Q59,MAX(0,$B59-SUMPRODUCT(($T59:$AA59<Y59)*$L59:$S59)))) | AH59: =IF(R59-MIN(R59,MAX(0,$B59-SUMPRODUCT(($T59:$AA59<Z59)*$L59:$S59)))<=0.005,0,R59-MIN(R59,MAX(0,$B59-SUMPRODUCT(($T59:$AA59<Z59)*$L59:$S59)))) | AI59: =IF(S59-MIN(S59,MAX(0,$B59-SUMPRODUCT(($T59:$AA59<AA59)*$L59:$S59)))<=0.005,0,S59-MIN(S59,MAX(0,$B59-SUMPRODUCT(($T59:$AA59<AA59)*$L59:$S59))))
A60: 57 | B60: =Debts!$B$4-(SUM($D60:$K60)-SUM($L60:$S60)) | C60: =SUM($AB60:$AI60) | D60: =IF(N(AB59)>0,N(AB59)*(1+N(Debts!$C$7)/1200),0) | E60: =IF(N(AC59)>0,N(AC59)*(1+N(Debts!$C$8)/1200),0) | F60: =IF(N(AD59)>0,N(AD59)*(1+N(Debts!$C$9)/1200),0) | G60: =IF(N(AE59)>0,N(AE59)*(1+N(Debts!$C$10)/1200),0) | H60: =IF(N(AF59)>0,N(AF59)*(1+N(Debts!$C$11)/1200),0) | I60: =IF(N(AG59)>0,N(AG59)*(1+N(Debts!$C$12)/1200),0) | J60: =IF(N(AH59)>0,N(AH59)*(1+N(Debts!$C$13)/1200),0) | K60: =IF(N(AI59)>0,N(AI59)*(1+N(Debts!$C$14)/1200),0) | L60: =D60-MIN(N(Debts!$D$7),D60) | M60: =E60-MIN(N(Debts!$D$8),E60) | N60: =F60-MIN(N(Debts!$D$9),F60) | O60: =G60-MIN(N(Debts!$D$10),G60) | P60: =H60-MIN(N(Debts!$D$11),H60) | Q60: =I60-MIN(N(Debts!$D$12),I60) | R60: =J60-MIN(N(Debts!$D$13),J60) | S60: =K60-MIN(N(Debts!$D$14),K60) | T60: =IF(L60<=0.005,99,1+SUMPRODUCT(($L60:$S60>0.005)*(($L2:$S2>L$2)+($L2:$S2=L$2)*($L60:$S60<L60)+($L2:$S2=L$2)*($L60:$S60=L60)*($L1:$S1<L$1)))) | U60: =IF(M60<=0.005,99,1+SUMPRODUCT(($L60:$S60>0.005)*(($L2:$S2>M$2)+($L2:$S2=M$2)*($L60:$S60<M60)+($L2:$S2=M$2)*($L60:$S60=M60)*($L1:$S1<M$1)))) | V60: =IF(N60<=0.005,99,1+SUMPRODUCT(($L60:$S60>0.005)*(($L2:$S2>N$2)+($L2:$S2=N$2)*($L60:$S60<N60)+($L2:$S2=N$2)*($L60:$S60=N60)*($L1:$S1<N$1)))) | W60: =IF(O60<=0.005,99,1+SUMPRODUCT(($L60:$S60>0.005)*(($L2:$S2>O$2)+($L2:$S2=O$2)*($L60:$S60<O60)+($L2:$S2=O$2)*($L60:$S60=O60)*($L1:$S1<O$1)))) | X60: =IF(P60<=0.005,99,1+SUMPRODUCT(($L60:$S60>0.005)*(($L2:$S2>P$2)+($L2:$S2=P$2)*($L60:$S60<P60)+($L2:$S2=P$2)*($L60:$S60=P60)*($L1:$S1<P$1)))) | Y60: =IF(Q60<=0.005,99,1+SUMPRODUCT(($L60:$S60>0.005)*(($L2:$S2>Q$2)+($L2:$S2=Q$2)*($L60:$S60<Q60)+($L2:$S2=Q$2)*($L60:$S60=Q60)*($L1:$S1<Q$1)))) | Z60: =IF(R60<=0.005,99,1+SUMPRODUCT(($L60:$S60>0.005)*(($L2:$S2>R$2)+($L2:$S2=R$2)*($L60:$S60<R60)+($L2:$S2=R$2)*($L60:$S60=R60)*($L1:$S1<R$1)))) | AA60: =IF(S60<=0.005,99,1+SUMPRODUCT(($L60:$S60>0.005)*(($L2:$S2>S$2)+($L2:$S2=S$2)*($L60:$S60<S60)+($L2:$S2=S$2)*($L60:$S60=S60)*($L1:$S1<S$1)))) | AB60: =IF(L60-MIN(L60,MAX(0,$B60-SUMPRODUCT(($T60:$AA60<T60)*$L60:$S60)))<=0.005,0,L60-MIN(L60,MAX(0,$B60-SUMPRODUCT(($T60:$AA60<T60)*$L60:$S60)))) | AC60: =IF(M60-MIN(M60,MAX(0,$B60-SUMPRODUCT(($T60:$AA60<U60)*$L60:$S60)))<=0.005,0,M60-MIN(M60,MAX(0,$B60-SUMPRODUCT(($T60:$AA60<U60)*$L60:$S60)))) | AD60: =IF(N60-MIN(N60,MAX(0,$B60-SUMPRODUCT(($T60:$AA60<V60)*$L60:$S60)))<=0.005,0,N60-MIN(N60,MAX(0,$B60-SUMPRODUCT(($T60:$AA60<V60)*$L60:$S60)))) | AE60: =IF(O60-MIN(O60,MAX(0,$B60-SUMPRODUCT(($T60:$AA60<W60)*$L60:$S60)))<=0.005,0,O60-MIN(O60,MAX(0,$B60-SUMPRODUCT(($T60:$AA60<W60)*$L60:$S60)))) | AF60: =IF(P60-MIN(P60,MAX(0,$B60-SUMPRODUCT(($T60:$AA60<X60)*$L60:$S60)))<=0.005,0,P60-MIN(P60,MAX(0,$B60-SUMPRODUCT(($T60:$AA60<X60)*$L60:$S60)))) | AG60: =IF(Q60-MIN(Q60,MAX(0,$B60-SUMPRODUCT(($T60:$AA60<Y60)*$L60:$S60)))<=0.005,0,Q60-MIN(Q60,MAX(0,$B60-SUMPRODUCT(($T60:$AA60<Y60)*$L60:$S60)))) | AH60: =IF(R60-MIN(R60,MAX(0,$B60-SUMPRODUCT(($T60:$AA60<Z60)*$L60:$S60)))<=0.005,0,R60-MIN(R60,MAX(0,$B60-SUMPRODUCT(($T60:$AA60<Z60)*$L60:$S60)))) | AI60: =IF(S60-MIN(S60,MAX(0,$B60-SUMPRODUCT(($T60:$AA60<AA60)*$L60:$S60)))<=0.005,0,S60-MIN(S60,MAX(0,$B60-SUMPRODUCT(($T60:$AA60<AA60)*$L60:$S60))))
A61: 58 | B61: =Debts!$B$4-(SUM($D61:$K61)-SUM($L61:$S61)) | C61: =SUM($AB61:$AI61) | D61: =IF(N(AB60)>0,N(AB60)*(1+N(Debts!$C$7)/1200),0) | E61: =IF(N(AC60)>0,N(AC60)*(1+N(Debts!$C$8)/1200),0) | F61: =IF(N(AD60)>0,N(AD60)*(1+N(Debts!$C$9)/1200),0) | G61: =IF(N(AE60)>0,N(AE60)*(1+N(Debts!$C$10)/1200),0) | H61: =IF(N(AF60)>0,N(AF60)*(1+N(Debts!$C$11)/1200),0) | I61: =IF(N(AG60)>0,N(AG60)*(1+N(Debts!$C$12)/1200),0) | J61: =IF(N(AH60)>0,N(AH60)*(1+N(Debts!$C$13)/1200),0) | K61: =IF(N(AI60)>0,N(AI60)*(1+N(Debts!$C$14)/1200),0) | L61: =D61-MIN(N(Debts!$D$7),D61) | M61: =E61-MIN(N(Debts!$D$8),E61) | N61: =F61-MIN(N(Debts!$D$9),F61) | O61: =G61-MIN(N(Debts!$D$10),G61) | P61: =H61-MIN(N(Debts!$D$11),H61) | Q61: =I61-MIN(N(Debts!$D$12),I61) | R61: =J61-MIN(N(Debts!$D$13),J61) | S61: =K61-MIN(N(Debts!$D$14),K61) | T61: =IF(L61<=0.005,99,1+SUMPRODUCT(($L61:$S61>0.005)*(($L2:$S2>L$2)+($L2:$S2=L$2)*($L61:$S61<L61)+($L2:$S2=L$2)*($L61:$S61=L61)*($L1:$S1<L$1)))) | U61: =IF(M61<=0.005,99,1+SUMPRODUCT(($L61:$S61>0.005)*(($L2:$S2>M$2)+($L2:$S2=M$2)*($L61:$S61<M61)+($L2:$S2=M$2)*($L61:$S61=M61)*($L1:$S1<M$1)))) | V61: =IF(N61<=0.005,99,1+SUMPRODUCT(($L61:$S61>0.005)*(($L2:$S2>N$2)+($L2:$S2=N$2)*($L61:$S61<N61)+($L2:$S2=N$2)*($L61:$S61=N61)*($L1:$S1<N$1)))) | W61: =IF(O61<=0.005,99,1+SUMPRODUCT(($L61:$S61>0.005)*(($L2:$S2>O$2)+($L2:$S2=O$2)*($L61:$S61<O61)+($L2:$S2=O$2)*($L61:$S61=O61)*($L1:$S1<O$1)))) | X61: =IF(P61<=0.005,99,1+SUMPRODUCT(($L61:$S61>0.005)*(($L2:$S2>P$2)+($L2:$S2=P$2)*($L61:$S61<P61)+($L2:$S2=P$2)*($L61:$S61=P61)*($L1:$S1<P$1)))) | Y61: =IF(Q61<=0.005,99,1+SUMPRODUCT(($L61:$S61>0.005)*(($L2:$S2>Q$2)+($L2:$S2=Q$2)*($L61:$S61<Q61)+($L2:$S2=Q$2)*($L61:$S61=Q61)*($L1:$S1<Q$1)))) | Z61: =IF(R61<=0.005,99,1+SUMPRODUCT(($L61:$S61>0.005)*(($L2:$S2>R$2)+($L2:$S2=R$2)*($L61:$S61<R61)+($L2:$S2=R$2)*($L61:$S61=R61)*($L1:$S1<R$1)))) | AA61: =IF(S61<=0.005,99,1+SUMPRODUCT(($L61:$S61>0.005)*(($L2:$S2>S$2)+($L2:$S2=S$2)*($L61:$S61<S61)+($L2:$S2=S$2)*($L61:$S61=S61)*($L1:$S1<S$1)))) | AB61: =IF(L61-MIN(L61,MAX(0,$B61-SUMPRODUCT(($T61:$AA61<T61)*$L61:$S61)))<=0.005,0,L61-MIN(L61,MAX(0,$B61-SUMPRODUCT(($T61:$AA61<T61)*$L61:$S61)))) | AC61: =IF(M61-MIN(M61,MAX(0,$B61-SUMPRODUCT(($T61:$AA61<U61)*$L61:$S61)))<=0.005,0,M61-MIN(M61,MAX(0,$B61-SUMPRODUCT(($T61:$AA61<U61)*$L61:$S61)))) | AD61: =IF(N61-MIN(N61,MAX(0,$B61-SUMPRODUCT(($T61:$AA61<V61)*$L61:$S61)))<=0.005,0,N61-MIN(N61,MAX(0,$B61-SUMPRODUCT(($T61:$AA61<V61)*$L61:$S61)))) | AE61: =IF(O61-MIN(O61,MAX(0,$B61-SUMPRODUCT(($T61:$AA61<W61)*$L61:$S61)))<=0.005,0,O61-MIN(O61,MAX(0,$B61-SUMPRODUCT(($T61:$AA61<W61)*$L61:$S61)))) | AF61: =IF(P61-MIN(P61,MAX(0,$B61-SUMPRODUCT(($T61:$AA61<X61)*$L61:$S61)))<=0.005,0,P61-MIN(P61,MAX(0,$B61-SUMPRODUCT(($T61:$AA61<X61)*$L61:$S61)))) | AG61: =IF(Q61-MIN(Q61,MAX(0,$B61-SUMPRODUCT(($T61:$AA61<Y61)*$L61:$S61)))<=0.005,0,Q61-MIN(Q61,MAX(0,$B61-SUMPRODUCT(($T61:$AA61<Y61)*$L61:$S61)))) | AH61: =IF(R61-MIN(R61,MAX(0,$B61-SUMPRODUCT(($T61:$AA61<Z61)*$L61:$S61)))<=0.005,0,R61-MIN(R61,MAX(0,$B61-SUMPRODUCT(($T61:$AA61<Z61)*$L61:$S61)))) | AI61: =IF(S61-MIN(S61,MAX(0,$B61-SUMPRODUCT(($T61:$AA61<AA61)*$L61:$S61)))<=0.005,0,S61-MIN(S61,MAX(0,$B61-SUMPRODUCT(($T61:$AA61<AA61)*$L61:$S61))))
A62: 59 | B62: =Debts!$B$4-(SUM($D62:$K62)-SUM($L62:$S62)) | C62: =SUM($AB62:$AI62) | D62: =IF(N(AB61)>0,N(AB61)*(1+N(Debts!$C$7)/1200),0) | E62: =IF(N(AC61)>0,N(AC61)*(1+N(Debts!$C$8)/1200),0) | F62: =IF(N(AD61)>0,N(AD61)*(1+N(Debts!$C$9)/1200),0) | G62: =IF(N(AE61)>0,N(AE61)*(1+N(Debts!$C$10)/1200),0) | H62: =IF(N(AF61)>0,N(AF61)*(1+N(Debts!$C$11)/1200),0) | I62: =IF(N(AG61)>0,N(AG61)*(1+N(Debts!$C$12)/1200),0) | J62: =IF(N(AH61)>0,N(AH61)*(1+N(Debts!$C$13)/1200),0) | K62: =IF(N(AI61)>0,N(AI61)*(1+N(Debts!$C$14)/1200),0) | L62: =D62-MIN(N(Debts!$D$7),D62) | M62: =E62-MIN(N(Debts!$D$8),E62) | N62: =F62-MIN(N(Debts!$D$9),F62) | O62: =G62-MIN(N(Debts!$D$10),G62) | P62: =H62-MIN(N(Debts!$D$11),H62) | Q62: =I62-MIN(N(Debts!$D$12),I62) | R62: =J62-MIN(N(Debts!$D$13),J62) | S62: =K62-MIN(N(Debts!$D$14),K62) | T62: =IF(L62<=0.005,99,1+SUMPRODUCT(($L62:$S62>0.005)*(($L2:$S2>L$2)+($L2:$S2=L$2)*($L62:$S62<L62)+($L2:$S2=L$2)*($L62:$S62=L62)*($L1:$S1<L$1)))) | U62: =IF(M62<=0.005,99,1+SUMPRODUCT(($L62:$S62>0.005)*(($L2:$S2>M$2)+($L2:$S2=M$2)*($L62:$S62<M62)+($L2:$S2=M$2)*($L62:$S62=M62)*($L1:$S1<M$1)))) | V62: =IF(N62<=0.005,99,1+SUMPRODUCT(($L62:$S62>0.005)*(($L2:$S2>N$2)+($L2:$S2=N$2)*($L62:$S62<N62)+($L2:$S2=N$2)*($L62:$S62=N62)*($L1:$S1<N$1)))) | W62: =IF(O62<=0.005,99,1+SUMPRODUCT(($L62:$S62>0.005)*(($L2:$S2>O$2)+($L2:$S2=O$2)*($L62:$S62<O62)+($L2:$S2=O$2)*($L62:$S62=O62)*($L1:$S1<O$1)))) | X62: =IF(P62<=0.005,99,1+SUMPRODUCT(($L62:$S62>0.005)*(($L2:$S2>P$2)+($L2:$S2=P$2)*($L62:$S62<P62)+($L2:$S2=P$2)*($L62:$S62=P62)*($L1:$S1<P$1)))) | Y62: =IF(Q62<=0.005,99,1+SUMPRODUCT(($L62:$S62>0.005)*(($L2:$S2>Q$2)+($L2:$S2=Q$2)*($L62:$S62<Q62)+($L2:$S2=Q$2)*($L62:$S62=Q62)*($L1:$S1<Q$1)))) | Z62: =IF(R62<=0.005,99,1+SUMPRODUCT(($L62:$S62>0.005)*(($L2:$S2>R$2)+($L2:$S2=R$2)*($L62:$S62<R62)+($L2:$S2=R$2)*($L62:$S62=R62)*($L1:$S1<R$1)))) | AA62: =IF(S62<=0.005,99,1+SUMPRODUCT(($L62:$S62>0.005)*(($L2:$S2>S$2)+($L2:$S2=S$2)*($L62:$S62<S62)+($L2:$S2=S$2)*($L62:$S62=S62)*($L1:$S1<S$1)))) | AB62: =IF(L62-MIN(L62,MAX(0,$B62-SUMPRODUCT(($T62:$AA62<T62)*$L62:$S62)))<=0.005,0,L62-MIN(L62,MAX(0,$B62-SUMPRODUCT(($T62:$AA62<T62)*$L62:$S62)))) | AC62: =IF(M62-MIN(M62,MAX(0,$B62-SUMPRODUCT(($T62:$AA62<U62)*$L62:$S62)))<=0.005,0,M62-MIN(M62,MAX(0,$B62-SUMPRODUCT(($T62:$AA62<U62)*$L62:$S62)))) | AD62: =IF(N62-MIN(N62,MAX(0,$B62-SUMPRODUCT(($T62:$AA62<V62)*$L62:$S62)))<=0.005,0,N62-MIN(N62,MAX(0,$B62-SUMPRODUCT(($T62:$AA62<V62)*$L62:$S62)))) | AE62: =IF(O62-MIN(O62,MAX(0,$B62-SUMPRODUCT(($T62:$AA62<W62)*$L62:$S62)))<=0.005,0,O62-MIN(O62,MAX(0,$B62-SUMPRODUCT(($T62:$AA62<W62)*$L62:$S62)))) | AF62: =IF(P62-MIN(P62,MAX(0,$B62-SUMPRODUCT(($T62:$AA62<X62)*$L62:$S62)))<=0.005,0,P62-MIN(P62,MAX(0,$B62-SUMPRODUCT(($T62:$AA62<X62)*$L62:$S62)))) | AG62: =IF(Q62-MIN(Q62,MAX(0,$B62-SUMPRODUCT(($T62:$AA62<Y62)*$L62:$S62)))<=0.005,0,Q62-MIN(Q62,MAX(0,$B62-SUMPRODUCT(($T62:$AA62<Y62)*$L62:$S62)))) | AH62: =IF(R62-MIN(R62,MAX(0,$B62-SUMPRODUCT(($T62:$AA62<Z62)*$L62:$S62)))<=0.005,0,R62-MIN(R62,MAX(0,$B62-SUMPRODUCT(($T62:$AA62<Z62)*$L62:$S62)))) | AI62: =IF(S62-MIN(S62,MAX(0,$B62-SUMPRODUCT(($T62:$AA62<AA62)*$L62:$S62)))<=0.005,0,S62-MIN(S62,MAX(0,$B62-SUMPRODUCT(($T62:$AA62<AA62)*$L62:$S62))))
A63: 60 | B63: =Debts!$B$4-(SUM($D63:$K63)-SUM($L63:$S63)) | C63: =SUM($AB63:$AI63) | D63: =IF(N(AB62)>0,N(AB62)*(1+N(Debts!$C$7)/1200),0) | E63: =IF(N(AC62)>0,N(AC62)*(1+N(Debts!$C$8)/1200),0) | F63: =IF(N(AD62)>0,N(AD62)*(1+N(Debts!$C$9)/1200),0) | G63: =IF(N(AE62)>0,N(AE62)*(1+N(Debts!$C$10)/1200),0) | H63: =IF(N(AF62)>0,N(AF62)*(1+N(Debts!$C$11)/1200),0) | I63: =IF(N(AG62)>0,N(AG62)*(1+N(Debts!$C$12)/1200),0) | J63: =IF(N(AH62)>0,N(AH62)*(1+N(Debts!$C$13)/1200),0) | K63: =IF(N(AI62)>0,N(AI62)*(1+N(Debts!$C$14)/1200),0) | L63: =D63-MIN(N(Debts!$D$7),D63) | M63: =E63-MIN(N(Debts!$D$8),E63) | N63: =F63-MIN(N(Debts!$D$9),F63) | O63: =G63-MIN(N(Debts!$D$10),G63) | P63: =H63-MIN(N(Debts!$D$11),H63) | Q63: =I63-MIN(N(Debts!$D$12),I63) | R63: =J63-MIN(N(Debts!$D$13),J63) | S63: =K63-MIN(N(Debts!$D$14),K63) | T63: =IF(L63<=0.005,99,1+SUMPRODUCT(($L63:$S63>0.005)*(($L2:$S2>L$2)+($L2:$S2=L$2)*($L63:$S63<L63)+($L2:$S2=L$2)*($L63:$S63=L63)*($L1:$S1<L$1)))) | U63: =IF(M63<=0.005,99,1+SUMPRODUCT(($L63:$S63>0.005)*(($L2:$S2>M$2)+($L2:$S2=M$2)*($L63:$S63<M63)+($L2:$S2=M$2)*($L63:$S63=M63)*($L1:$S1<M$1)))) | V63: =IF(N63<=0.005,99,1+SUMPRODUCT(($L63:$S63>0.005)*(($L2:$S2>N$2)+($L2:$S2=N$2)*($L63:$S63<N63)+($L2:$S2=N$2)*($L63:$S63=N63)*($L1:$S1<N$1)))) | W63: =IF(O63<=0.005,99,1+SUMPRODUCT(($L63:$S63>0.005)*(($L2:$S2>O$2)+($L2:$S2=O$2)*($L63:$S63<O63)+($L2:$S2=O$2)*($L63:$S63=O63)*($L1:$S1<O$1)))) | X63: =IF(P63<=0.005,99,1+SUMPRODUCT(($L63:$S63>0.005)*(($L2:$S2>P$2)+($L2:$S2=P$2)*($L63:$S63<P63)+($L2:$S2=P$2)*($L63:$S63=P63)*($L1:$S1<P$1)))) | Y63: =IF(Q63<=0.005,99,1+SUMPRODUCT(($L63:$S63>0.005)*(($L2:$S2>Q$2)+($L2:$S2=Q$2)*($L63:$S63<Q63)+($L2:$S2=Q$2)*($L63:$S63=Q63)*($L1:$S1<Q$1)))) | Z63: =IF(R63<=0.005,99,1+SUMPRODUCT(($L63:$S63>0.005)*(($L2:$S2>R$2)+($L2:$S2=R$2)*($L63:$S63<R63)+($L2:$S2=R$2)*($L63:$S63=R63)*($L1:$S1<R$1)))) | AA63: =IF(S63<=0.005,99,1+SUMPRODUCT(($L63:$S63>0.005)*(($L2:$S2>S$2)+($L2:$S2=S$2)*($L63:$S63<S63)+($L2:$S2=S$2)*($L63:$S63=S63)*($L1:$S1<S$1)))) | AB63: =IF(L63-MIN(L63,MAX(0,$B63-SUMPRODUCT(($T63:$AA63<T63)*$L63:$S63)))<=0.005,0,L63-MIN(L63,MAX(0,$B63-SUMPRODUCT(($T63:$AA63<T63)*$L63:$S63)))) | AC63: =IF(M63-MIN(M63,MAX(0,$B63-SUMPRODUCT(($T63:$AA63<U63)*$L63:$S63)))<=0.005,0,M63-MIN(M63,MAX(0,$B63-SUMPRODUCT(($T63:$AA63<U63)*$L63:$S63)))) | AD63: =IF(N63-MIN(N63,MAX(0,$B63-SUMPRODUCT(($T63:$AA63<V63)*$L63:$S63)))<=0.005,0,N63-MIN(N63,MAX(0,$B63-SUMPRODUCT(($T63:$AA63<V63)*$L63:$S63)))) | AE63: =IF(O63-MIN(O63,MAX(0,$B63-SUMPRODUCT(($T63:$AA63<W63)*$L63:$S63)))<=0.005,0,O63-MIN(O63,MAX(0,$B63-SUMPRODUCT(($T63:$AA63<W63)*$L63:$S63)))) | AF63: =IF(P63-MIN(P63,MAX(0,$B63-SUMPRODUCT(($T63:$AA63<X63)*$L63:$S63)))<=0.005,0,P63-MIN(P63,MAX(0,$B63-SUMPRODUCT(($T63:$AA63<X63)*$L63:$S63)))) | AG63: =IF(Q63-MIN(Q63,MAX(0,$B63-SUMPRODUCT(($T63:$AA63<Y63)*$L63:$S63)))<=0.005,0,Q63-MIN(Q63,MAX(0,$B63-SUMPRODUCT(($T63:$AA63<Y63)*$L63:$S63)))) | AH63: =IF(R63-MIN(R63,MAX(0,$B63-SUMPRODUCT(($T63:$AA63<Z63)*$L63:$S63)))<=0.005,0,R63-MIN(R63,MAX(0,$B63-SUMPRODUCT(($T63:$AA63<Z63)*$L63:$S63)))) | AI63: =IF(S63-MIN(S63,MAX(0,$B63-SUMPRODUCT(($T63:$AA63<AA63)*$L63:$S63)))<=0.005,0,S63-MIN(S63,MAX(0,$B63-SUMPRODUCT(($T63:$AA63<AA63)*$L63:$S63))))
A64: 61 | B64: =Debts!$B$4-(SUM($D64:$K64)-SUM($L64:$S64)) | C64: =SUM($AB64:$AI64) | D64: =IF(N(AB63)>0,N(AB63)*(1+N(Debts!$C$7)/1200),0) | E64: =IF(N(AC63)>0,N(AC63)*(1+N(Debts!$C$8)/1200),0) | F64: =IF(N(AD63)>0,N(AD63)*(1+N(Debts!$C$9)/1200),0) | G64: =IF(N(AE63)>0,N(AE63)*(1+N(Debts!$C$10)/1200),0) | H64: =IF(N(AF63)>0,N(AF63)*(1+N(Debts!$C$11)/1200),0) | I64: =IF(N(AG63)>0,N(AG63)*(1+N(Debts!$C$12)/1200),0) | J64: =IF(N(AH63)>0,N(AH63)*(1+N(Debts!$C$13)/1200),0) | K64: =IF(N(AI63)>0,N(AI63)*(1+N(Debts!$C$14)/1200),0) | L64: =D64-MIN(N(Debts!$D$7),D64) | M64: =E64-MIN(N(Debts!$D$8),E64) | N64: =F64-MIN(N(Debts!$D$9),F64) | O64: =G64-MIN(N(Debts!$D$10),G64) | P64: =H64-MIN(N(Debts!$D$11),H64) | Q64: =I64-MIN(N(Debts!$D$12),I64) | R64: =J64-MIN(N(Debts!$D$13),J64) | S64: =K64-MIN(N(Debts!$D$14),K64) | T64: =IF(L64<=0.005,99,1+SUMPRODUCT(($L64:$S64>0.005)*(($L2:$S2>L$2)+($L2:$S2=L$2)*($L64:$S64<L64)+($L2:$S2=L$2)*($L64:$S64=L64)*($L1:$S1<L$1)))) | U64: =IF(M64<=0.005,99,1+SUMPRODUCT(($L64:$S64>0.005)*(($L2:$S2>M$2)+($L2:$S2=M$2)*($L64:$S64<M64)+($L2:$S2=M$2)*($L64:$S64=M64)*($L1:$S1<M$1)))) | V64: =IF(N64<=0.005,99,1+SUMPRODUCT(($L64:$S64>0.005)*(($L2:$S2>N$2)+($L2:$S2=N$2)*($L64:$S64<N64)+($L2:$S2=N$2)*($L64:$S64=N64)*($L1:$S1<N$1)))) | W64: =IF(O64<=0.005,99,1+SUMPRODUCT(($L64:$S64>0.005)*(($L2:$S2>O$2)+($L2:$S2=O$2)*($L64:$S64<O64)+($L2:$S2=O$2)*($L64:$S64=O64)*($L1:$S1<O$1)))) | X64: =IF(P64<=0.005,99,1+SUMPRODUCT(($L64:$S64>0.005)*(($L2:$S2>P$2)+($L2:$S2=P$2)*($L64:$S64<P64)+($L2:$S2=P$2)*($L64:$S64=P64)*($L1:$S1<P$1)))) | Y64: =IF(Q64<=0.005,99,1+SUMPRODUCT(($L64:$S64>0.005)*(($L2:$S2>Q$2)+($L2:$S2=Q$2)*($L64:$S64<Q64)+($L2:$S2=Q$2)*($L64:$S64=Q64)*($L1:$S1<Q$1)))) | Z64: =IF(R64<=0.005,99,1+SUMPRODUCT(($L64:$S64>0.005)*(($L2:$S2>R$2)+($L2:$S2=R$2)*($L64:$S64<R64)+($L2:$S2=R$2)*($L64:$S64=R64)*($L1:$S1<R$1)))) | AA64: =IF(S64<=0.005,99,1+SUMPRODUCT(($L64:$S64>0.005)*(($L2:$S2>S$2)+($L2:$S2=S$2)*($L64:$S64<S64)+($L2:$S2=S$2)*($L64:$S64=S64)*($L1:$S1<S$1)))) | AB64: =IF(L64-MIN(L64,MAX(0,$B64-SUMPRODUCT(($T64:$AA64<T64)*$L64:$S64)))<=0.005,0,L64-MIN(L64,MAX(0,$B64-SUMPRODUCT(($T64:$AA64<T64)*$L64:$S64)))) | AC64: =IF(M64-MIN(M64,MAX(0,$B64-SUMPRODUCT(($T64:$AA64<U64)*$L64:$S64)))<=0.005,0,M64-MIN(M64,MAX(0,$B64-SUMPRODUCT(($T64:$AA64<U64)*$L64:$S64)))) | AD64: =IF(N64-MIN(N64,MAX(0,$B64-SUMPRODUCT(($T64:$AA64<V64)*$L64:$S64)))<=0.005,0,N64-MIN(N64,MAX(0,$B64-SUMPRODUCT(($T64:$AA64<V64)*$L64:$S64)))) | AE64: =IF(O64-MIN(O64,MAX(0,$B64-SUMPRODUCT(($T64:$AA64<W64)*$L64:$S64)))<=0.005,0,O64-MIN(O64,MAX(0,$B64-SUMPRODUCT(($T64:$AA64<W64)*$L64:$S64)))) | AF64: =IF(P64-MIN(P64,MAX(0,$B64-SUMPRODUCT(($T64:$AA64<X64)*$L64:$S64)))<=0.005,0,P64-MIN(P64,MAX(0,$B64-SUMPRODUCT(($T64:$AA64<X64)*$L64:$S64)))) | AG64: =IF(Q64-MIN(Q64,MAX(0,$B64-SUMPRODUCT(($T64:$AA64<Y64)*$L64:$S64)))<=0.005,0,Q64-MIN(Q64,MAX(0,$B64-SUMPRODUCT(($T64:$AA64<Y64)*$L64:$S64)))) | AH64: =IF(R64-MIN(R64,MAX(0,$B64-SUMPRODUCT(($T64:$AA64<Z64)*$L64:$S64)))<=0.005,0,R64-MIN(R64,MAX(0,$B64-SUMPRODUCT(($T64:$AA64<Z64)*$L64:$S64)))) | AI64: =IF(S64-MIN(S64,MAX(0,$B64-SUMPRODUCT(($T64:$AA64<AA64)*$L64:$S64)))<=0.005,0,S64-MIN(S64,MAX(0,$B64-SUMPRODUCT(($T64:$AA64<AA64)*$L64:$S64))))
